Workbook

Sheet Resumo
A2: Formulário de candidatura FEM
A3: Proposta melhorada do modelo DGAL. Começar por Entidade e seguir as instruções de preenchimento.
A4: Amarelo: requerente. Cinzento: cálculo. Lilás: CCDR. Não alterar os identificadores.
A6: ID intervenção | B6: Designação | C6: Custo bruto apresentado | D6: Custo proposto para apoio | E6: Coberturas sobre custo proposto | F6: Base líquida estimada | G6: FEM máximo estimado | H6: Situação do cálculo | I6: Conclusão da CCDR | J6: Apoio proposto pela CCDR
A7: =IF(NOT(Intervencoes!B7<>""),"",IF(Intervencoes!A7="","",Intervencoes!A7)) | B7: =IF(NOT(Intervencoes!B7<>""),"",IF(Intervencoes!B7="","",Intervencoes!B7)) | C7: =IF(NOT(Intervencoes!B7<>""),"",IF(INDEX(Financiamento!$H$7:$H$106,MATCH(A7,Financiamento!$A$7:$A$106,0))="","",INDEX(Financiamento!$H$7:$H$106,MATCH(A7,Financiamento!$A$7:$A$106,0)))) | D7: =IF(NOT(Intervencoes!B7<>""),"",IF(INDEX(Financiamento!$J$7:$J$106,MATCH(A7,Financiamento!$A$7:$A$106,0))="","",INDEX(Financiamento!$J$7:$J$106,MATCH(A7,Financiamento!$A$7:$A$106,0)))) | E7: =IF(NOT(Intervencoes!B7<>""),"",IF(INDEX(Financiamento!$L$7:$L$106,MATCH(A7,Financiamento!$A$7:$A$106,0))="","",INDEX(Financiamento!$L$7:$L$106,MATCH(A7,Financiamento!$A$7:$A$106,0)))) | F7: =IF(NOT(Intervencoes!B7<>""),"",IF(INDEX(Financiamento!$M$7:$M$106,MATCH(A7,Financiamento!$A$7:$A$106,0))="","",INDEX(Financiamento!$M$7:$M$106,MATCH(A7,Financiamento!$A$7:$A$106,0)))) | G7: =IF(NOT(Intervencoes!B7<>""),"",IF(INDEX(Financiamento!$N$7:$N$106,MATCH(A7,Financiamento!$A$7:$A$106,0))="","",INDEX(Financiamento!$N$7:$N$106,MATCH(A7,Financiamento!$A$7:$A$106,0)))) | H7: =IF(NOT(Intervencoes!B7<>""),"",IF(INDEX(Financiamento!$Q$7:$Q$106,MATCH(A7,Financiamento!$A$7:$A$106,0))="","",INDEX(Financiamento!$Q$7:$Q$106,MATCH(A7,Financiamento!$A$7:$A$106,0)))) | I7: =IF(NOT(Intervencoes!B7<>""),"",IF(INDEX(Analise!$K$7:$K$106,MATCH(A7,Analise!$A$7:$A$106,0))="","",INDEX(Analise!$K$7:$K$106,MATCH(A7,Analise!$A$7:$A$106,0)))) | J7: =IF(NOT(Intervencoes!B7<>""),"",IF(INDEX(Analise!$S$7:$S$106,MATCH(A7,Analise!$A$7:$A$106,0))="","",INDEX(Analise!$S$7:$S$106,MATCH(A7,Analise!$A$7:$A$106,0))))
A8: =IF(NOT(Intervencoes!B8<>""),"",IF(Intervencoes!A8="","",Intervencoes!A8)) | B8: =IF(NOT(Intervencoes!B8<>""),"",IF(Intervencoes!B8="","",Intervencoes!B8)) | C8: =IF(NOT(Intervencoes!B8<>""),"",IF(INDEX(Financiamento!$H$7:$H$106,MATCH(A8,Financiamento!$A$7:$A$106,0))="","",INDEX(Financiamento!$H$7:$H$106,MATCH(A8,Financiamento!$A$7:$A$106,0)))) | D8: =IF(NOT(Intervencoes!B8<>""),"",IF(INDEX(Financiamento!$J$7:$J$106,MATCH(A8,Financiamento!$A$7:$A$106,0))="","",INDEX(Financiamento!$J$7:$J$106,MATCH(A8,Financiamento!$A$7:$A$106,0)))) | E8: =IF(NOT(Intervencoes!B8<>""),"",IF(INDEX(Financiamento!$L$7:$L$106,MATCH(A8,Financiamento!$A$7:$A$106,0))="","",INDEX(Financiamento!$L$7:$L$106,MATCH(A8,Financiamento!$A$7:$A$106,0)))) | F8: =IF(NOT(Intervencoes!B8<>""),"",IF(INDEX(Financiamento!$M$7:$M$106,MATCH(A8,Financiamento!$A$7:$A$106,0))="","",INDEX(Financiamento!$M$7:$M$106,MATCH(A8,Financiamento!$A$7:$A$106,0)))) | G8: =IF(NOT(Intervencoes!B8<>""),"",IF(INDEX(Financiamento!$N$7:$N$106,MATCH(A8,Financiamento!$A$7:$A$106,0))="","",INDEX(Financiamento!$N$7:$N$106,MATCH(A8,Financiamento!$A$7:$A$106,0)))) | H8: =IF(NOT(Intervencoes!B8<>""),"",IF(INDEX(Financiamento!$Q$7:$Q$106,MATCH(A8,Financiamento!$A$7:$A$106,0))="","",INDEX(Financiamento!$Q$7:$Q$106,MATCH(A8,Financiamento!$A$7:$A$106,0)))) | I8: =IF(NOT(Intervencoes!B8<>""),"",IF(INDEX(Analise!$K$7:$K$106,MATCH(A8,Analise!$A$7:$A$106,0))="","",INDEX(Analise!$K$7:$K$106,MATCH(A8,Analise!$A$7:$A$106,0)))) | J8: =IF(NOT(Intervencoes!B8<>""),"",IF(INDEX(Analise!$S$7:$S$106,MATCH(A8,Analise!$A$7:$A$106,0))="","",INDEX(Analise!$S$7:$S$106,MATCH(A8,Analise!$A$7:$A$106,0))))
A9: =IF(NOT(Intervencoes!B9<>""),"",IF(Intervencoes!A9="","",Intervencoes!A9)) | B9: =IF(NOT(Intervencoes!B9<>""),"",IF(Intervencoes!B9="","",Intervencoes!B9)) | C9: =IF(NOT(Intervencoes!B9<>""),"",IF(INDEX(Financiamento!$H$7:$H$106,MATCH(A9,Financiamento!$A$7:$A$106,0))="","",INDEX(Financiamento!$H$7:$H$106,MATCH(A9,Financiamento!$A$7:$A$106,0)))) | D9: =IF(NOT(Intervencoes!B9<>""),"",IF(INDEX(Financiamento!$J$7:$J$106,MATCH(A9,Financiamento!$A$7:$A$106,0))="","",INDEX(Financiamento!$J$7:$J$106,MATCH(A9,Financiamento!$A$7:$A$106,0)))) | E9: =IF(NOT(Intervencoes!B9<>""),"",IF(INDEX(Financiamento!$L$7:$L$106,MATCH(A9,Financiamento!$A$7:$A$106,0))="","",INDEX(Financiamento!$L$7:$L$106,MATCH(A9,Financiamento!$A$7:$A$106,0)))) | F9: =IF(NOT(Intervencoes!B9<>""),"",IF(INDEX(Financiamento!$M$7:$M$106,MATCH(A9,Financiamento!$A$7:$A$106,0))="","",INDEX(Financiamento!$M$7:$M$106,MATCH(A9,Financiamento!$A$7:$A$106,0)))) | G9: =IF(NOT(Intervencoes!B9<>""),"",IF(INDEX(Financiamento!$N$7:$N$106,MATCH(A9,Financiamento!$A$7:$A$106,0))="","",INDEX(Financiamento!$N$7:$N$106,MATCH(A9,Financiamento!$A$7:$A$106,0)))) | H9: =IF(NOT(Intervencoes!B9<>""),"",IF(INDEX(Financiamento!$Q$7:$Q$106,MATCH(A9,Financiamento!$A$7:$A$106,0))="","",INDEX(Financiamento!$Q$7:$Q$106,MATCH(A9,Financiamento!$A$7:$A$106,0)))) | I9: =IF(NOT(Intervencoes!B9<>""),"",IF(INDEX(Analise!$K$7:$K$106,MATCH(A9,Analise!$A$7:$A$106,0))="","",INDEX(Analise!$K$7:$K$106,MATCH(A9,Analise!$A$7:$A$106,0)))) | J9: =IF(NOT(Intervencoes!B9<>""),"",IF(INDEX(Analise!$S$7:$S$106,MATCH(A9,Analise!$A$7:$A$106,0))="","",INDEX(Analise!$S$7:$S$106,MATCH(A9,Analise!$A$7:$A$106,0))))
A10: =IF(NOT(Intervencoes!B10<>""),"",IF(Intervencoes!A10="","",Intervencoes!A10)) | B10: =IF(NOT(Intervencoes!B10<>""),"",IF(Intervencoes!B10="","",Intervencoes!B10)) | C10: =IF(NOT(Intervencoes!B10<>""),"",IF(INDEX(Financiamento!$H$7:$H$106,MATCH(A10,Financiamento!$A$7:$A$106,0))="","",INDEX(Financiamento!$H$7:$H$106,MATCH(A10,Financiamento!$A$7:$A$106,0)))) | D10: =IF(NOT(Intervencoes!B10<>""),"",IF(INDEX(Financiamento!$J$7:$J$106,MATCH(A10,Financiamento!$A$7:$A$106,0))="","",INDEX(Financiamento!$J$7:$J$106,MATCH(A10,Financiamento!$A$7:$A$106,0)))) | E10: =IF(NOT(Intervencoes!B10<>""),"",IF(INDEX(Financiamento!$L$7:$L$106,MATCH(A10,Financiamento!$A$7:$A$106,0))="","",INDEX(Financiamento!$L$7:$L$106,MATCH(A10,Financiamento!$A$7:$A$106,0)))) | F10: =IF(NOT(Intervencoes!B10<>""),"",IF(INDEX(Financiamento!$M$7:$M$106,MATCH(A10,Financiamento!$A$7:$A$106,0))="","",INDEX(Financiamento!$M$7:$M$106,MATCH(A10,Financiamento!$A$7:$A$106,0)))) | G10: =IF(NOT(Intervencoes!B10<>""),"",IF(INDEX(Financiamento!$N$7:$N$106,MATCH(A10,Financiamento!$A$7:$A$106,0))="","",INDEX(Financiamento!$N$7:$N$106,MATCH(A10,Financiamento!$A$7:$A$106,0)))) | H10: =IF(NOT(Intervencoes!B10<>""),"",IF(INDEX(Financiamento!$Q$7:$Q$106,MATCH(A10,Financiamento!$A$7:$A$106,0))="","",INDEX(Financiamento!$Q$7:$Q$106,MATCH(A10,Financiamento!$A$7:$A$106,0)))) | I10: =IF(NOT(Intervencoes!B10<>""),"",IF(INDEX(Analise!$K$7:$K$106,MATCH(A10,Analise!$A$7:$A$106,0))="","",INDEX(Analise!$K$7:$K$106,MATCH(A10,Analise!$A$7:$A$106,0)))) | J10: =IF(NOT(Intervencoes!B10<>""),"",IF(INDEX(Analise!$S$7:$S$106,MATCH(A10,Analise!$A$7:$A$106,0))="","",INDEX(Analise!$S$7:$S$106,MATCH(A10,Analise!$A$7:$A$106,0))))
A11: =IF(NOT(Intervencoes!B11<>""),"",IF(Intervencoes!A11="","",Intervencoes!A11)) | B11: =IF(NOT(Intervencoes!B11<>""),"",IF(Intervencoes!B11="","",Intervencoes!B11)) | C11: =IF(NOT(Intervencoes!B11<>""),"",IF(INDEX(Financiamento!$H$7:$H$106,MATCH(A11,Financiamento!$A$7:$A$106,0))="","",INDEX(Financiamento!$H$7:$H$106,MATCH(A11,Financiamento!$A$7:$A$106,0)))) | D11: =IF(NOT(Intervencoes!B11<>""),"",IF(INDEX(Financiamento!$J$7:$J$106,MATCH(A11,Financiamento!$A$7:$A$106,0))="","",INDEX(Financiamento!$J$7:$J$106,MATCH(A11,Financiamento!$A$7:$A$106,0)))) | E11: =IF(NOT(Intervencoes!B11<>""),"",IF(INDEX(Financiamento!$L$7:$L$106,MATCH(A11,Financiamento!$A$7:$A$106,0))="","",INDEX(Financiamento!$L$7:$L$106,MATCH(A11,Financiamento!$A$7:$A$106,0)))) | F11: =IF(NOT(Intervencoes!B11<>""),"",IF(INDEX(Financiamento!$M$7:$M$106,MATCH(A11,Financiamento!$A$7:$A$106,0))="","",INDEX(Financiamento!$M$7:$M$106,MATCH(A11,Financiamento!$A$7:$A$106,0)))) | G11: =IF(NOT(Intervencoes!B11<>""),"",IF(INDEX(Financiamento!$N$7:$N$106,MATCH(A11,Financiamento!$A$7:$A$106,0))="","",INDEX(Financiamento!$N$7:$N$106,MATCH(A11,Financiamento!$A$7:$A$106,0)))) | H11: =IF(NOT(Intervencoes!B11<>""),"",IF(INDEX(Financiamento!$Q$7:$Q$106,MATCH(A11,Financiamento!$A$7:$A$106,0))="","",INDEX(Financiamento!$Q$7:$Q$106,MATCH(A11,Financiamento!$A$7:$A$106,0)))) | I11: =IF(NOT(Intervencoes!B11<>""),"",IF(INDEX(Analise!$K$7:$K$106,MATCH(A11,Analise!$A$7:$A$106,0))="","",INDEX(Analise!$K$7:$K$106,MATCH(A11,Analise!$A$7:$A$106,0)))) | J11: =IF(NOT(Intervencoes!B11<>""),"",IF(INDEX(Analise!$S$7:$S$106,MATCH(A11,Analise!$A$7:$A$106,0))="","",INDEX(Analise!$S$7:$S$106,MATCH(A11,Analise!$A$7:$A$106,0))))
A12: =IF(NOT(Intervencoes!B12<>""),"",IF(Intervencoes!A12="","",Intervencoes!A12)) | B12: =IF(NOT(Intervencoes!B12<>""),"",IF(Intervencoes!B12="","",Intervencoes!B12)) | C12: =IF(NOT(Intervencoes!B12<>""),"",IF(INDEX(Financiamento!$H$7:$H$106,MATCH(A12,Financiamento!$A$7:$A$106,0))="","",INDEX(Financiamento!$H$7:$H$106,MATCH(A12,Financiamento!$A$7:$A$106,0)))) | D12: =IF(NOT(Intervencoes!B12<>""),"",IF(INDEX(Financiamento!$J$7:$J$106,MATCH(A12,Financiamento!$A$7:$A$106,0))="","",INDEX(Financiamento!$J$7:$J$106,MATCH(A12,Financiamento!$A$7:$A$106,0)))) | E12: =IF(NOT(Intervencoes!B12<>""),"",IF(INDEX(Financiamento!$L$7:$L$106,MATCH(A12,Financiamento!$A$7:$A$106,0))="","",INDEX(Financiamento!$L$7:$L$106,MATCH(A12,Financiamento!$A$7:$A$106,0)))) | F12: =IF(NOT(Intervencoes!B12<>""),"",IF(INDEX(Financiamento!$M$7:$M$106,MATCH(A12,Financiamento!$A$7:$A$106,0))="","",INDEX(Financiamento!$M$7:$M$106,MATCH(A12,Financiamento!$A$7:$A$106,0)))) | G12: =IF(NOT(Intervencoes!B12<>""),"",IF(INDEX(Financiamento!$N$7:$N$106,MATCH(A12,Financiamento!$A$7:$A$106,0))="","",INDEX(Financiamento!$N$7:$N$106,MATCH(A12,Financiamento!$A$7:$A$106,0)))) | H12: =IF(NOT(Intervencoes!B12<>""),"",IF(INDEX(Financiamento!$Q$7:$Q$106,MATCH(A12,Financiamento!$A$7:$A$106,0))="","",INDEX(Financiamento!$Q$7:$Q$106,MATCH(A12,Financiamento!$A$7:$A$106,0)))) | I12: =IF(NOT(Intervencoes!B12<>""),"",IF(INDEX(Analise!$K$7:$K$106,MATCH(A12,Analise!$A$7:$A$106,0))="","",INDEX(Analise!$K$7:$K$106,MATCH(A12,Analise!$A$7:$A$106,0)))) | J12: =IF(NOT(Intervencoes!B12<>""),"",IF(INDEX(Analise!$S$7:$S$106,MATCH(A12,Analise!$A$7:$A$106,0))="","",INDEX(Analise!$S$7:$S$106,MATCH(A12,Analise!$A$7:$A$106,0))))
A13: =IF(NOT(Intervencoes!B13<>""),"",IF(Intervencoes!A13="","",Intervencoes!A13)) | B13: =IF(NOT(Intervencoes!B13<>""),"",IF(Intervencoes!B13="","",Intervencoes!B13)) | C13: =IF(NOT(Intervencoes!B13<>""),"",IF(INDEX(Financiamento!$H$7:$H$106,MATCH(A13,Financiamento!$A$7:$A$106,0))="","",INDEX(Financiamento!$H$7:$H$106,MATCH(A13,Financiamento!$A$7:$A$106,0)))) | D13: =IF(NOT(Intervencoes!B13<>""),"",IF(INDEX(Financiamento!$J$7:$J$106,MATCH(A13,Financiamento!$A$7:$A$106,0))="","",INDEX(Financiamento!$J$7:$J$106,MATCH(A13,Financiamento!$A$7:$A$106,0)))) | E13: =IF(NOT(Intervencoes!B13<>""),"",IF(INDEX(Financiamento!$L$7:$L$106,MATCH(A13,Financiamento!$A$7:$A$106,0))="","",INDEX(Financiamento!$L$7:$L$106,MATCH(A13,Financiamento!$A$7:$A$106,0)))) | F13: =IF(NOT(Intervencoes!B13<>""),"",IF(INDEX(Financiamento!$M$7:$M$106,MATCH(A13,Financiamento!$A$7:$A$106,0))="","",INDEX(Financiamento!$M$7:$M$106,MATCH(A13,Financiamento!$A$7:$A$106,0)))) | G13: =IF(NOT(Intervencoes!B13<>""),"",IF(INDEX(Financiamento!$N$7:$N$106,MATCH(A13,Financiamento!$A$7:$A$106,0))="","",INDEX(Financiamento!$N$7:$N$106,MATCH(A13,Financiamento!$A$7:$A$106,0)))) | H13: =IF(NOT(Intervencoes!B13<>""),"",IF(INDEX(Financiamento!$Q$7:$Q$106,MATCH(A13,Financiamento!$A$7:$A$106,0))="","",INDEX(Financiamento!$Q$7:$Q$106,MATCH(A13,Financiamento!$A$7:$A$106,0)))) | I13: =IF(NOT(Intervencoes!B13<>""),"",IF(INDEX(Analise!$K$7:$K$106,MATCH(A13,Analise!$A$7:$A$106,0))="","",INDEX(Analise!$K$7:$K$106,MATCH(A13,Analise!$A$7:$A$106,0)))) | J13: =IF(NOT(Intervencoes!B13<>""),"",IF(INDEX(Analise!$S$7:$S$106,MATCH(A13,Analise!$A$7:$A$106,0))="","",INDEX(Analise!$S$7:$S$106,MATCH(A13,Analise!$A$7:$A$106,0))))
A14: =IF(NOT(Intervencoes!B14<>""),"",IF(Intervencoes!A14="","",Intervencoes!A14)) | B14: =IF(NOT(Intervencoes!B14<>""),"",IF(Intervencoes!B14="","",Intervencoes!B14)) | C14: =IF(NOT(Intervencoes!B14<>""),"",IF(INDEX(Financiamento!$H$7:$H$106,MATCH(A14,Financiamento!$A$7:$A$106,0))="","",INDEX(Financiamento!$H$7:$H$106,MATCH(A14,Financiamento!$A$7:$A$106,0)))) | D14: =IF(NOT(Intervencoes!B14<>""),"",IF(INDEX(Financiamento!$J$7:$J$106,MATCH(A14,Financiamento!$A$7:$A$106,0))="","",INDEX(Financiamento!$J$7:$J$106,MATCH(A14,Financiamento!$A$7:$A$106,0)))) | E14: =IF(NOT(Intervencoes!B14<>""),"",IF(INDEX(Financiamento!$L$7:$L$106,MATCH(A14,Financiamento!$A$7:$A$106,0))="","",INDEX(Financiamento!$L$7:$L$106,MATCH(A14,Financiamento!$A$7:$A$106,0)))) | F14: =IF(NOT(Intervencoes!B14<>""),"",IF(INDEX(Financiamento!$M$7:$M$106,MATCH(A14,Financiamento!$A$7:$A$106,0))="","",INDEX(Financiamento!$M$7:$M$106,MATCH(A14,Financiamento!$A$7:$A$106,0)))) | G14: =IF(NOT(Intervencoes!B14<>""),"",IF(INDEX(Financiamento!$N$7:$N$106,MATCH(A14,Financiamento!$A$7:$A$106,0))="","",INDEX(Financiamento!$N$7:$N$106,MATCH(A14,Financiamento!$A$7:$A$106,0)))) | H14: =IF(NOT(Intervencoes!B14<>""),"",IF(INDEX(Financiamento!$Q$7:$Q$106,MATCH(A14,Financiamento!$A$7:$A$106,0))="","",INDEX(Financiamento!$Q$7:$Q$106,MATCH(A14,Financiamento!$A$7:$A$106,0)))) | I14: =IF(NOT(Intervencoes!B14<>""),"",IF(INDEX(Analise!$K$7:$K$106,MATCH(A14,Analise!$A$7:$A$106,0))="","",INDEX(Analise!$K$7:$K$106,MATCH(A14,Analise!$A$7:$A$106,0)))) | J14: =IF(NOT(Intervencoes!B14<>""),"",IF(INDEX(Analise!$S$7:$S$106,MATCH(A14,Analise!$A$7:$A$106,0))="","",INDEX(Analise!$S$7:$S$106,MATCH(A14,Analise!$A$7:$A$106,0))))
A15: =IF(NOT(Intervencoes!B15<>""),"",IF(Intervencoes!A15="","",Intervencoes!A15)) | B15: =IF(NOT(Intervencoes!B15<>""),"",IF(Intervencoes!B15="","",Intervencoes!B15)) | C15: =IF(NOT(Intervencoes!B15<>""),"",IF(INDEX(Financiamento!$H$7:$H$106,MATCH(A15,Financiamento!$A$7:$A$106,0))="","",INDEX(Financiamento!$H$7:$H$106,MATCH(A15,Financiamento!$A$7:$A$106,0)))) | D15: =IF(NOT(Intervencoes!B15<>""),"",IF(INDEX(Financiamento!$J$7:$J$106,MATCH(A15,Financiamento!$A$7:$A$106,0))="","",INDEX(Financiamento!$J$7:$J$106,MATCH(A15,Financiamento!$A$7:$A$106,0)))) | E15: =IF(NOT(Intervencoes!B15<>""),"",IF(INDEX(Financiamento!$L$7:$L$106,MATCH(A15,Financiamento!$A$7:$A$106,0))="","",INDEX(Financiamento!$L$7:$L$106,MATCH(A15,Financiamento!$A$7:$A$106,0)))) | F15: =IF(NOT(Intervencoes!B15<>""),"",IF(INDEX(Financiamento!$M$7:$M$106,MATCH(A15,Financiamento!$A$7:$A$106,0))="","",INDEX(Financiamento!$M$7:$M$106,MATCH(A15,Financiamento!$A$7:$A$106,0)))) | G15: =IF(NOT(Intervencoes!B15<>""),"",IF(INDEX(Financiamento!$N$7:$N$106,MATCH(A15,Financiamento!$A$7:$A$106,0))="","",INDEX(Financiamento!$N$7:$N$106,MATCH(A15,Financiamento!$A$7:$A$106,0)))) | H15: =IF(NOT(Intervencoes!B15<>""),"",IF(INDEX(Financiamento!$Q$7:$Q$106,MATCH(A15,Financiamento!$A$7:$A$106,0))="","",INDEX(Financiamento!$Q$7:$Q$106,MATCH(A15,Financiamento!$A$7:$A$106,0)))) | I15: =IF(NOT(Intervencoes!B15<>""),"",IF(INDEX(Analise!$K$7:$K$106,MATCH(A15,Analise!$A$7:$A$106,0))="","",INDEX(Analise!$K$7:$K$106,MATCH(A15,Analise!$A$7:$A$106,0)))) | J15: =IF(NOT(Intervencoes!B15<>""),"",IF(INDEX(Analise!$S$7:$S$106,MATCH(A15,Analise!$A$7:$A$106,0))="","",INDEX(Analise!$S$7:$S$106,MATCH(A15,Analise!$A$7:$A$106,0))))
A16: =IF(NOT(Intervencoes!B16<>""),"",IF(Intervencoes!A16="","",Intervencoes!A16)) | B16: =IF(NOT(Intervencoes!B16<>""),"",IF(Intervencoes!B16="","",Intervencoes!B16)) | C16: =IF(NOT(Intervencoes!B16<>""),"",IF(INDEX(Financiamento!$H$7:$H$106,MATCH(A16,Financiamento!$A$7:$A$106,0))="","",INDEX(Financiamento!$H$7:$H$106,MATCH(A16,Financiamento!$A$7:$A$106,0)))) | D16: =IF(NOT(Intervencoes!B16<>""),"",IF(INDEX(Financiamento!$J$7:$J$106,MATCH(A16,Financiamento!$A$7:$A$106,0))="","",INDEX(Financiamento!$J$7:$J$106,MATCH(A16,Financiamento!$A$7:$A$106,0)))) | E16: =IF(NOT(Intervencoes!B16<>""),"",IF(INDEX(Financiamento!$L$7:$L$106,MATCH(A16,Financiamento!$A$7:$A$106,0))="","",INDEX(Financiamento!$L$7:$L$106,MATCH(A16,Financiamento!$A$7:$A$106,0)))) | F16: =IF(NOT(Intervencoes!B16<>""),"",IF(INDEX(Financiamento!$M$7:$M$106,MATCH(A16,Financiamento!$A$7:$A$106,0))="","",INDEX(Financiamento!$M$7:$M$106,MATCH(A16,Financiamento!$A$7:$A$106,0)))) | G16: =IF(NOT(Intervencoes!B16<>""),"",IF(INDEX(Financiamento!$N$7:$N$106,MATCH(A16,Financiamento!$A$7:$A$106,0))="","",INDEX(Financiamento!$N$7:$N$106,MATCH(A16,Financiamento!$A$7:$A$106,0)))) | H16: =IF(NOT(Intervencoes!B16<>""),"",IF(INDEX(Financiamento!$Q$7:$Q$106,MATCH(A16,Financiamento!$A$7:$A$106,0))="","",INDEX(Financiamento!$Q$7:$Q$106,MATCH(A16,Financiamento!$A$7:$A$106,0)))) | I16: =IF(NOT(Intervencoes!B16<>""),"",IF(INDEX(Analise!$K$7:$K$106,MATCH(A16,Analise!$A$7:$A$106,0))="","",INDEX(Analise!$K$7:$K$106,MATCH(A16,Analise!$A$7:$A$106,0)))) | J16: =IF(NOT(Intervencoes!B16<>""),"",IF(INDEX(Analise!$S$7:$S$106,MATCH(A16,Analise!$A$7:$A$106,0))="","",INDEX(Analise!$S$7:$S$106,MATCH(A16,Analise!$A$7:$A$106,0))))
A17: =IF(NOT(Intervencoes!B17<>""),"",IF(Intervencoes!A17="","",Intervencoes!A17)) | B17: =IF(NOT(Intervencoes!B17<>""),"",IF(Intervencoes!B17="","",Intervencoes!B17)) | C17: =IF(NOT(Intervencoes!B17<>""),"",IF(INDEX(Financiamento!$H$7:$H$106,MATCH(A17,Financiamento!$A$7:$A$106,0))="","",INDEX(Financiamento!$H$7:$H$106,MATCH(A17,Financiamento!$A$7:$A$106,0)))) | D17: =IF(NOT(Intervencoes!B17<>""),"",IF(INDEX(Financiamento!$J$7:$J$106,MATCH(A17,Financiamento!$A$7:$A$106,0))="","",INDEX(Financiamento!$J$7:$J$106,MATCH(A17,Financiamento!$A$7:$A$106,0)))) | E17: =IF(NOT(Intervencoes!B17<>""),"",IF(INDEX(Financiamento!$L$7:$L$106,MATCH(A17,Financiamento!$A$7:$A$106,0))="","",INDEX(Financiamento!$L$7:$L$106,MATCH(A17,Financiamento!$A$7:$A$106,0)))) | F17: =IF(NOT(Intervencoes!B17<>""),"",IF(INDEX(Financiamento!$M$7:$M$106,MATCH(A17,Financiamento!$A$7:$A$106,0))="","",INDEX(Financiamento!$M$7:$M$106,MATCH(A17,Financiamento!$A$7:$A$106,0)))) | G17: =IF(NOT(Intervencoes!B17<>""),"",IF(INDEX(Financiamento!$N$7:$N$106,MATCH(A17,Financiamento!$A$7:$A$106,0))="","",INDEX(Financiamento!$N$7:$N$106,MATCH(A17,Financiamento!$A$7:$A$106,0)))) | H17: =IF(NOT(Intervencoes!B17<>""),"",IF(INDEX(Financiamento!$Q$7:$Q$106,MATCH(A17,Financiamento!$A$7:$A$106,0))="","",INDEX(Financiamento!$Q$7:$Q$106,MATCH(A17,Financiamento!$A$7:$A$106,0)))) | I17: =IF(NOT(Intervencoes!B17<>""),"",IF(INDEX(Analise!$K$7:$K$106,MATCH(A17,Analise!$A$7:$A$106,0))="","",INDEX(Analise!$K$7:$K$106,MATCH(A17,Analise!$A$7:$A$106,0)))) | J17: =IF(NOT(Intervencoes!B17<>""),"",IF(INDEX(Analise!$S$7:$S$106,MATCH(A17,Analise!$A$7:$A$106,0))="","",INDEX(Analise!$S$7:$S$106,MATCH(A17,Analise!$A$7:$A$106,0))))
A18: =IF(NOT(Intervencoes!B18<>""),"",IF(Intervencoes!A18="","",Intervencoes!A18)) | B18: =IF(NOT(Intervencoes!B18<>""),"",IF(Intervencoes!B18="","",Intervencoes!B18)) | C18: =IF(NOT(Intervencoes!B18<>""),"",IF(INDEX(Financiamento!$H$7:$H$106,MATCH(A18,Financiamento!$A$7:$A$106,0))="","",INDEX(Financiamento!$H$7:$H$106,MATCH(A18,Financiamento!$A$7:$A$106,0)))) | D18: =IF(NOT(Intervencoes!B18<>""),"",IF(INDEX(Financiamento!$J$7:$J$106,MATCH(A18,Financiamento!$A$7:$A$106,0))="","",INDEX(Financiamento!$J$7:$J$106,MATCH(A18,Financiamento!$A$7:$A$106,0)))) | E18: =IF(NOT(Intervencoes!B18<>""),"",IF(INDEX(Financiamento!$L$7:$L$106,MATCH(A18,Financiamento!$A$7:$A$106,0))="","",INDEX(Financiamento!$L$7:$L$106,MATCH(A18,Financiamento!$A$7:$A$106,0)))) | F18: =IF(NOT(Intervencoes!B18<>""),"",IF(INDEX(Financiamento!$M$7:$M$106,MATCH(A18,Financiamento!$A$7:$A$106,0))="","",INDEX(Financiamento!$M$7:$M$106,MATCH(A18,Financiamento!$A$7:$A$106,0)))) | G18: =IF(NOT(Intervencoes!B18<>""),"",IF(INDEX(Financiamento!$N$7:$N$106,MATCH(A18,Financiamento!$A$7:$A$106,0))="","",INDEX(Financiamento!$N$7:$N$106,MATCH(A18,Financiamento!$A$7:$A$106,0)))) | H18: =IF(NOT(Intervencoes!B18<>""),"",IF(INDEX(Financiamento!$Q$7:$Q$106,MATCH(A18,Financiamento!$A$7:$A$106,0))="","",INDEX(Financiamento!$Q$7:$Q$106,MATCH(A18,Financiamento!$A$7:$A$106,0)))) | I18: =IF(NOT(Intervencoes!B18<>""),"",IF(INDEX(Analise!$K$7:$K$106,MATCH(A18,Analise!$A$7:$A$106,0))="","",INDEX(Analise!$K$7:$K$106,MATCH(A18,Analise!$A$7:$A$106,0)))) | J18: =IF(NOT(Intervencoes!B18<>""),"",IF(INDEX(Analise!$S$7:$S$106,MATCH(A18,Analise!$A$7:$A$106,0))="","",INDEX(Analise!$S$7:$S$106,MATCH(A18,Analise!$A$7:$A$106,0))))
... A106: =IF(NOT(Intervencoes!B106<>""),"",IF(Intervencoes!A106="","",Intervencoes!A106)) | B106: =IF(NOT(Intervencoes!B106<>""),"",IF(Intervencoes!B106="","",Intervencoes!B106)) | C106: =IF(NOT(Intervencoes!B106<>""),"",IF(INDEX(Financiamento!$H$7:$H$106,MATCH(A106,Financiamento!$A$7:$A$106,0))="","",INDEX(Financiamento!$H$7:$H$106,MATCH(A106,Financiamento!$A$7:$A$106,0)))) | D106: =IF(NOT(Intervencoes!B106<>""),"",IF(INDEX(Financiamento!$J$7:$J$106,MATCH(A106,Financiamento!$A$7:$A$106,0))="","",INDEX(Financiamento!$J$7:$J$106,MATCH(A106,Financiamento!$A$7:$A$106,0)))) | E106: =IF(NOT(Intervencoes!B106<>""),"",IF(INDEX(Financiamento!$L$7:$L$106,MATCH(A106,Financiamento!$A$7:$A$106,0))="","",INDEX(Financiamento!$L$7:$L$106,MATCH(A106,Financiamento!$A$7:$A$106,0)))) | F106: =IF(NOT(Intervencoes!B106<>""),"",IF(INDEX(Financiamento!$M$7:$M$106,MATCH(A106,Financiamento!$A$7:$A$106,0))="","",INDEX(Financiamento!$M$7:$M$106,MATCH(A106,Financiamento!$A$7:$A$106,0)))) | G106: =IF(NOT(Intervencoes!B106<>""),"",IF(INDEX(Financiamento!$N$7:$N$106,MATCH(A106,Financiamento!$A$7:$A$106,0))="","",INDEX(Financiamento!$N$7:$N$106,MATCH(A106,Financiamento!$A$7:$A$106,0)))) | H106: =IF(NOT(Intervencoes!B106<>""),"",IF(INDEX(Financiamento!$Q$7:$Q$106,MATCH(A106,Financiamento!$A$7:$A$106,0))="","",INDEX(Financiamento!$Q$7:$Q$106,MATCH(A106,Financiamento!$A$7:$A$106,0)))) | I106: =IF(NOT(Intervencoes!B106<>""),"",IF(INDEX(Analise!$K$7:$K$106,MATCH(A106,Analise!$A$7:$A$106,0))="","",INDEX(Analise!$K$7:$K$106,MATCH(A106,Analise!$A$7:$A$106,0)))) | J106: =IF(NOT(Intervencoes!B106<>""),"",IF(INDEX(Analise!$S$7:$S$106,MATCH(A106,Analise!$A$7:$A$106,0))="","",INDEX(Analise!$S$7:$S$106,MATCH(A106,Analise!$A$7:$A$106,0))))
A108: Total da candidatura | C108: =IF(COUNTA(Intervencoes!$B$7:$B$106)=0,"",IF(COUNT(C7:C106)<COUNTA(Intervencoes!$B$7:$B$106),"Por apurar",SUM(C7:C106))) | D108: =IF(COUNTA(Intervencoes!$B$7:$B$106)=0,"",IF(COUNT(D7:D106)<COUNTA(Intervencoes!$B$7:$B$106),"Por apurar",SUM(D7:D106))) | E108: =IF(COUNTA(Intervencoes!$B$7:$B$106)=0,"",IF(COUNT(E7:E106)<COUNTA(Intervencoes!$B$7:$B$106),"Por apurar",SUM(E7:E106))) | F108: =IF(COUNTA(Intervencoes!$B$7:$B$106)=0,"",IF(COUNT(F7:F106)<COUNTA(Intervencoes!$B$7:$B$106),"Por apurar",SUM(F7:F106))) | G108: =IF(COUNTA(Intervencoes!$B$7:$B$106)=0,"",IF(COUNT(G7:G106)<COUNTA(Intervencoes!$B$7:$B$106),"Por apurar",SUM(G7:G106))) | J108: =IF(COUNTA(Intervencoes!$B$7:$B$106)=0,"",IF(COUNT(J7:J106)<COUNTA(Intervencoes!$B$7:$B$106),"Por apurar",SUM(J7:J106)))
A109: Subtotal conhecido | C109: =IF(COUNTA(Intervencoes!$B$7:$B$106)=0,"",SUM(C7:C106)) | D109: =IF(COUNTA(Intervencoes!$B$7:$B$106)=0,"",SUM(D7:D106)) | E109: =IF(COUNTA(Intervencoes!$B$7:$B$106)=0,"",SUM(E7:E106)) | F109: =IF(COUNTA(Intervencoes!$B$7:$B$106)=0,"",SUM(F7:F106)) | G109: =IF(COUNTA(Intervencoes!$B$7:$B$106)=0,"",SUM(G7:G106)) | J109: =IF(COUNTA(Intervencoes!$B$7:$B$106)=0,"",SUM(J7:J106))
A111: O subtotal conhecido pode excluir intervenções por apurar. A completude formal não confirma a elegibilidade.
A113: Entidade | B113: =IF(Entidade!B12="","",Entidade!B12)
A114: NIPC | B114: =IF(Entidade!B11="","",Entidade!B11)
A115: Campos da entidade | B115: =Entidade!B38 -> Faltam campos obrigatórios
A116: Adiantamentos recebidos | B116: =IF(COUNTA(Adiantamentos!B7:B106)=0,"Sem registo",IF(COUNT(Adiantamentos!D7:D106)<COUNTA(Adiantamentos!B7:B106),"Por apurar",SUM(Adiantamentos!D7:D106))) -> Sem registo
A118: Revisão do preenchimento por intervenção
A120: ID | B120: Intervenção | C120: Relatório de danos | D120: Execução e calendário | E120: Plano financeiro | F120: Observação
A121: =IF(Intervencoes!B7="","",Intervencoes!A7) | B121: =IF(Intervencoes!B7="","",Intervencoes!X7) | C121: =IF(A121="","",INDEX(Danos!$X$7:$X$106,MATCH(A121,Danos!$A$7:$A$106,0))) | D121: =IF(A121="","",INDEX(Execucao!$M$7:$M$106,MATCH(A121,Execucao!$A$7:$A$106,0))) | E121: =IF(A121="","",INDEX(Financiamento!$P$7:$P$106,MATCH(A121,Financiamento!$A$7:$A$106,0))) | F121: Plano financeiro: diferença por cobrir. Zero significa fontes previstas equilibradas.
A122: =IF(Intervencoes!B8="","",Intervencoes!A8) | B122: =IF(Intervencoes!B8="","",Intervencoes!X8) | C122: =IF(A122="","",INDEX(Danos!$X$7:$X$106,MATCH(A122,Danos!$A$7:$A$106,0))) | D122: =IF(A122="","",INDEX(Execucao!$M$7:$M$106,MATCH(A122,Execucao!$A$7:$A$106,0))) | E122: =IF(A122="","",INDEX(Financiamento!$P$7:$P$106,MATCH(A122,Financiamento!$A$7:$A$106,0)))
A123: =IF(Intervencoes!B9="","",Intervencoes!A9) | B123: =IF(Intervencoes!B9="","",Intervencoes!X9) | C123: =IF(A123="","",INDEX(Danos!$X$7:$X$106,MATCH(A123,Danos!$A$7:$A$106,0))) | D123: =IF(A123="","",INDEX(Execucao!$M$7:$M$106,MATCH(A123,Execucao!$A$7:$A$106,0))) | E123: =IF(A123="","",INDEX(Financiamento!$P$7:$P$106,MATCH(A123,Financiamento!$A$7:$A$106,0)))
A124: =IF(Intervencoes!B10="","",Intervencoes!A10) | B124: =IF(Intervencoes!B10="","",Intervencoes!X10) | C124: =IF(A124="","",INDEX(Danos!$X$7:$X$106,MATCH(A124,Danos!$A$7:$A$106,0))) | D124: =IF(A124="","",INDEX(Execucao!$M$7:$M$106,MATCH(A124,Execucao!$A$7:$A$106,0))) | E124: =IF(A124="","",INDEX(Financiamento!$P$7:$P$106,MATCH(A124,Financiamento!$A$7:$A$106,0)))
A125: =IF(Intervencoes!B11="","",Intervencoes!A11) | B125: =IF(Intervencoes!B11="","",Intervencoes!X11) | C125: =IF(A125="","",INDEX(Danos!$X$7:$X$106,MATCH(A125,Danos!$A$7:$A$106,0))) | D125: =IF(A125="","",INDEX(Execucao!$M$7:$M$106,MATCH(A125,Execucao!$A$7:$A$106,0))) | E125: =IF(A125="","",INDEX(Financiamento!$P$7:$P$106,MATCH(A125,Financiamento!$A$7:$A$106,0)))
A126: =IF(Intervencoes!B12="","",Intervencoes!A12) | B126: =IF(Intervencoes!B12="","",Intervencoes!X12) | C126: =IF(A126="","",INDEX(Danos!$X$7:$X$106,MATCH(A126,Danos!$A$7:$A$106,0))) | D126: =IF(A126="","",INDEX(Execucao!$M$7:$M$106,MATCH(A126,Execucao!$A$7:$A$106,0))) | E126: =IF(A126="","",INDEX(Financiamento!$P$7:$P$106,MATCH(A126,Financiamento!$A$7:$A$106,0)))
A127: =IF(Intervencoes!B13="","",Intervencoes!A13) | B127: =IF(Intervencoes!B13="","",Intervencoes!X13) | C127: =IF(A127="","",INDEX(Danos!$X$7:$X$106,MATCH(A127,Danos!$A$7:$A$106,0))) | D127: =IF(A127="","",INDEX(Execucao!$M$7:$M$106,MATCH(A127,Execucao!$A$7:$A$106,0))) | E127: =IF(A127="","",INDEX(Financiamento!$P$7:$P$106,MATCH(A127,Financiamento!$A$7:$A$106,0)))
A128: =IF(Intervencoes!B14="","",Intervencoes!A14) | B128: =IF(Intervencoes!B14="","",Intervencoes!X14) | C128: =IF(A128="","",INDEX(Danos!$X$7:$X$106,MATCH(A128,Danos!$A$7:$A$106,0))) | D128: =IF(A128="","",INDEX(Execucao!$M$7:$M$106,MATCH(A128,Execucao!$A$7:$A$106,0))) | E128: =IF(A128="","",INDEX(Financiamento!$P$7:$P$106,MATCH(A128,Financiamento!$A$7:$A$106,0)))
A129: =IF(Intervencoes!B15="","",Intervencoes!A15) | B129: =IF(Intervencoes!B15="","",Intervencoes!X15) | C129: =IF(A129="","",INDEX(Danos!$X$7:$X$106,MATCH(A129,Danos!$A$7:$A$106,0))) | D129: =IF(A129="","",INDEX(Execucao!$M$7:$M$106,MATCH(A129,Execucao!$A$7:$A$106,0))) | E129: =IF(A129="","",INDEX(Financiamento!$P$7:$P$106,MATCH(A129,Financiamento!$A$7:$A$106,0)))
A130: =IF(Intervencoes!B16="","",Intervencoes!A16) | B130: =IF(Intervencoes!B16="","",Intervencoes!X16) | C130: =IF(A130="","",INDEX(Danos!$X$7:$X$106,MATCH(A130,Danos!$A$7:$A$106,0))) | D130: =IF(A130="","",INDEX(Execucao!$M$7:$M$106,MATCH(A130,Execucao!$A$7:$A$106,0))) | E130: =IF(A130="","",INDEX(Financiamento!$P$7:$P$106,MATCH(A130,Financiamento!$A$7:$A$106,0)))
A131: =IF(Intervencoes!B17="","",Intervencoes!A17) | B131: =IF(Intervencoes!B17="","",Intervencoes!X17) | C131: =IF(A131="","",INDEX(Danos!$X$7:$X$106,MATCH(A131,Danos!$A$7:$A$106,0))) | D131: =IF(A131="","",INDEX(Execucao!$M$7:$M$106,MATCH(A131,Execucao!$A$7:$A$106,0))) | E131: =IF(A131="","",INDEX(Financiamento!$P$7:$P$106,MATCH(A131,Financiamento!$A$7:$A$106,0)))
A132: =IF(Intervencoes!B18="","",Intervencoes!A18) | B132: =IF(Intervencoes!B18="","",Intervencoes!X18) | C132: =IF(A132="","",INDEX(Danos!$X$7:$X$106,MATCH(A132,Danos!$A$7:$A$106,0))) | D132: =IF(A132="","",INDEX(Execucao!$M$7:$M$106,MATCH(A132,Execucao!$A$7:$A$106,0))) | E132: =IF(A132="","",INDEX(Financiamento!$P$7:$P$106,MATCH(A132,Financiamento!$A$7:$A$106,0)))
A133: =IF(Intervencoes!B19="","",Intervencoes!A19) | B133: =IF(Intervencoes!B19="","",Intervencoes!X19) | C133: =IF(A133="","",INDEX(Danos!$X$7:$X$106,MATCH(A133,Danos!$A$7:$A$106,0))) | D133: =IF(A133="","",INDEX(Execucao!$M$7:$M$106,MATCH(A133,Execucao!$A$7:$A$106,0))) | E133: =IF(A133="","",INDEX(Financiamento!$P$7:$P$106,MATCH(A133,Financiamento!$A$7:$A$106,0)))
... A210: =IF(Intervencoes!B96="","",Intervencoes!A96) | B210: =IF(Intervencoes!B96="","",Intervencoes!X96) | C210: =IF(A210="","",INDEX(Danos!$X$7:$X$106,MATCH(A210,Danos!$A$7:$A$106,0))) | D210: =IF(A210="","",INDEX(Execucao!$M$7:$M$106,MATCH(A210,Execucao!$A$7:$A$106,0))) | E210: =IF(A210="","",INDEX(Financiamento!$P$7:$P$106,MATCH(A210,Financiamento!$A$7:$A$106,0)))
A211: =IF(Intervencoes!B173="","",Intervencoes!A173) | B211: =IF(Intervencoes!B173="","",Intervencoes!X173) | C211: =IF(A211="","",INDEX(Danos!$X$7:$X$106,MATCH(A211,Danos!$A$7:$A$106,0))) | D211: =IF(A211="","",INDEX(Execucao!$M$7:$M$106,MATCH(A211,Execucao!$A$7:$A$106,0))) | E211: =IF(A211="","",INDEX(Financiamento!$P$7:$P$106,MATCH(A211,Financiamento!$A$7:$A$106,0)))
A212: =IF(Intervencoes!B174="","",Intervencoes!A174) | B212: =IF(Intervencoes!B174="","",Intervencoes!X174) | C212: =IF(A212="","",INDEX(Danos!$X$7:$X$106,MATCH(A212,Danos!$A$7:$A$106,0))) | D212: =IF(A212="","",INDEX(Execucao!$M$7:$M$106,MATCH(A212,Execucao!$A$7:$A$106,0))) | E212: =IF(A212="","",INDEX(Financiamento!$P$7:$P$106,MATCH(A212,Financiamento!$A$7:$A$106,0)))
A213: =IF(Intervencoes!B175="","",Intervencoes!A175) | B213: =IF(Intervencoes!B175="","",Intervencoes!X175) | C213: =IF(A213="","",INDEX(Danos!$X$7:$X$106,MATCH(A213,Danos!$A$7:$A$106,0))) | D213: =IF(A213="","",INDEX(Execucao!$M$7:$M$106,MATCH(A213,Execucao!$A$7:$A$106,0))) | E213: =IF(A213="","",INDEX(Financiamento!$P$7:$P$106,MATCH(A213,Financiamento!$A$7:$A$106,0)))
A214: =IF(Intervencoes!B176="","",Intervencoes!A176) | B214: =IF(Intervencoes!B176="","",Intervencoes!X176) | C214: =IF(A214="","",INDEX(Danos!$X$7:$X$106,MATCH(A214,Danos!$A$7:$A$106,0))) | D214: =IF(A214="","",INDEX(Execucao!$M$7:$M$106,MATCH(A214,Execucao!$A$7:$A$106,0))) | E214: =IF(A214="","",INDEX(Financiamento!$P$7:$P$106,MATCH(A214,Financiamento!$A$7:$A$106,0)))
A215: =IF(Intervencoes!B177="","",Intervencoes!A177) | B215: =IF(Intervencoes!B177="","",Intervencoes!X177) | C215: =IF(A215="","",INDEX(Danos!$X$7:$X$106,MATCH(A215,Danos!$A$7:$A$106,0))) | D215: =IF(A215="","",INDEX(Execucao!$M$7:$M$106,MATCH(A215,Execucao!$A$7:$A$106,0))) | E215: =IF(A215="","",INDEX(Financiamento!$P$7:$P$106,MATCH(A215,Financiamento!$A$7:$A$106,0)))
A216: =IF(Intervencoes!B178="","",Intervencoes!A178) | B216: =IF(Intervencoes!B178="","",Intervencoes!X178) | C216: =IF(A216="","",INDEX(Danos!$X$7:$X$106,MATCH(A216,Danos!$A$7:$A$106,0))) | D216: =IF(A216="","",INDEX(Execucao!$M$7:$M$106,MATCH(A216,Execucao!$A$7:$A$106,0))) | E216: =IF(A216="","",INDEX(Financiamento!$P$7:$P$106,MATCH(A216,Financiamento!$A$7:$A$106,0)))
A217: =IF(Intervencoes!B179="","",Intervencoes!A179) | B217: =IF(Intervencoes!B179="","",Intervencoes!X179) | C217: =IF(A217="","",INDEX(Danos!$X$7:$X$106,MATCH(A217,Danos!$A$7:$A$106,0))) | D217: =IF(A217="","",INDEX(Execucao!$M$7:$M$106,MATCH(A217,Execucao!$A$7:$A$106,0))) | E217: =IF(A217="","",INDEX(Financiamento!$P$7:$P$106,MATCH(A217,Financiamento!$A$7:$A$106,0)))
A218: =IF(Intervencoes!B180="","",Intervencoes!A180) | B218: =IF(Intervencoes!B180="","",Intervencoes!X180) | C218: =IF(A218="","",INDEX(Danos!$X$7:$X$106,MATCH(A218,Danos!$A$7:$A$106,0))) | D218: =IF(A218="","",INDEX(Execucao!$M$7:$M$106,MATCH(A218,Execucao!$A$7:$A$106,0))) | E218: =IF(A218="","",INDEX(Financiamento!$P$7:$P$106,MATCH(A218,Financiamento!$A$7:$A$106,0)))
A219: =IF(Intervencoes!B181="","",Intervencoes!A181) | B219: =IF(Intervencoes!B181="","",Intervencoes!X181) | C219: =IF(A219="","",INDEX(Danos!$X$7:$X$106,MATCH(A219,Danos!$A$7:$A$106,0))) | D219: =IF(A219="","",INDEX(Execucao!$M$7:$M$106,MATCH(A219,Execucao!$A$7:$A$106,0))) | E219: =IF(A219="","",INDEX(Financiamento!$P$7:$P$106,MATCH(A219,Financiamento!$A$7:$A$106,0)))
A220: =IF(Intervencoes!B182="","",Intervencoes!A182) | B220: =IF(Intervencoes!B182="","",Intervencoes!X182) | C220: =IF(A220="","",INDEX(Danos!$X$7:$X$106,MATCH(A220,Danos!$A$7:$A$106,0))) | D220: =IF(A220="","",INDEX(Execucao!$M$7:$M$106,MATCH(A220,Execucao!$A$7:$A$106,0))) | E220: =IF(A220="","",INDEX(Financiamento!$P$7:$P$106,MATCH(A220,Financiamento!$A$7:$A$106,0)))
A223: Pendências nos mapas de entrada
A225: Orcamento | B225: =COUNTIF(Orcamento!T7:T106,"<>OK")-COUNTBLANK(Orcamento!T7:T106) -> 0
A226: Fontes | B226: =COUNTIF(Fontes!M7:M106,"<>OK")-COUNTBLANK(Fontes!M7:M106) -> 0
A227: Coberturas | B227: =COUNTIF(Coberturas!I7:I306,"<>OK")-COUNTBLANK(Coberturas!I7:I306) -> 0
A228: Documentos incompletos | B228: =COUNTIF(Documentos!J7:J306,"Falta*")+COUNTIF(Documentos!J7:J306,"Rever*") -> 0

Sheet Entidade
A2: Identificação da candidatura
A3: Uma entidade por ficheiro. Preencher os campos assinalados como obrigatórios.
A4: Amarelo: requerente. Cinzento: cálculo. Lilás: CCDR. Não alterar os identificadores.
A6: Campo | B6: Resposta | C6: Instrução
A7: Procedimento | B7: FEM 2026 | C7: Referência do procedimento.
A8: ID da candidatura | C8: Preencher quando atribuído. Não é gerado pelo Excel.
A9: Versão do formulário | B9: 1 | C9: Atualizar em cada entrega ou complemento.
A10: Natureza da entidade | C10: Obrigatório. Serviços municipalizados integrados no município.
A11: NIPC | C11: Obrigatório. Nove algarismos, conservados como texto.
A12: Designação da entidade | C12: Obrigatório. Designação oficial.
A13: Morada | C13: Obrigatório.
A14: Código postal | C14: Obrigatório. Formato 0000-000.
A15: Localidade | C15: Obrigatório.
A16: Território abrangido pela entidade | C16: Obrigatório. Município/freguesia ou municípios abrangidos.
A17: NISS | C17: Onze algarismos, se aplicável.
A18: Justificação de NISS não aplicável | C18: Preencher se não indicar NISS. Aplicabilidade sujeita a confirmação.
A19: Designação global do projeto | C19: Obrigatório.
A20: Responsável pela candidatura | C20: Obrigatório. Nome completo.
A21: Cargo ou função | C21: Obrigatório.
... A37: Documento das declarações assinadas | C37: Referência no índice Documentos.
A38: Verificação de preenchimento | B38: =IF(OR(COUNTBLANK(B10:B16)>0,COUNTBLANK(B19:B24)>0,COUNTBLANK(B27:B28)>0,B30="",B37=""),"Faltam campos obrigatórios",IF(OR(LEN(B11)<>9,NOT(ISNUMBER(IFERROR(VALUE(B11),"")))),"Rever NIPC",IF(VALUE(RIGHT(B11,1))<>IF(MOD((VALUE(MID(B11,1,1))*9+VALUE(MID(B11,2,1))*8+VALUE(MID(B11,3,1))*7+VALUE(MID(B11,4,1))*6+VALUE(MID(B11,5,1))*5+VALUE(MID(B11,6,1))*4+VALUE(MID(B11,7,1))*3+VALUE(MID(B11,8,1))*2),11)<2,0,11-MOD((VALUE(MID(B11,1,1))*9+VALUE(MID(B11,2,1))*8+VALUE(MID(B11,3,1))*7+VALUE(MID(B11,4,1))*6+VALUE(MID(B11,5,1))*5+VALUE(MID(B11,6,1))*4+VALUE(MID(B11,7,1))*3+VALUE(MID(B11,8,1))*2),11)),"Rever dígito NIPC",IF(AND(B17="",B18=""),"Falta NISS ou justificação",IF(AND(B17<>"",OR(LEN(B17)<>11,NOT(ISNUMBER(IFERROR(VALUE(B17),""))))),"Rever NISS",IF(AND(B24="Outro",OR(B25="",B26="")),"Falta contacto de esclarecimentos",IF(COUNTIF(B31:B36,"Confirmo")<>6,"Faltam confirmações","Preenchimento básico completo"))))))) -> Faltam campos obrigatórios | C38: Validação formal básica. Não prova elegibilidade nem autenticidade.

Sheet Intervencoes
A2: Intervenções e responsabilidade
A3: Uma linha por intervenção. Os códigos INT são usados nos restantes mapas.
A4: Amarelo: requerente. Cinzento: cálculo. Lilás: CCDR. Não alterar os identificadores.
A6: ID | B6: Designação da intervenção | C6: Tipologia | D6: Natureza do bem | E6: Bem / código patrimonial | F6: Serviço público assegurado | G6: Município | H6: Freguesia | I6: Morada / local | J6: Coordenadas / geometria | K6: DOC cartografia | L6: Proprietário | M6: NIPC proprietário | N6: Fundamento da responsabilidade | O6: Entidade responsável | P6: Título e referência | Q6: Data do título | R6: Vigência | S6: Encargos atribuídos | T6: Entidade executante | U6: Instrumento de execução | V6: Reporte prévio | W6: Referência do reporte | X6: Preenchimento
A7: INT-001 | X7: =IF(COUNTA(B7:W7)=0,"",IF(OR(COUNTBLANK(B7:D7)>0,F7="",G7="",H7="",I7="",L7="",COUNTBLANK(N7:P7)>0,S7="",T7="",V7=""),"Faltam dados da intervenção",IF(AND(D7<>"Equipamento móvel",OR(J7="",K7="")),"Falta localização ou cartografia",IF(AND(K7<>"",COUNTIFS(Documentos!$A$7:$A$306,K7,Documentos!$E$7:$E$306,"<>")<>1),"Rever DOC cartografia","Preenchido; sujeito a análise"))))
A8: INT-002 | X8: =IF(COUNTA(B8:W8)=0,"",IF(OR(COUNTBLANK(B8:D8)>0,F8="",G8="",H8="",I8="",L8="",COUNTBLANK(N8:P8)>0,S8="",T8="",V8=""),"Faltam dados da intervenção",IF(AND(D8<>"Equipamento móvel",OR(J8="",K8="")),"Falta localização ou cartografia",IF(AND(K8<>"",COUNTIFS(Documentos!$A$7:$A$306,K8,Documentos!$E$7:$E$306,"<>")<>1),"Rever DOC cartografia","Preenchido; sujeito a análise"))))
A9: INT-003 | X9: =IF(COUNTA(B9:W9)=0,"",IF(OR(COUNTBLANK(B9:D9)>0,F9="",G9="",H9="",I9="",L9="",COUNTBLANK(N9:P9)>0,S9="",T9="",V9=""),"Faltam dados da intervenção",IF(AND(D9<>"Equipamento móvel",OR(J9="",K9="")),"Falta localização ou cartografia",IF(AND(K9<>"",COUNTIFS(Documentos!$A$7:$A$306,K9,Documentos!$E$7:$E$306,"<>")<>1),"Rever DOC cartografia","Preenchido; sujeito a análise"))))
A10: INT-004 | X10: =IF(COUNTA(B10:W10)=0,"",IF(OR(COUNTBLANK(B10:D10)>0,F10="",G10="",H10="",I10="",L10="",COUNTBLANK(N10:P10)>0,S10="",T10="",V10=""),"Faltam dados da intervenção",IF(AND(D10<>"Equipamento móvel",OR(J10="",K10="")),"Falta localização ou cartografia",IF(AND(K10<>"",COUNTIFS(Documentos!$A$7:$A$306,K10,Documentos!$E$7:$E$306,"<>")<>1),"Rever DOC cartografia","Preenchido; sujeito a análise"))))
A11: INT-005 | X11: =IF(COUNTA(B11:W11)=0,"",IF(OR(COUNTBLANK(B11:D11)>0,F11="",G11="",H11="",I11="",L11="",COUNTBLANK(N11:P11)>0,S11="",T11="",V11=""),"Faltam dados da intervenção",IF(AND(D11<>"Equipamento móvel",OR(J11="",K11="")),"Falta localização ou cartografia",IF(AND(K11<>"",COUNTIFS(Documentos!$A$7:$A$306,K11,Documentos!$E$7:$E$306,"<>")<>1),"Rever DOC cartografia","Preenchido; sujeito a análise"))))
A12: INT-006 | X12: =IF(COUNTA(B12:W12)=0,"",IF(OR(COUNTBLANK(B12:D12)>0,F12="",G12="",H12="",I12="",L12="",COUNTBLANK(N12:P12)>0,S12="",T12="",V12=""),"Faltam dados da intervenção",IF(AND(D12<>"Equipamento móvel",OR(J12="",K12="")),"Falta localização ou cartografia",IF(AND(K12<>"",COUNTIFS(Documentos!$A$7:$A$306,K12,Documentos!$E$7:$E$306,"<>")<>1),"Rever DOC cartografia","Preenchido; sujeito a análise"))))
A13: INT-007 | X13: =IF(COUNTA(B13:W13)=0,"",IF(OR(COUNTBLANK(B13:D13)>0,F13="",G13="",H13="",I13="",L13="",COUNTBLANK(N13:P13)>0,S13="",T13="",V13=""),"Faltam dados da intervenção",IF(AND(D13<>"Equipamento móvel",OR(J13="",K13="")),"Falta localização ou cartografia",IF(AND(K13<>"",COUNTIFS(Documentos!$A$7:$A$306,K13,Documentos!$E$7:$E$306,"<>")<>1),"Rever DOC cartografia","Preenchido; sujeito a análise"))))
A14: INT-008 | X14: =IF(COUNTA(B14:W14)=0,"",IF(OR(COUNTBLANK(B14:D14)>0,F14="",G14="",H14="",I14="",L14="",COUNTBLANK(N14:P14)>0,S14="",T14="",V14=""),"Faltam dados da intervenção",IF(AND(D14<>"Equipamento móvel",OR(J14="",K14="")),"Falta localização ou cartografia",IF(AND(K14<>"",COUNTIFS(Documentos!$A$7:$A$306,K14,Documentos!$E$7:$E$306,"<>")<>1),"Rever DOC cartografia","Preenchido; sujeito a análise"))))
A15: INT-009 | X15: =IF(COUNTA(B15:W15)=0,"",IF(OR(COUNTBLANK(B15:D15)>0,F15="",G15="",H15="",I15="",L15="",COUNTBLANK(N15:P15)>0,S15="",T15="",V15=""),"Faltam dados da intervenção",IF(AND(D15<>"Equipamento móvel",OR(J15="",K15="")),"Falta localização ou cartografia",IF(AND(K15<>"",COUNTIFS(Documentos!$A$7:$A$306,K15,Documentos!$E$7:$E$306,"<>")<>1),"Rever DOC cartografia","Preenchido; sujeito a análise"))))
A16: INT-010 | X16: =IF(COUNTA(B16:W16)=0,"",IF(OR(COUNTBLANK(B16:D16)>0,F16="",G16="",H16="",I16="",L16="",COUNTBLANK(N16:P16)>0,S16="",T16="",V16=""),"Faltam dados da intervenção",IF(AND(D16<>"Equipamento móvel",OR(J16="",K16="")),"Falta localização ou cartografia",IF(AND(K16<>"",COUNTIFS(Documentos!$A$7:$A$306,K16,Documentos!$E$7:$E$306,"<>")<>1),"Rever DOC cartografia","Preenchido; sujeito a análise"))))
A17: INT-011 | X17: =IF(COUNTA(B17:W17)=0,"",IF(OR(COUNTBLANK(B17:D17)>0,F17="",G17="",H17="",I17="",L17="",COUNTBLANK(N17:P17)>0,S17="",T17="",V17=""),"Faltam dados da intervenção",IF(AND(D17<>"Equipamento móvel",OR(J17="",K17="")),"Falta localização ou cartografia",IF(AND(K17<>"",COUNTIFS(Documentos!$A$7:$A$306,K17,Documentos!$E$7:$E$306,"<>")<>1),"Rever DOC cartografia","Preenchido; sujeito a análise"))))
A18: INT-012 | X18: =IF(COUNTA(B18:W18)=0,"",IF(OR(COUNTBLANK(B18:D18)>0,F18="",G18="",H18="",I18="",L18="",COUNTBLANK(N18:P18)>0,S18="",T18="",V18=""),"Faltam dados da intervenção",IF(AND(D18<>"Equipamento móvel",OR(J18="",K18="")),"Falta localização ou cartografia",IF(AND(K18<>"",COUNTIFS(Documentos!$A$7:$A$306,K18,Documentos!$E$7:$E$306,"<>")<>1),"Rever DOC cartografia","Preenchido; sujeito a análise"))))
... A106: INT-100 | X106: =IF(COUNTA(B106:W106)=0,"",IF(OR(COUNTBLANK(B106:D106)>0,F106="",G106="",H106="",I106="",L106="",COUNTBLANK(N106:P106)>0,S106="",T106="",V106=""),"Faltam dados da intervenção",IF(AND(D106<>"Equipamento móvel",OR(J106="",K106="")),"Falta localização ou cartografia",IF(AND(K106<>"",COUNTIFS(Documentos!$A$7:$A$306,K106,Documentos!$E$7:$E$306,"<>")<>1),"Rever DOC cartografia","Preenchido; sujeito a análise"))))

Sheet Documentos
A2: Índice de documentos
A3: Registar ficheiros entregues com o Excel. Indicar Candidatura para documentos comuns. A presença no índice não confirma a prova.
A4: Amarelo: requerente. Cinzento: cálculo. Lilás: CCDR. Não alterar os identificadores.
A6: ID documento | B6: Âmbito / ID intervenção | C6: Tipo de documento | D6: Descrição / legenda | E6: Nome do ficheiro ou ligação | F6: Data do documento | G6: Signatário / emissor | H6: Artigo ou fonte associado | I6: Observação / não aplicabilidade | J6: Validação do índice
A7: DOC-001 | J7: =IF(COUNTA(B7:I7)=0,"",IF(OR(B7="",C7="",D7="",E7=""),"Faltam elementos do documento",IF(AND(B7<>"Candidatura",NOT(COUNTIFS(Intervencoes!$A$7:$A$26,B7,Intervencoes!$B$7:$B$26,"<>")=1)),"Rever âmbito do documento","Indexado; prova a confirmar")))
A8: DOC-002 | J8: =IF(COUNTA(B8:I8)=0,"",IF(OR(B8="",C8="",D8="",E8=""),"Faltam elementos do documento",IF(AND(B8<>"Candidatura",NOT(COUNTIFS(Intervencoes!$A$7:$A$26,B8,Intervencoes!$B$7:$B$26,"<>")=1)),"Rever âmbito do documento","Indexado; prova a confirmar")))
A9: DOC-003 | J9: =IF(COUNTA(B9:I9)=0,"",IF(OR(B9="",C9="",D9="",E9=""),"Faltam elementos do documento",IF(AND(B9<>"Candidatura",NOT(COUNTIFS(Intervencoes!$A$7:$A$26,B9,Intervencoes!$B$7:$B$26,"<>")=1)),"Rever âmbito do documento","Indexado; prova a confirmar")))
A10: DOC-004 | J10: =IF(COUNTA(B10:I10)=0,"",IF(OR(B10="",C10="",D10="",E10=""),"Faltam elementos do documento",IF(AND(B10<>"Candidatura",NOT(COUNTIFS(Intervencoes!$A$7:$A$26,B10,Intervencoes!$B$7:$B$26,"<>")=1)),"Rever âmbito do documento","Indexado; prova a confirmar")))
A11: DOC-005 | J11: =IF(COUNTA(B11:I11)=0,"",IF(OR(B11="",C11="",D11="",E11=""),"Faltam elementos do documento",IF(AND(B11<>"Candidatura",NOT(COUNTIFS(Intervencoes!$A$7:$A$26,B11,Intervencoes!$B$7:$B$26,"<>")=1)),"Rever âmbito do documento","Indexado; prova a confirmar")))
A12: DOC-006 | J12: =IF(COUNTA(B12:I12)=0,"",IF(OR(B12="",C12="",D12="",E12=""),"Faltam elementos do documento",IF(AND(B12<>"Candidatura",NOT(COUNTIFS(Intervencoes!$A$7:$A$26,B12,Intervencoes!$B$7:$B$26,"<>")=1)),"Rever âmbito do documento","Indexado; prova a confirmar")))
A13: DOC-007 | J13: =IF(COUNTA(B13:I13)=0,"",IF(OR(B13="",C13="",D13="",E13=""),"Faltam elementos do documento",IF(AND(B13<>"Candidatura",NOT(COUNTIFS(Intervencoes!$A$7:$A$26,B13,Intervencoes!$B$7:$B$26,"<>")=1)),"Rever âmbito do documento","Indexado; prova a confirmar")))
A14: DOC-008 | J14: =IF(COUNTA(B14:I14)=0,"",IF(OR(B14="",C14="",D14="",E14=""),"Faltam elementos do documento",IF(AND(B14<>"Candidatura",NOT(COUNTIFS(Intervencoes!$A$7:$A$26,B14,Intervencoes!$B$7:$B$26,"<>")=1)),"Rever âmbito do documento","Indexado; prova a confirmar")))
A15: DOC-009 | J15: =IF(COUNTA(B15:I15)=0,"",IF(OR(B15="",C15="",D15="",E15=""),"Faltam elementos do documento",IF(AND(B15<>"Candidatura",NOT(COUNTIFS(Intervencoes!$A$7:$A$26,B15,Intervencoes!$B$7:$B$26,"<>")=1)),"Rever âmbito do documento","Indexado; prova a confirmar")))
A16: DOC-010 | J16: =IF(COUNTA(B16:I16)=0,"",IF(OR(B16="",C16="",D16="",E16=""),"Faltam elementos do documento",IF(AND(B16<>"Candidatura",NOT(COUNTIFS(Intervencoes!$A$7:$A$26,B16,Intervencoes!$B$7:$B$26,"<>")=1)),"Rever âmbito do documento","Indexado; prova a confirmar")))
A17: DOC-011 | J17: =IF(COUNTA(B17:I17)=0,"",IF(OR(B17="",C17="",D17="",E17=""),"Faltam elementos do documento",IF(AND(B17<>"Candidatura",NOT(COUNTIFS(Intervencoes!$A$7:$A$26,B17,Intervencoes!$B$7:$B$26,"<>")=1)),"Rever âmbito do documento","Indexado; prova a confirmar")))
A18: DOC-012 | J18: =IF(COUNTA(B18:I18)=0,"",IF(OR(B18="",C18="",D18="",E18=""),"Faltam elementos do documento",IF(AND(B18<>"Candidatura",NOT(COUNTIFS(Intervencoes!$A$7:$A$26,B18,Intervencoes!$B$7:$B$26,"<>")=1)),"Rever âmbito do documento","Indexado; prova a confirmar")))
... A306: DOC-300 | J306: =IF(COUNTA(B306:I306)=0,"",IF(OR(B306="",C306="",D306="",E306=""),"Faltam elementos do documento",IF(AND(B306<>"Candidatura",NOT(COUNTIFS(Intervencoes!$A$7:$A$26,B306,Intervencoes!$B$7:$B$26,"<>")=1)),"Rever âmbito do documento","Indexado; prova a confirmar")))

Sheet Danos
A2: Relatório de danos e solução
A3: Uma linha por intervenção. Descrições extensas podem ser completadas em documento identificado no índice.
A4: Amarelo: requerente. Cinzento: cálculo. Lilás: CCDR. Não alterar os identificadores.
A6: ID intervenção | B6: Evento | C6: Data do dano | D6: Data de deteção | E6: Descrição técnica dos danos | F6: Condição anterior / deficiências | G6: Explicação do nexo causal | H6: Área afetada m² | I6: Comprimento afetado m | J6: Quantidade afetada un. | K6: Volume afetado m³ | L6: Impacto funcional | M6: Medidas de emergência | N6: DOC fotografias / prova | O6: Alternativa às fotografias | P6: Trabalhos propostos | Q6: Fundamentação da solução | R6: Área intervenção m² | S6: Comprimento intervenção m | T6: Quantidade intervenção un. | U6: Volume intervenção m³ | V6: Solução especial | W6: Justificação da solução especial | X6: Preenchimento
A7: INT-001 | X7: =IF(AND(NOT(COUNTIFS(Intervencoes!$A$7:$A$26,A7,Intervencoes!$B$7:$B$26,"<>")=1),COUNTA(B7:W7)=0),"",IF(NOT(COUNTIFS(Intervencoes!$A$7:$A$26,A7,Intervencoes!$B$7:$B$26,"<>")=1),"Rever intervenção sem designação",IF(OR(B7="",C7="",E7="",G7="",L7="",M7="",P7="",Q7="",V7=""),"Faltam dados do relatório",IF(OR(SUM(H7:K7)<=0,SUM(R7:U7)<=0),"Falta dimensão positiva",IF(AND(N7="",O7=""),"Falta prova dos danos",IF(AND(V7<>"Nenhuma",W7=""),"Falta justificação especial",IF(OR(R7>H7,S7>I7,T7>J7,U7>K7),"Rever dimensão e fundamentação","Preenchido; sujeito a análise")))))))
A8: INT-002 | X8: =IF(AND(NOT(COUNTIFS(Intervencoes!$A$7:$A$26,A8,Intervencoes!$B$7:$B$26,"<>")=1),COUNTA(B8:W8)=0),"",IF(NOT(COUNTIFS(Intervencoes!$A$7:$A$26,A8,Intervencoes!$B$7:$B$26,"<>")=1),"Rever intervenção sem designação",IF(OR(B8="",C8="",E8="",G8="",L8="",M8="",P8="",Q8="",V8=""),"Faltam dados do relatório",IF(OR(SUM(H8:K8)<=0,SUM(R8:U8)<=0),"Falta dimensão positiva",IF(AND(N8="",O8=""),"Falta prova dos danos",IF(AND(V8<>"Nenhuma",W8=""),"Falta justificação especial",IF(OR(R8>H8,S8>I8,T8>J8,U8>K8),"Rever dimensão e fundamentação","Preenchido; sujeito a análise")))))))
A9: INT-003 | X9: =IF(AND(NOT(COUNTIFS(Intervencoes!$A$7:$A$26,A9,Intervencoes!$B$7:$B$26,"<>")=1),COUNTA(B9:W9)=0),"",IF(NOT(COUNTIFS(Intervencoes!$A$7:$A$26,A9,Intervencoes!$B$7:$B$26,"<>")=1),"Rever intervenção sem designação",IF(OR(B9="",C9="",E9="",G9="",L9="",M9="",P9="",Q9="",V9=""),"Faltam dados do relatório",IF(OR(SUM(H9:K9)<=0,SUM(R9:U9)<=0),"Falta dimensão positiva",IF(AND(N9="",O9=""),"Falta prova dos danos",IF(AND(V9<>"Nenhuma",W9=""),"Falta justificação especial",IF(OR(R9>H9,S9>I9,T9>J9,U9>K9),"Rever dimensão e fundamentação","Preenchido; sujeito a análise")))))))
A10: INT-004 | X10: =IF(AND(NOT(COUNTIFS(Intervencoes!$A$7:$A$26,A10,Intervencoes!$B$7:$B$26,"<>")=1),COUNTA(B10:W10)=0),"",IF(NOT(COUNTIFS(Intervencoes!$A$7:$A$26,A10,Intervencoes!$B$7:$B$26,"<>")=1),"Rever intervenção sem designação",IF(OR(B10="",C10="",E10="",G10="",L10="",M10="",P10="",Q10="",V10=""),"Faltam dados do relatório",IF(OR(SUM(H10:K10)<=0,SUM(R10:U10)<=0),"Falta dimensão positiva",IF(AND(N10="",O10=""),"Falta prova dos danos",IF(AND(V10<>"Nenhuma",W10=""),"Falta justificação especial",IF(OR(R10>H10,S10>I10,T10>J10,U10>K10),"Rever dimensão e fundamentação","Preenchido; sujeito a análise")))))))
A11: INT-005 | X11: =IF(AND(NOT(COUNTIFS(Intervencoes!$A$7:$A$26,A11,Intervencoes!$B$7:$B$26,"<>")=1),COUNTA(B11:W11)=0),"",IF(NOT(COUNTIFS(Intervencoes!$A$7:$A$26,A11,Intervencoes!$B$7:$B$26,"<>")=1),"Rever intervenção sem designação",IF(OR(B11="",C11="",E11="",G11="",L11="",M11="",P11="",Q11="",V11=""),"Faltam dados do relatório",IF(OR(SUM(H11:K11)<=0,SUM(R11:U11)<=0),"Falta dimensão positiva",IF(AND(N11="",O11=""),"Falta prova dos danos",IF(AND(V11<>"Nenhuma",W11=""),"Falta justificação especial",IF(OR(R11>H11,S11>I11,T11>J11,U11>K11),"Rever dimensão e fundamentação","Preenchido; sujeito a análise")))))))
A12: INT-006 | X12: =IF(AND(NOT(COUNTIFS(Intervencoes!$A$7:$A$26,A12,Intervencoes!$B$7:$B$26,"<>")=1),COUNTA(B12:W12)=0),"",IF(NOT(COUNTIFS(Intervencoes!$A$7:$A$26,A12,Intervencoes!$B$7:$B$26,"<>")=1),"Rever intervenção sem designação",IF(OR(B12="",C12="",E12="",G12="",L12="",M12="",P12="",Q12="",V12=""),"Faltam dados do relatório",IF(OR(SUM(H12:K12)<=0,SUM(R12:U12)<=0),"Falta dimensão positiva",IF(AND(N12="",O12=""),"Falta prova dos danos",IF(AND(V12<>"Nenhuma",W12=""),"Falta justificação especial",IF(OR(R12>H12,S12>I12,T12>J12,U12>K12),"Rever dimensão e fundamentação","Preenchido; sujeito a análise")))))))
A13: INT-007 | X13: =IF(AND(NOT(COUNTIFS(Intervencoes!$A$7:$A$26,A13,Intervencoes!$B$7:$B$26,"<>")=1),COUNTA(B13:W13)=0),"",IF(NOT(COUNTIFS(Intervencoes!$A$7:$A$26,A13,Intervencoes!$B$7:$B$26,"<>")=1),"Rever intervenção sem designação",IF(OR(B13="",C13="",E13="",G13="",L13="",M13="",P13="",Q13="",V13=""),"Faltam dados do relatório",IF(OR(SUM(H13:K13)<=0,SUM(R13:U13)<=0),"Falta dimensão positiva",IF(AND(N13="",O13=""),"Falta prova dos danos",IF(AND(V13<>"Nenhuma",W13=""),"Falta justificação especial",IF(OR(R13>H13,S13>I13,T13>J13,U13>K13),"Rever dimensão e fundamentação","Preenchido; sujeito a análise")))))))
A14: INT-008 | X14: =IF(AND(NOT(COUNTIFS(Intervencoes!$A$7:$A$26,A14,Intervencoes!$B$7:$B$26,"<>")=1),COUNTA(B14:W14)=0),"",IF(NOT(COUNTIFS(Intervencoes!$A$7:$A$26,A14,Intervencoes!$B$7:$B$26,"<>")=1),"Rever intervenção sem designação",IF(OR(B14="",C14="",E14="",G14="",L14="",M14="",P14="",Q14="",V14=""),"Faltam dados do relatório",IF(OR(SUM(H14:K14)<=0,SUM(R14:U14)<=0),"Falta dimensão positiva",IF(AND(N14="",O14=""),"Falta prova dos danos",IF(AND(V14<>"Nenhuma",W14=""),"Falta justificação especial",IF(OR(R14>H14,S14>I14,T14>J14,U14>K14),"Rever dimensão e fundamentação","Preenchido; sujeito a análise")))))))
A15: INT-009 | X15: =IF(AND(NOT(COUNTIFS(Intervencoes!$A$7:$A$26,A15,Intervencoes!$B$7:$B$26,"<>")=1),COUNTA(B15:W15)=0),"",IF(NOT(COUNTIFS(Intervencoes!$A$7:$A$26,A15,Intervencoes!$B$7:$B$26,"<>")=1),"Rever intervenção sem designação",IF(OR(B15="",C15="",E15="",G15="",L15="",M15="",P15="",Q15="",V15=""),"Faltam dados do relatório",IF(OR(SUM(H15:K15)<=0,SUM(R15:U15)<=0),"Falta dimensão positiva",IF(AND(N15="",O15=""),"Falta prova dos danos",IF(AND(V15<>"Nenhuma",W15=""),"Falta justificação especial",IF(OR(R15>H15,S15>I15,T15>J15,U15>K15),"Rever dimensão e fundamentação","Preenchido; sujeito a análise")))))))
A16: INT-010 | X16: =IF(AND(NOT(COUNTIFS(Intervencoes!$A$7:$A$26,A16,Intervencoes!$B$7:$B$26,"<>")=1),COUNTA(B16:W16)=0),"",IF(NOT(COUNTIFS(Intervencoes!$A$7:$A$26,A16,Intervencoes!$B$7:$B$26,"<>")=1),"Rever intervenção sem designação",IF(OR(B16="",C16="",E16="",G16="",L16="",M16="",P16="",Q16="",V16=""),"Faltam dados do relatório",IF(OR(SUM(H16:K16)<=0,SUM(R16:U16)<=0),"Falta dimensão positiva",IF(AND(N16="",O16=""),"Falta prova dos danos",IF(AND(V16<>"Nenhuma",W16=""),"Falta justificação especial",IF(OR(R16>H16,S16>I16,T16>J16,U16>K16),"Rever dimensão e fundamentação","Preenchido; sujeito a análise")))))))
A17: INT-011 | X17: =IF(AND(NOT(COUNTIFS(Intervencoes!$A$7:$A$26,A17,Intervencoes!$B$7:$B$26,"<>")=1),COUNTA(B17:W17)=0),"",IF(NOT(COUNTIFS(Intervencoes!$A$7:$A$26,A17,Intervencoes!$B$7:$B$26,"<>")=1),"Rever intervenção sem designação",IF(OR(B17="",C17="",E17="",G17="",L17="",M17="",P17="",Q17="",V17=""),"Faltam dados do relatório",IF(OR(SUM(H17:K17)<=0,SUM(R17:U17)<=0),"Falta dimensão positiva",IF(AND(N17="",O17=""),"Falta prova dos danos",IF(AND(V17<>"Nenhuma",W17=""),"Falta justificação especial",IF(OR(R17>H17,S17>I17,T17>J17,U17>K17),"Rever dimensão e fundamentação","Preenchido; sujeito a análise")))))))
A18: INT-012 | X18: =IF(AND(NOT(COUNTIFS(Intervencoes!$A$7:$A$26,A18,Intervencoes!$B$7:$B$26,"<>")=1),COUNTA(B18:W18)=0),"",IF(NOT(COUNTIFS(Intervencoes!$A$7:$A$26,A18,Intervencoes!$B$7:$B$26,"<>")=1),"Rever intervenção sem designação",IF(OR(B18="",C18="",E18="",G18="",L18="",M18="",P18="",Q18="",V18=""),"Faltam dados do relatório",IF(OR(SUM(H18:K18)<=0,SUM(R18:U18)<=0),"Falta dimensão positiva",IF(AND(N18="",O18=""),"Falta prova dos danos",IF(AND(V18<>"Nenhuma",W18=""),"Falta justificação especial",IF(OR(R18>H18,S18>I18,T18>J18,U18>K18),"Rever dimensão e fundamentação","Preenchido; sujeito a análise")))))))
... A106: INT-100 | X106: =IF(AND(NOT(COUNTIFS(Intervencoes!$A$7:$A$26,A106,Intervencoes!$B$7:$B$26,"<>")=1),COUNTA(B106:W106)=0),"",IF(NOT(COUNTIFS(Intervencoes!$A$7:$A$26,A106,Intervencoes!$B$7:$B$26,"<>")=1),"Rever intervenção sem designação",IF(OR(B106="",C106="",E106="",G106="",L106="",M106="",P106="",Q106="",V106=""),"Faltam dados do relatório",IF(OR(SUM(H106:K106)<=0,SUM(R106:U106)<=0),"Falta dimensão positiva",IF(AND(N106="",O106=""),"Falta prova dos danos",IF(AND(V106<>"Nenhuma",W106=""),"Falta justificação especial",IF(OR(R106>H106,S106>I106,T106>J106,U106>K106),"Rever dimensão e fundamentação","Preenchido; sujeito a análise")))))))

Sheet Orcamento
A2: Mapa de quantidades e orçamento
A3: Preencher zeros reais. Deixar em branco o que está por apurar. Imputação ao dano por custo, sem percentagem territorial.
A4: Amarelo: requerente. Cinzento: cálculo. Lilás: CCDR. Não alterar os identificadores.
A6: ID artigo | B6: ID intervenção | C6: Descrição do artigo | D6: Natureza da despesa | E6: Unidade | F6: Quantidade | G6: Preço unitário sem IVA | H6: Subtotal sem IVA | I6: Taxa IVA | J6: IVA | K6: Total com IVA | L6: IVA recuperável | M6: Custo sem IVA imputável ao dano | N6: IVA não recuperável dessa parcela | O6: Fundamento IVA / rateio / preço zero | P6: Base da estimativa | Q6: DOC de suporte | R6: Recursos próprios excluídos | S6: Custo proposto para apoio | T6: Validação do artigo
A7: ART-001 | H7: =IF(B7="","",IF(COUNT(F7:G7)<2,"Por apurar",ROUND(F7*G7,2))) | J7: =IF(B7="","",IF(AND(ISNUMBER(H7),ISNUMBER(I7)),ROUND(H7*I7,2),"Por apurar")) | K7: =IF(B7="","",IF(AND(ISNUMBER(H7),ISNUMBER(J7)),H7+J7,"Por apurar")) | R7: =IF(B7="","",IF(COUNT(M7:N7)<2,"Por apurar",IF(OR(D7="Pessoal próprio",D7="Maquinaria própria"),SUM(M7:N7),0))) | S7: =IF(B7="","",IF(T7<>"OK","Por apurar",SUM(M7:N7)-R7)) | T7: =IF(COUNTA(B7:G7,I7,L7:Q7)=0,"",IF(NOT(COUNTIFS(Intervencoes!$A$7:$A$26,B7,Intervencoes!$B$7:$B$26,"<>")=1),"Rever ID intervenção",IF(OR(C7="",D7="",E7="",P7="",Q7="",COUNT(F7:G7,I7,L7:N7)<>6),"Faltam valores ou suporte",IF(OR(F7<=0,G7<0,I7<0,I7>1,L7<0,L7>J7,M7<0,M7>H7,N7<0,N7>J7-L7,N7>ROUND(M7*I7,2)),"Rever limites dos custos e IVA",IF(AND(OR(M7<H7,L7>0,N7<J7-L7,G7=0),O7=""),"Falta fundamento de IVA ou rateio",IF(COUNTIFS(Documentos!$A$7:$A$306,Q7,Documentos!$E$7:$E$306,"<>")<>1,"Falta documento de suporte","OK"))))))
A8: ART-002 | H8: =IF(B8="","",IF(COUNT(F8:G8)<2,"Por apurar",ROUND(F8*G8,2))) | J8: =IF(B8="","",IF(AND(ISNUMBER(H8),ISNUMBER(I8)),ROUND(H8*I8,2),"Por apurar")) | K8: =IF(B8="","",IF(AND(ISNUMBER(H8),ISNUMBER(J8)),H8+J8,"Por apurar")) | R8: =IF(B8="","",IF(COUNT(M8:N8)<2,"Por apurar",IF(OR(D8="Pessoal próprio",D8="Maquinaria própria"),SUM(M8:N8),0))) | S8: =IF(B8="","",IF(T8<>"OK","Por apurar",SUM(M8:N8)-R8)) | T8: =IF(COUNTA(B8:G8,I8,L8:Q8)=0,"",IF(NOT(COUNTIFS(Intervencoes!$A$7:$A$26,B8,Intervencoes!$B$7:$B$26,"<>")=1),"Rever ID intervenção",IF(OR(C8="",D8="",E8="",P8="",Q8="",COUNT(F8:G8,I8,L8:N8)<>6),"Faltam valores ou suporte",IF(OR(F8<=0,G8<0,I8<0,I8>1,L8<0,L8>J8,M8<0,M8>H8,N8<0,N8>J8-L8,N8>ROUND(M8*I8,2)),"Rever limites dos custos e IVA",IF(AND(OR(M8<H8,L8>0,N8<J8-L8,G8=0),O8=""),"Falta fundamento de IVA ou rateio",IF(COUNTIFS(Documentos!$A$7:$A$306,Q8,Documentos!$E$7:$E$306,"<>")<>1,"Falta documento de suporte","OK"))))))
A9: ART-003 | H9: =IF(B9="","",IF(COUNT(F9:G9)<2,"Por apurar",ROUND(F9*G9,2))) | J9: =IF(B9="","",IF(AND(ISNUMBER(H9),ISNUMBER(I9)),ROUND(H9*I9,2),"Por apurar")) | K9: =IF(B9="","",IF(AND(ISNUMBER(H9),ISNUMBER(J9)),H9+J9,"Por apurar")) | R9: =IF(B9="","",IF(COUNT(M9:N9)<2,"Por apurar",IF(OR(D9="Pessoal próprio",D9="Maquinaria própria"),SUM(M9:N9),0))) | S9: =IF(B9="","",IF(T9<>"OK","Por apurar",SUM(M9:N9)-R9)) | T9: =IF(COUNTA(B9:G9,I9,L9:Q9)=0,"",IF(NOT(COUNTIFS(Intervencoes!$A$7:$A$26,B9,Intervencoes!$B$7:$B$26,"<>")=1),"Rever ID intervenção",IF(OR(C9="",D9="",E9="",P9="",Q9="",COUNT(F9:G9,I9,L9:N9)<>6),"Faltam valores ou suporte",IF(OR(F9<=0,G9<0,I9<0,I9>1,L9<0,L9>J9,M9<0,M9>H9,N9<0,N9>J9-L9,N9>ROUND(M9*I9,2)),"Rever limites dos custos e IVA",IF(AND(OR(M9<H9,L9>0,N9<J9-L9,G9=0),O9=""),"Falta fundamento de IVA ou rateio",IF(COUNTIFS(Documentos!$A$7:$A$306,Q9,Documentos!$E$7:$E$306,"<>")<>1,"Falta documento de suporte","OK"))))))
A10: ART-004 | H10: =IF(B10="","",IF(COUNT(F10:G10)<2,"Por apurar",ROUND(F10*G10,2))) | J10: =IF(B10="","",IF(AND(ISNUMBER(H10),ISNUMBER(I10)),ROUND(H10*I10,2),"Por apurar")) | K10: =IF(B10="","",IF(AND(ISNUMBER(H10),ISNUMBER(J10)),H10+J10,"Por apurar")) | R10: =IF(B10="","",IF(COUNT(M10:N10)<2,"Por apurar",IF(OR(D10="Pessoal próprio",D10="Maquinaria própria"),SUM(M10:N10),0))) | S10: =IF(B10="","",IF(T10<>"OK","Por apurar",SUM(M10:N10)-R10)) | T10: =IF(COUNTA(B10:G10,I10,L10:Q10)=0,"",IF(NOT(COUNTIFS(Intervencoes!$A$7:$A$26,B10,Intervencoes!$B$7:$B$26,"<>")=1),"Rever ID intervenção",IF(OR(C10="",D10="",E10="",P10="",Q10="",COUNT(F10:G10,I10,L10:N10)<>6),"Faltam valores ou suporte",IF(OR(F10<=0,G10<0,I10<0,I10>1,L10<0,L10>J10,M10<0,M10>H10,N10<0,N10>J10-L10,N10>ROUND(M10*I10,2)),"Rever limites dos custos e IVA",IF(AND(OR(M10<H10,L10>0,N10<J10-L10,G10=0),O10=""),"Falta fundamento de IVA ou rateio",IF(COUNTIFS(Documentos!$A$7:$A$306,Q10,Documentos!$E$7:$E$306,"<>")<>1,"Falta documento de suporte","OK"))))))
A11: ART-005 | H11: =IF(B11="","",IF(COUNT(F11:G11)<2,"Por apurar",ROUND(F11*G11,2))) | J11: =IF(B11="","",IF(AND(ISNUMBER(H11),ISNUMBER(I11)),ROUND(H11*I11,2),"Por apurar")) | K11: =IF(B11="","",IF(AND(ISNUMBER(H11),ISNUMBER(J11)),H11+J11,"Por apurar")) | R11: =IF(B11="","",IF(COUNT(M11:N11)<2,"Por apurar",IF(OR(D11="Pessoal próprio",D11="Maquinaria própria"),SUM(M11:N11),0))) | S11: =IF(B11="","",IF(T11<>"OK","Por apurar",SUM(M11:N11)-R11)) | T11: =IF(COUNTA(B11:G11,I11,L11:Q11)=0,"",IF(NOT(COUNTIFS(Intervencoes!$A$7:$A$26,B11,Intervencoes!$B$7:$B$26,"<>")=1),"Rever ID intervenção",IF(OR(C11="",D11="",E11="",P11="",Q11="",COUNT(F11:G11,I11,L11:N11)<>6),"Faltam valores ou suporte",IF(OR(F11<=0,G11<0,I11<0,I11>1,L11<0,L11>J11,M11<0,M11>H11,N11<0,N11>J11-L11,N11>ROUND(M11*I11,2)),"Rever limites dos custos e IVA",IF(AND(OR(M11<H11,L11>0,N11<J11-L11,G11=0),O11=""),"Falta fundamento de IVA ou rateio",IF(COUNTIFS(Documentos!$A$7:$A$306,Q11,Documentos!$E$7:$E$306,"<>")<>1,"Falta documento de suporte","OK"))))))
A12: ART-006 | H12: =IF(B12="","",IF(COUNT(F12:G12)<2,"Por apurar",ROUND(F12*G12,2))) | J12: =IF(B12="","",IF(AND(ISNUMBER(H12),ISNUMBER(I12)),ROUND(H12*I12,2),"Por apurar")) | K12: =IF(B12="","",IF(AND(ISNUMBER(H12),ISNUMBER(J12)),H12+J12,"Por apurar")) | R12: =IF(B12="","",IF(COUNT(M12:N12)<2,"Por apurar",IF(OR(D12="Pessoal próprio",D12="Maquinaria própria"),SUM(M12:N12),0))) | S12: =IF(B12="","",IF(T12<>"OK","Por apurar",SUM(M12:N12)-R12)) | T12: =IF(COUNTA(B12:G12,I12,L12:Q12)=0,"",IF(NOT(COUNTIFS(Intervencoes!$A$7:$A$26,B12,Intervencoes!$B$7:$B$26,"<>")=1),"Rever ID intervenção",IF(OR(C12="",D12="",E12="",P12="",Q12="",COUNT(F12:G12,I12,L12:N12)<>6),"Faltam valores ou suporte",IF(OR(F12<=0,G12<0,I12<0,I12>1,L12<0,L12>J12,M12<0,M12>H12,N12<0,N12>J12-L12,N12>ROUND(M12*I12,2)),"Rever limites dos custos e IVA",IF(AND(OR(M12<H12,L12>0,N12<J12-L12,G12=0),O12=""),"Falta fundamento de IVA ou rateio",IF(COUNTIFS(Documentos!$A$7:$A$306,Q12,Documentos!$E$7:$E$306,"<>")<>1,"Falta documento de suporte","OK"))))))
A13: ART-007 | H13: =IF(B13="","",IF(COUNT(F13:G13)<2,"Por apurar",ROUND(F13*G13,2))) | J13: =IF(B13="","",IF(AND(ISNUMBER(H13),ISNUMBER(I13)),ROUND(H13*I13,2),"Por apurar")) | K13: =IF(B13="","",IF(AND(ISNUMBER(H13),ISNUMBER(J13)),H13+J13,"Por apurar")) | R13: =IF(B13="","",IF(COUNT(M13:N13)<2,"Por apurar",IF(OR(D13="Pessoal próprio",D13="Maquinaria própria"),SUM(M13:N13),0))) | S13: =IF(B13="","",IF(T13<>"OK","Por apurar",SUM(M13:N13)-R13)) | T13: =IF(COUNTA(B13:G13,I13,L13:Q13)=0,"",IF(NOT(COUNTIFS(Intervencoes!$A$7:$A$26,B13,Intervencoes!$B$7:$B$26,"<>")=1),"Rever ID intervenção",IF(OR(C13="",D13="",E13="",P13="",Q13="",COUNT(F13:G13,I13,L13:N13)<>6),"Faltam valores ou suporte",IF(OR(F13<=0,G13<0,I13<0,I13>1,L13<0,L13>J13,M13<0,M13>H13,N13<0,N13>J13-L13,N13>ROUND(M13*I13,2)),"Rever limites dos custos e IVA",IF(AND(OR(M13<H13,L13>0,N13<J13-L13,G13=0),O13=""),"Falta fundamento de IVA ou rateio",IF(COUNTIFS(Documentos!$A$7:$A$306,Q13,Documentos!$E$7:$E$306,"<>")<>1,"Falta documento de suporte","OK"))))))
A14: ART-008 | H14: =IF(B14="","",IF(COUNT(F14:G14)<2,"Por apurar",ROUND(F14*G14,2))) | J14: =IF(B14="","",IF(AND(ISNUMBER(H14),ISNUMBER(I14)),ROUND(H14*I14,2),"Por apurar")) | K14: =IF(B14="","",IF(AND(ISNUMBER(H14),ISNUMBER(J14)),H14+J14,"Por apurar")) | R14: =IF(B14="","",IF(COUNT(M14:N14)<2,"Por apurar",IF(OR(D14="Pessoal próprio",D14="Maquinaria própria"),SUM(M14:N14),0))) | S14: =IF(B14="","",IF(T14<>"OK","Por apurar",SUM(M14:N14)-R14)) | T14: =IF(COUNTA(B14:G14,I14,L14:Q14)=0,"",IF(NOT(COUNTIFS(Intervencoes!$A$7:$A$26,B14,Intervencoes!$B$7:$B$26,"<>")=1),"Rever ID intervenção",IF(OR(C14="",D14="",E14="",P14="",Q14="",COUNT(F14:G14,I14,L14:N14)<>6),"Faltam valores ou suporte",IF(OR(F14<=0,G14<0,I14<0,I14>1,L14<0,L14>J14,M14<0,M14>H14,N14<0,N14>J14-L14,N14>ROUND(M14*I14,2)),"Rever limites dos custos e IVA",IF(AND(OR(M14<H14,L14>0,N14<J14-L14,G14=0),O14=""),"Falta fundamento de IVA ou rateio",IF(COUNTIFS(Documentos!$A$7:$A$306,Q14,Documentos!$E$7:$E$306,"<>")<>1,"Falta documento de suporte","OK"))))))
A15: ART-009 | H15: =IF(B15="","",IF(COUNT(F15:G15)<2,"Por apurar",ROUND(F15*G15,2))) | J15: =IF(B15="","",IF(AND(ISNUMBER(H15),ISNUMBER(I15)),ROUND(H15*I15,2),"Por apurar")) | K15: =IF(B15="","",IF(AND(ISNUMBER(H15),ISNUMBER(J15)),H15+J15,"Por apurar")) | R15: =IF(B15="","",IF(COUNT(M15:N15)<2,"Por apurar",IF(OR(D15="Pessoal próprio",D15="Maquinaria própria"),SUM(M15:N15),0))) | S15: =IF(B15="","",IF(T15<>"OK","Por apurar",SUM(M15:N15)-R15)) | T15: =IF(COUNTA(B15:G15,I15,L15:Q15)=0,"",IF(NOT(COUNTIFS(Intervencoes!$A$7:$A$26,B15,Intervencoes!$B$7:$B$26,"<>")=1),"Rever ID intervenção",IF(OR(C15="",D15="",E15="",P15="",Q15="",COUNT(F15:G15,I15,L15:N15)<>6),"Faltam valores ou suporte",IF(OR(F15<=0,G15<0,I15<0,I15>1,L15<0,L15>J15,M15<0,M15>H15,N15<0,N15>J15-L15,N15>ROUND(M15*I15,2)),"Rever limites dos custos e IVA",IF(AND(OR(M15<H15,L15>0,N15<J15-L15,G15=0),O15=""),"Falta fundamento de IVA ou rateio",IF(COUNTIFS(Documentos!$A$7:$A$306,Q15,Documentos!$E$7:$E$306,"<>")<>1,"Falta documento de suporte","OK"))))))
A16: ART-010 | H16: =IF(B16="","",IF(COUNT(F16:G16)<2,"Por apurar",ROUND(F16*G16,2))) | J16: =IF(B16="","",IF(AND(ISNUMBER(H16),ISNUMBER(I16)),ROUND(H16*I16,2),"Por apurar")) | K16: =IF(B16="","",IF(AND(ISNUMBER(H16),ISNUMBER(J16)),H16+J16,"Por apurar")) | R16: =IF(B16="","",IF(COUNT(M16:N16)<2,"Por apurar",IF(OR(D16="Pessoal próprio",D16="Maquinaria própria"),SUM(M16:N16),0))) | S16: =IF(B16="","",IF(T16<>"OK","Por apurar",SUM(M16:N16)-R16)) | T16: =IF(COUNTA(B16:G16,I16,L16:Q16)=0,"",IF(NOT(COUNTIFS(Intervencoes!$A$7:$A$26,B16,Intervencoes!$B$7:$B$26,"<>")=1),"Rever ID intervenção",IF(OR(C16="",D16="",E16="",P16="",Q16="",COUNT(F16:G16,I16,L16:N16)<>6),"Faltam valores ou suporte",IF(OR(F16<=0,G16<0,I16<0,I16>1,L16<0,L16>J16,M16<0,M16>H16,N16<0,N16>J16-L16,N16>ROUND(M16*I16,2)),"Rever limites dos custos e IVA",IF(AND(OR(M16<H16,L16>0,N16<J16-L16,G16=0),O16=""),"Falta fundamento de IVA ou rateio",IF(COUNTIFS(Documentos!$A$7:$A$306,Q16,Documentos!$E$7:$E$306,"<>")<>1,"Falta documento de suporte","OK"))))))
A17: ART-011 | H17: =IF(B17="","",IF(COUNT(F17:G17)<2,"Por apurar",ROUND(F17*G17,2))) | J17: =IF(B17="","",IF(AND(ISNUMBER(H17),ISNUMBER(I17)),ROUND(H17*I17,2),"Por apurar")) | K17: =IF(B17="","",IF(AND(ISNUMBER(H17),ISNUMBER(J17)),H17+J17,"Por apurar")) | R17: =IF(B17="","",IF(COUNT(M17:N17)<2,"Por apurar",IF(OR(D17="Pessoal próprio",D17="Maquinaria própria"),SUM(M17:N17),0))) | S17: =IF(B17="","",IF(T17<>"OK","Por apurar",SUM(M17:N17)-R17)) | T17: =IF(COUNTA(B17:G17,I17,L17:Q17)=0,"",IF(NOT(COUNTIFS(Intervencoes!$A$7:$A$26,B17,Intervencoes!$B$7:$B$26,"<>")=1),"Rever ID intervenção",IF(OR(C17="",D17="",E17="",P17="",Q17="",COUNT(F17:G17,I17,L17:N17)<>6),"Faltam valores ou suporte",IF(OR(F17<=0,G17<0,I17<0,I17>1,L17<0,L17>J17,M17<0,M17>H17,N17<0,N17>J17-L17,N17>ROUND(M17*I17,2)),"Rever limites dos custos e IVA",IF(AND(OR(M17<H17,L17>0,N17<J17-L17,G17=0),O17=""),"Falta fundamento de IVA ou rateio",IF(COUNTIFS(Documentos!$A$7:$A$306,Q17,Documentos!$E$7:$E$306,"<>")<>1,"Falta documento de suporte","OK"))))))
A18: ART-012 | H18: =IF(B18="","",IF(COUNT(F18:G18)<2,"Por apurar",ROUND(F18*G18,2))) | J18: =IF(B18="","",IF(AND(ISNUMBER(H18),ISNUMBER(I18)),ROUND(H18*I18,2),"Por apurar")) | K18: =IF(B18="","",IF(AND(ISNUMBER(H18),ISNUMBER(J18)),H18+J18,"Por apurar")) | R18: =IF(B18="","",IF(COUNT(M18:N18)<2,"Por apurar",IF(OR(D18="Pessoal próprio",D18="Maquinaria própria"),SUM(M18:N18),0))) | S18: =IF(B18="","",IF(T18<>"OK","Por apurar",SUM(M18:N18)-R18)) | T18: =IF(COUNTA(B18:G18,I18,L18:Q18)=0,"",IF(NOT(COUNTIFS(Intervencoes!$A$7:$A$26,B18,Intervencoes!$B$7:$B$26,"<>")=1),"Rever ID intervenção",IF(OR(C18="",D18="",E18="",P18="",Q18="",COUNT(F18:G18,I18,L18:N18)<>6),"Faltam valores ou suporte",IF(OR(F18<=0,G18<0,I18<0,I18>1,L18<0,L18>J18,M18<0,M18>H18,N18<0,N18>J18-L18,N18>ROUND(M18*I18,2)),"Rever limites dos custos e IVA",IF(AND(OR(M18<H18,L18>0,N18<J18-L18,G18=0),O18=""),"Falta fundamento de IVA ou rateio",IF(COUNTIFS(Documentos!$A$7:$A$306,Q18,Documentos!$E$7:$E$306,"<>")<>1,"Falta documento de suporte","OK"))))))
... A306: ART-300 | H306: =IF(B306="","",IF(COUNT(F306:G306)<2,"Por apurar",ROUND(F306*G306,2))) | J306: =IF(B306="","",IF(AND(ISNUMBER(H306),ISNUMBER(I306)),ROUND(H306*I306,2),"Por apurar")) | K306: =IF(B306="","",IF(AND(ISNUMBER(H306),ISNUMBER(J306)),H306+J306,"Por apurar")) | R306: =IF(B306="","",IF(COUNT(M306:N306)<2,"Por apurar",IF(OR(D306="Pessoal próprio",D306="Maquinaria própria"),SUM(M306:N306),0))) | S306: =IF(B306="","",IF(T306<>"OK","Por apurar",SUM(M306:N306)-R306)) | T306: =IF(COUNTA(B306:G306,I306,L306:Q306)=0,"",IF(NOT(COUNTIFS(Intervencoes!$A$7:$A$26,B306,Intervencoes!$B$7:$B$26,"<>")=1),"Rever ID intervenção",IF(OR(C306="",D306="",E306="",P306="",Q306="",COUNT(F306:G306,I306,L306:N306)<>6),"Faltam valores ou suporte",IF(OR(F306<=0,G306<0,I306<0,I306>1,L306<0,L306>J306,M306<0,M306>H306,N306<0,N306>J306-L306,N306>ROUND(M306*I306,2)),"Rever limites dos custos e IVA",IF(AND(OR(M306<H306,L306>0,N306<J306-L306,G306=0),O306=""),"Falta fundamento de IVA ou rateio",IF(COUNTIFS(Documentos!$A$7:$A$306,Q306,Documentos!$E$7:$E$306,"<>")<>1,"Falta documento de suporte","OK"))))))

Sheet Fontes
A2: Seguros e outros apoios
A3: Uma linha por apólice/processo. Estimado, reconhecido e recebido são fases da mesma fonte; não se somam.
A4: Amarelo: requerente. Cinzento: cálculo. Lilás: CCDR. Não alterar os identificadores.
A6: ID fonte | B6: Tipo de fonte | C6: Seguradora / financiador | D6: Apólice / processo | E6: Estado | F6: Estimado / solicitado | G6: Reconhecido / aprovado total | H6: Recebido acumulado | I6: DOC decisão / apólice | J6: Montante confirmado afeto à candidatura | K6: Cobertura distribuída | L6: Saldo por distribuir | M6: Validação da fonte
A7: FIN-001 | K7: =IF(B7="","",SUMIF(Coberturas!$B$7:$B$306,A7,Coberturas!$E$7:$E$306)) | L7: =IF(B7="","",IF(ISNUMBER(J7),J7-K7,"Por apurar")) | M7: =IF(COUNTA(B7:J7)=0,"",IF(OR(B7="",C7="",D7="",E7=""),"Faltam dados da fonte",IF(OR(E7="Previsto",E7="Solicitado",E7="Em análise"),"Fonte pendente",IF(OR(COUNT(G7:H7,J7)<>3,I7=""),"Faltam montantes ou decisão",IF(OR(G7<0,H7<0,H7>G7,J7<0,J7>G7,AND(E7="Recusado",OR(G7<>0,J7<>0))),"Rever montantes da fonte",IF(ABS(L7)>0.01,"Rever distribuição da fonte",IF(COUNTIFS(Documentos!$A$7:$A$306,I7,Documentos!$E$7:$E$306,"<>")<>1,"Falta documento da fonte","OK")))))))
A8: FIN-002 | K8: =IF(B8="","",SUMIF(Coberturas!$B$7:$B$306,A8,Coberturas!$E$7:$E$306)) | L8: =IF(B8="","",IF(ISNUMBER(J8),J8-K8,"Por apurar")) | M8: =IF(COUNTA(B8:J8)=0,"",IF(OR(B8="",C8="",D8="",E8=""),"Faltam dados da fonte",IF(OR(E8="Previsto",E8="Solicitado",E8="Em análise"),"Fonte pendente",IF(OR(COUNT(G8:H8,J8)<>3,I8=""),"Faltam montantes ou decisão",IF(OR(G8<0,H8<0,H8>G8,J8<0,J8>G8,AND(E8="Recusado",OR(G8<>0,J8<>0))),"Rever montantes da fonte",IF(ABS(L8)>0.01,"Rever distribuição da fonte",IF(COUNTIFS(Documentos!$A$7:$A$306,I8,Documentos!$E$7:$E$306,"<>")<>1,"Falta documento da fonte","OK")))))))
A9: FIN-003 | K9: =IF(B9="","",SUMIF(Coberturas!$B$7:$B$306,A9,Coberturas!$E$7:$E$306)) | L9: =IF(B9="","",IF(ISNUMBER(J9),J9-K9,"Por apurar")) | M9: =IF(COUNTA(B9:J9)=0,"",IF(OR(B9="",C9="",D9="",E9=""),"Faltam dados da fonte",IF(OR(E9="Previsto",E9="Solicitado",E9="Em análise"),"Fonte pendente",IF(OR(COUNT(G9:H9,J9)<>3,I9=""),"Faltam montantes ou decisão",IF(OR(G9<0,H9<0,H9>G9,J9<0,J9>G9,AND(E9="Recusado",OR(G9<>0,J9<>0))),"Rever montantes da fonte",IF(ABS(L9)>0.01,"Rever distribuição da fonte",IF(COUNTIFS(Documentos!$A$7:$A$306,I9,Documentos!$E$7:$E$306,"<>")<>1,"Falta documento da fonte","OK")))))))
A10: FIN-004 | K10: =IF(B10="","",SUMIF(Coberturas!$B$7:$B$306,A10,Coberturas!$E$7:$E$306)) | L10: =IF(B10="","",IF(ISNUMBER(J10),J10-K10,"Por apurar")) | M10: =IF(COUNTA(B10:J10)=0,"",IF(OR(B10="",C10="",D10="",E10=""),"Faltam dados da fonte",IF(OR(E10="Previsto",E10="Solicitado",E10="Em análise"),"Fonte pendente",IF(OR(COUNT(G10:H10,J10)<>3,I10=""),"Faltam montantes ou decisão",IF(OR(G10<0,H10<0,H10>G10,J10<0,J10>G10,AND(E10="Recusado",OR(G10<>0,J10<>0))),"Rever montantes da fonte",IF(ABS(L10)>0.01,"Rever distribuição da fonte",IF(COUNTIFS(Documentos!$A$7:$A$306,I10,Documentos!$E$7:$E$306,"<>")<>1,"Falta documento da fonte","OK")))))))
A11: FIN-005 | K11: =IF(B11="","",SUMIF(Coberturas!$B$7:$B$306,A11,Coberturas!$E$7:$E$306)) | L11: =IF(B11="","",IF(ISNUMBER(J11),J11-K11,"Por apurar")) | M11: =IF(COUNTA(B11:J11)=0,"",IF(OR(B11="",C11="",D11="",E11=""),"Faltam dados da fonte",IF(OR(E11="Previsto",E11="Solicitado",E11="Em análise"),"Fonte pendente",IF(OR(COUNT(G11:H11,J11)<>3,I11=""),"Faltam montantes ou decisão",IF(OR(G11<0,H11<0,H11>G11,J11<0,J11>G11,AND(E11="Recusado",OR(G11<>0,J11<>0))),"Rever montantes da fonte",IF(ABS(L11)>0.01,"Rever distribuição da fonte",IF(COUNTIFS(Documentos!$A$7:$A$306,I11,Documentos!$E$7:$E$306,"<>")<>1,"Falta documento da fonte","OK")))))))
A12: FIN-006 | K12: =IF(B12="","",SUMIF(Coberturas!$B$7:$B$306,A12,Coberturas!$E$7:$E$306)) | L12: =IF(B12="","",IF(ISNUMBER(J12),J12-K12,"Por apurar")) | M12: =IF(COUNTA(B12:J12)=0,"",IF(OR(B12="",C12="",D12="",E12=""),"Faltam dados da fonte",IF(OR(E12="Previsto",E12="Solicitado",E12="Em análise"),"Fonte pendente",IF(OR(COUNT(G12:H12,J12)<>3,I12=""),"Faltam montantes ou decisão",IF(OR(G12<0,H12<0,H12>G12,J12<0,J12>G12,AND(E12="Recusado",OR(G12<>0,J12<>0))),"Rever montantes da fonte",IF(ABS(L12)>0.01,"Rever distribuição da fonte",IF(COUNTIFS(Documentos!$A$7:$A$306,I12,Documentos!$E$7:$E$306,"<>")<>1,"Falta documento da fonte","OK")))))))
A13: FIN-007 | K13: =IF(B13="","",SUMIF(Coberturas!$B$7:$B$306,A13,Coberturas!$E$7:$E$306)) | L13: =IF(B13="","",IF(ISNUMBER(J13),J13-K13,"Por apurar")) | M13: =IF(COUNTA(B13:J13)=0,"",IF(OR(B13="",C13="",D13="",E13=""),"Faltam dados da fonte",IF(OR(E13="Previsto",E13="Solicitado",E13="Em análise"),"Fonte pendente",IF(OR(COUNT(G13:H13,J13)<>3,I13=""),"Faltam montantes ou decisão",IF(OR(G13<0,H13<0,H13>G13,J13<0,J13>G13,AND(E13="Recusado",OR(G13<>0,J13<>0))),"Rever montantes da fonte",IF(ABS(L13)>0.01,"Rever distribuição da fonte",IF(COUNTIFS(Documentos!$A$7:$A$306,I13,Documentos!$E$7:$E$306,"<>")<>1,"Falta documento da fonte","OK")))))))
A14: FIN-008 | K14: =IF(B14="","",SUMIF(Coberturas!$B$7:$B$306,A14,Coberturas!$E$7:$E$306)) | L14: =IF(B14="","",IF(ISNUMBER(J14),J14-K14,"Por apurar")) | M14: =IF(COUNTA(B14:J14)=0,"",IF(OR(B14="",C14="",D14="",E14=""),"Faltam dados da fonte",IF(OR(E14="Previsto",E14="Solicitado",E14="Em análise"),"Fonte pendente",IF(OR(COUNT(G14:H14,J14)<>3,I14=""),"Faltam montantes ou decisão",IF(OR(G14<0,H14<0,H14>G14,J14<0,J14>G14,AND(E14="Recusado",OR(G14<>0,J14<>0))),"Rever montantes da fonte",IF(ABS(L14)>0.01,"Rever distribuição da fonte",IF(COUNTIFS(Documentos!$A$7:$A$306,I14,Documentos!$E$7:$E$306,"<>")<>1,"Falta documento da fonte","OK")))))))
A15: FIN-009 | K15: =IF(B15="","",SUMIF(Coberturas!$B$7:$B$306,A15,Coberturas!$E$7:$E$306)) | L15: =IF(B15="","",IF(ISNUMBER(J15),J15-K15,"Por apurar")) | M15: =IF(COUNTA(B15:J15)=0,"",IF(OR(B15="",C15="",D15="",E15=""),"Faltam dados da fonte",IF(OR(E15="Previsto",E15="Solicitado",E15="Em análise"),"Fonte pendente",IF(OR(COUNT(G15:H15,J15)<>3,I15=""),"Faltam montantes ou decisão",IF(OR(G15<0,H15<0,H15>G15,J15<0,J15>G15,AND(E15="Recusado",OR(G15<>0,J15<>0))),"Rever montantes da fonte",IF(ABS(L15)>0.01,"Rever distribuição da fonte",IF(COUNTIFS(Documentos!$A$7:$A$306,I15,Documentos!$E$7:$E$306,"<>")<>1,"Falta documento da fonte","OK")))))))
A16: FIN-010 | K16: =IF(B16="","",SUMIF(Coberturas!$B$7:$B$306,A16,Coberturas!$E$7:$E$306)) | L16: =IF(B16="","",IF(ISNUMBER(J16),J16-K16,"Por apurar")) | M16: =IF(COUNTA(B16:J16)=0,"",IF(OR(B16="",C16="",D16="",E16=""),"Faltam dados da fonte",IF(OR(E16="Previsto",E16="Solicitado",E16="Em análise"),"Fonte pendente",IF(OR(COUNT(G16:H16,J16)<>3,I16=""),"Faltam montantes ou decisão",IF(OR(G16<0,H16<0,H16>G16,J16<0,J16>G16,AND(E16="Recusado",OR(G16<>0,J16<>0))),"Rever montantes da fonte",IF(ABS(L16)>0.01,"Rever distribuição da fonte",IF(COUNTIFS(Documentos!$A$7:$A$306,I16,Documentos!$E$7:$E$306,"<>")<>1,"Falta documento da fonte","OK")))))))
A17: FIN-011 | K17: =IF(B17="","",SUMIF(Coberturas!$B$7:$B$306,A17,Coberturas!$E$7:$E$306)) | L17: =IF(B17="","",IF(ISNUMBER(J17),J17-K17,"Por apurar")) | M17: =IF(COUNTA(B17:J17)=0,"",IF(OR(B17="",C17="",D17="",E17=""),"Faltam dados da fonte",IF(OR(E17="Previsto",E17="Solicitado",E17="Em análise"),"Fonte pendente",IF(OR(COUNT(G17:H17,J17)<>3,I17=""),"Faltam montantes ou decisão",IF(OR(G17<0,H17<0,H17>G17,J17<0,J17>G17,AND(E17="Recusado",OR(G17<>0,J17<>0))),"Rever montantes da fonte",IF(ABS(L17)>0.01,"Rever distribuição da fonte",IF(COUNTIFS(Documentos!$A$7:$A$306,I17,Documentos!$E$7:$E$306,"<>")<>1,"Falta documento da fonte","OK")))))))
A18: FIN-012 | K18: =IF(B18="","",SUMIF(Coberturas!$B$7:$B$306,A18,Coberturas!$E$7:$E$306)) | L18: =IF(B18="","",IF(ISNUMBER(J18),J18-K18,"Por apurar")) | M18: =IF(COUNTA(B18:J18)=0,"",IF(OR(B18="",C18="",D18="",E18=""),"Faltam dados da fonte",IF(OR(E18="Previsto",E18="Solicitado",E18="Em análise"),"Fonte pendente",IF(OR(COUNT(G18:H18,J18)<>3,I18=""),"Faltam montantes ou decisão",IF(OR(G18<0,H18<0,H18>G18,J18<0,J18>G18,AND(E18="Recusado",OR(G18<>0,J18<>0))),"Rever montantes da fonte",IF(ABS(L18)>0.01,"Rever distribuição da fonte",IF(COUNTIFS(Documentos!$A$7:$A$306,I18,Documentos!$E$7:$E$306,"<>")<>1,"Falta documento da fonte","OK")))))))
... A106: FIN-100 | K106: =IF(B106="","",SUMIF(Coberturas!$B$7:$B$306,A106,Coberturas!$E$7:$E$306)) | L106: =IF(B106="","",IF(ISNUMBER(J106),J106-K106,"Por apurar")) | M106: =IF(COUNTA(B106:J106)=0,"",IF(OR(B106="",C106="",D106="",E106=""),"Faltam dados da fonte",IF(OR(E106="Previsto",E106="Solicitado",E106="Em análise"),"Fonte pendente",IF(OR(COUNT(G106:H106,J106)<>3,I106=""),"Faltam montantes ou decisão",IF(OR(G106<0,H106<0,H106>G106,J106<0,J106>G106,AND(E106="Recusado",OR(G106<>0,J106<>0))),"Rever montantes da fonte",IF(ABS(L106)>0.01,"Rever distribuição da fonte",IF(COUNTIFS(Documentos!$A$7:$A$306,I106,Documentos!$E$7:$E$306,"<>")<>1,"Falta documento da fonte","OK")))))))

Sheet Coberturas
A2: Imputação de seguros e apoios aos custos
A3: Uma linha por par fonte/artigo. Distribuir a cobertura bruta e a parte que incide no custo proposto para apoio.
A4: Amarelo: requerente. Cinzento: cálculo. Lilás: CCDR. Não alterar os identificadores.
A6: ID cobertura | B6: ID fonte | C6: ID artigo | D6: ID intervenção | E6: Cobertura do custo bruto | F6: Parcela sobre custo proposto | G6: Situação | H6: Fundamento / evidência | I6: Validação da cobertura
A7: COB-001 | D7: =IF(C7="","",IF(COUNTIF(Orcamento!$A$7:$A$106,C7)<>1,"Rever ID",IF(INDEX(Orcamento!$B$7:$B$106,MATCH(C7,Orcamento!$A$7:$A$106,0))="","Rever artigo sem intervenção",INDEX(Orcamento!$B$7:$B$106,MATCH(C7,Orcamento!$A$7:$A$106,0))))) | I7: =IF(COUNTA(B7:C7,E7:H7)=0,"",IF(OR(COUNTIFS(Fontes!$A$7:$A$106,B7,Fontes!$B$7:$B$106,"<>")<>1,COUNTIFS(Orcamento!$A$7:$A$306,C7,Orcamento!$B$7:$B$306,"<>")<>1),"Rever fonte ou artigo",IF(OR(G7<>"Confirmada",COUNT(E7:F7)<>2),"Cobertura por apurar",IF(COUNTIFS($B$7:$B$310,B7,$C$7:$C$310,C7)>1,"Rever par fonte/artigo duplicado",IF(INDEX(Orcamento!$T$7:$T$306,MATCH(C7,Orcamento!$A$7:$A$306,0))<>"OK","Rever orçamento associado",IF(OR(E7<0,F7<0,F7>E7,SUMIF($C$7:$C$310,C7,$E$7:$E$310)>INDEX(Orcamento!$K$7:$K$306,MATCH(C7,Orcamento!$A$7:$A$306,0))-INDEX(Orcamento!$L$7:$L$306,MATCH(C7,Orcamento!$A$7:$A$306,0)),SUMIF($C$7:$C$310,C7,$F$7:$F$310)>INDEX(Orcamento!$S$7:$S$306,MATCH(C7,Orcamento!$A$7:$A$306,0)),SUMIF($C$7:$C$310,C7,$E$7:$E$310)-SUMIF($C$7:$C$310,C7,$F$7:$F$310)>INDEX(Orcamento!$K$7:$K$306,MATCH(C7,Orcamento!$A$7:$A$306,0))-INDEX(Orcamento!$L$7:$L$306,MATCH(C7,Orcamento!$A$7:$A$306,0))-INDEX(Orcamento!$S$7:$S$306,MATCH(C7,Orcamento!$A$7:$A$306,0))),"Rever sobreposição ou limites",IF(H7="","Falta fundamento","OK")))))))
A8: COB-002 | D8: =IF(C8="","",IF(COUNTIF(Orcamento!$A$7:$A$106,C8)<>1,"Rever ID",IF(INDEX(Orcamento!$B$7:$B$106,MATCH(C8,Orcamento!$A$7:$A$106,0))="","Rever artigo sem intervenção",INDEX(Orcamento!$B$7:$B$106,MATCH(C8,Orcamento!$A$7:$A$106,0))))) | I8: =IF(COUNTA(B8:C8,E8:H8)=0,"",IF(OR(COUNTIFS(Fontes!$A$7:$A$106,B8,Fontes!$B$7:$B$106,"<>")<>1,COUNTIFS(Orcamento!$A$7:$A$306,C8,Orcamento!$B$7:$B$306,"<>")<>1),"Rever fonte ou artigo",IF(OR(G8<>"Confirmada",COUNT(E8:F8)<>2),"Cobertura por apurar",IF(COUNTIFS($B$7:$B$310,B8,$C$7:$C$310,C8)>1,"Rever par fonte/artigo duplicado",IF(INDEX(Orcamento!$T$7:$T$306,MATCH(C8,Orcamento!$A$7:$A$306,0))<>"OK","Rever orçamento associado",IF(OR(E8<0,F8<0,F8>E8,SUMIF($C$7:$C$310,C8,$E$7:$E$310)>INDEX(Orcamento!$K$7:$K$306,MATCH(C8,Orcamento!$A$7:$A$306,0))-INDEX(Orcamento!$L$7:$L$306,MATCH(C8,Orcamento!$A$7:$A$306,0)),SUMIF($C$7:$C$310,C8,$F$7:$F$310)>INDEX(Orcamento!$S$7:$S$306,MATCH(C8,Orcamento!$A$7:$A$306,0)),SUMIF($C$7:$C$310,C8,$E$7:$E$310)-SUMIF($C$7:$C$310,C8,$F$7:$F$310)>INDEX(Orcamento!$K$7:$K$306,MATCH(C8,Orcamento!$A$7:$A$306,0))-INDEX(Orcamento!$L$7:$L$306,MATCH(C8,Orcamento!$A$7:$A$306,0))-INDEX(Orcamento!$S$7:$S$306,MATCH(C8,Orcamento!$A$7:$A$306,0))),"Rever sobreposição ou limites",IF(H8="","Falta fundamento","OK")))))))
A9: COB-003 | D9: =IF(C9="","",IF(COUNTIF(Orcamento!$A$7:$A$106,C9)<>1,"Rever ID",IF(INDEX(Orcamento!$B$7:$B$106,MATCH(C9,Orcamento!$A$7:$A$106,0))="","Rever artigo sem intervenção",INDEX(Orcamento!$B$7:$B$106,MATCH(C9,Orcamento!$A$7:$A$106,0))))) | I9: =IF(COUNTA(B9:C9,E9:H9)=0,"",IF(OR(COUNTIFS(Fontes!$A$7:$A$106,B9,Fontes!$B$7:$B$106,"<>")<>1,COUNTIFS(Orcamento!$A$7:$A$306,C9,Orcamento!$B$7:$B$306,"<>")<>1),"Rever fonte ou artigo",IF(OR(G9<>"Confirmada",COUNT(E9:F9)<>2),"Cobertura por apurar",IF(COUNTIFS($B$7:$B$310,B9,$C$7:$C$310,C9)>1,"Rever par fonte/artigo duplicado",IF(INDEX(Orcamento!$T$7:$T$306,MATCH(C9,Orcamento!$A$7:$A$306,0))<>"OK","Rever orçamento associado",IF(OR(E9<0,F9<0,F9>E9,SUMIF($C$7:$C$310,C9,$E$7:$E$310)>INDEX(Orcamento!$K$7:$K$306,MATCH(C9,Orcamento!$A$7:$A$306,0))-INDEX(Orcamento!$L$7:$L$306,MATCH(C9,Orcamento!$A$7:$A$306,0)),SUMIF($C$7:$C$310,C9,$F$7:$F$310)>INDEX(Orcamento!$S$7:$S$306,MATCH(C9,Orcamento!$A$7:$A$306,0)),SUMIF($C$7:$C$310,C9,$E$7:$E$310)-SUMIF($C$7:$C$310,C9,$F$7:$F$310)>INDEX(Orcamento!$K$7:$K$306,MATCH(C9,Orcamento!$A$7:$A$306,0))-INDEX(Orcamento!$L$7:$L$306,MATCH(C9,Orcamento!$A$7:$A$306,0))-INDEX(Orcamento!$S$7:$S$306,MATCH(C9,Orcamento!$A$7:$A$306,0))),"Rever sobreposição ou limites",IF(H9="","Falta fundamento","OK")))))))
A10: COB-004 | D10: =IF(C10="","",IF(COUNTIF(Orcamento!$A$7:$A$106,C10)<>1,"Rever ID",IF(INDEX(Orcamento!$B$7:$B$106,MATCH(C10,Orcamento!$A$7:$A$106,0))="","Rever artigo sem intervenção",INDEX(Orcamento!$B$7:$B$106,MATCH(C10,Orcamento!$A$7:$A$106,0))))) | I10: =IF(COUNTA(B10:C10,E10:H10)=0,"",IF(OR(COUNTIFS(Fontes!$A$7:$A$106,B10,Fontes!$B$7:$B$106,"<>")<>1,COUNTIFS(Orcamento!$A$7:$A$306,C10,Orcamento!$B$7:$B$306,"<>")<>1),"Rever fonte ou artigo",IF(OR(G10<>"Confirmada",COUNT(E10:F10)<>2),"Cobertura por apurar",IF(COUNTIFS($B$7:$B$310,B10,$C$7:$C$310,C10)>1,"Rever par fonte/artigo duplicado",IF(INDEX(Orcamento!$T$7:$T$306,MATCH(C10,Orcamento!$A$7:$A$306,0))<>"OK","Rever orçamento associado",IF(OR(E10<0,F10<0,F10>E10,SUMIF($C$7:$C$310,C10,$E$7:$E$310)>INDEX(Orcamento!$K$7:$K$306,MATCH(C10,Orcamento!$A$7:$A$306,0))-INDEX(Orcamento!$L$7:$L$306,MATCH(C10,Orcamento!$A$7:$A$306,0)),SUMIF($C$7:$C$310,C10,$F$7:$F$310)>INDEX(Orcamento!$S$7:$S$306,MATCH(C10,Orcamento!$A$7:$A$306,0)),SUMIF($C$7:$C$310,C10,$E$7:$E$310)-SUMIF($C$7:$C$310,C10,$F$7:$F$310)>INDEX(Orcamento!$K$7:$K$306,MATCH(C10,Orcamento!$A$7:$A$306,0))-INDEX(Orcamento!$L$7:$L$306,MATCH(C10,Orcamento!$A$7:$A$306,0))-INDEX(Orcamento!$S$7:$S$306,MATCH(C10,Orcamento!$A$7:$A$306,0))),"Rever sobreposição ou limites",IF(H10="","Falta fundamento","OK")))))))
A11: COB-005 | D11: =IF(C11="","",IF(COUNTIF(Orcamento!$A$7:$A$106,C11)<>1,"Rever ID",IF(INDEX(Orcamento!$B$7:$B$106,MATCH(C11,Orcamento!$A$7:$A$106,0))="","Rever artigo sem intervenção",INDEX(Orcamento!$B$7:$B$106,MATCH(C11,Orcamento!$A$7:$A$106,0))))) | I11: =IF(COUNTA(B11:C11,E11:H11)=0,"",IF(OR(COUNTIFS(Fontes!$A$7:$A$106,B11,Fontes!$B$7:$B$106,"<>")<>1,COUNTIFS(Orcamento!$A$7:$A$306,C11,Orcamento!$B$7:$B$306,"<>")<>1),"Rever fonte ou artigo",IF(OR(G11<>"Confirmada",COUNT(E11:F11)<>2),"Cobertura por apurar",IF(COUNTIFS($B$7:$B$310,B11,$C$7:$C$310,C11)>1,"Rever par fonte/artigo duplicado",IF(INDEX(Orcamento!$T$7:$T$306,MATCH(C11,Orcamento!$A$7:$A$306,0))<>"OK","Rever orçamento associado",IF(OR(E11<0,F11<0,F11>E11,SUMIF($C$7:$C$310,C11,$E$7:$E$310)>INDEX(Orcamento!$K$7:$K$306,MATCH(C11,Orcamento!$A$7:$A$306,0))-INDEX(Orcamento!$L$7:$L$306,MATCH(C11,Orcamento!$A$7:$A$306,0)),SUMIF($C$7:$C$310,C11,$F$7:$F$310)>INDEX(Orcamento!$S$7:$S$306,MATCH(C11,Orcamento!$A$7:$A$306,0)),SUMIF($C$7:$C$310,C11,$E$7:$E$310)-SUMIF($C$7:$C$310,C11,$F$7:$F$310)>INDEX(Orcamento!$K$7:$K$306,MATCH(C11,Orcamento!$A$7:$A$306,0))-INDEX(Orcamento!$L$7:$L$306,MATCH(C11,Orcamento!$A$7:$A$306,0))-INDEX(Orcamento!$S$7:$S$306,MATCH(C11,Orcamento!$A$7:$A$306,0))),"Rever sobreposição ou limites",IF(H11="","Falta fundamento","OK")))))))
A12: COB-006 | D12: =IF(C12="","",IF(COUNTIF(Orcamento!$A$7:$A$106,C12)<>1,"Rever ID",IF(INDEX(Orcamento!$B$7:$B$106,MATCH(C12,Orcamento!$A$7:$A$106,0))="","Rever artigo sem intervenção",INDEX(Orcamento!$B$7:$B$106,MATCH(C12,Orcamento!$A$7:$A$106,0))))) | I12: =IF(COUNTA(B12:C12,E12:H12)=0,"",IF(OR(COUNTIFS(Fontes!$A$7:$A$106,B12,Fontes!$B$7:$B$106,"<>")<>1,COUNTIFS(Orcamento!$A$7:$A$306,C12,Orcamento!$B$7:$B$306,"<>")<>1),"Rever fonte ou artigo",IF(OR(G12<>"Confirmada",COUNT(E12:F12)<>2),"Cobertura por apurar",IF(COUNTIFS($B$7:$B$310,B12,$C$7:$C$310,C12)>1,"Rever par fonte/artigo duplicado",IF(INDEX(Orcamento!$T$7:$T$306,MATCH(C12,Orcamento!$A$7:$A$306,0))<>"OK","Rever orçamento associado",IF(OR(E12<0,F12<0,F12>E12,SUMIF($C$7:$C$310,C12,$E$7:$E$310)>INDEX(Orcamento!$K$7:$K$306,MATCH(C12,Orcamento!$A$7:$A$306,0))-INDEX(Orcamento!$L$7:$L$306,MATCH(C12,Orcamento!$A$7:$A$306,0)),SUMIF($C$7:$C$310,C12,$F$7:$F$310)>INDEX(Orcamento!$S$7:$S$306,MATCH(C12,Orcamento!$A$7:$A$306,0)),SUMIF($C$7:$C$310,C12,$E$7:$E$310)-SUMIF($C$7:$C$310,C12,$F$7:$F$310)>INDEX(Orcamento!$K$7:$K$306,MATCH(C12,Orcamento!$A$7:$A$306,0))-INDEX(Orcamento!$L$7:$L$306,MATCH(C12,Orcamento!$A$7:$A$306,0))-INDEX(Orcamento!$S$7:$S$306,MATCH(C12,Orcamento!$A$7:$A$306,0))),"Rever sobreposição ou limites",IF(H12="","Falta fundamento","OK")))))))
A13: COB-007 | D13: =IF(C13="","",IF(COUNTIF(Orcamento!$A$7:$A$106,C13)<>1,"Rever ID",IF(INDEX(Orcamento!$B$7:$B$106,MATCH(C13,Orcamento!$A$7:$A$106,0))="","Rever artigo sem intervenção",INDEX(Orcamento!$B$7:$B$106,MATCH(C13,Orcamento!$A$7:$A$106,0))))) | I13: =IF(COUNTA(B13:C13,E13:H13)=0,"",IF(OR(COUNTIFS(Fontes!$A$7:$A$106,B13,Fontes!$B$7:$B$106,"<>")<>1,COUNTIFS(Orcamento!$A$7:$A$306,C13,Orcamento!$B$7:$B$306,"<>")<>1),"Rever fonte ou artigo",IF(OR(G13<>"Confirmada",COUNT(E13:F13)<>2),"Cobertura por apurar",IF(COUNTIFS($B$7:$B$310,B13,$C$7:$C$310,C13)>1,"Rever par fonte/artigo duplicado",IF(INDEX(Orcamento!$T$7:$T$306,MATCH(C13,Orcamento!$A$7:$A$306,0))<>"OK","Rever orçamento associado",IF(OR(E13<0,F13<0,F13>E13,SUMIF($C$7:$C$310,C13,$E$7:$E$310)>INDEX(Orcamento!$K$7:$K$306,MATCH(C13,Orcamento!$A$7:$A$306,0))-INDEX(Orcamento!$L$7:$L$306,MATCH(C13,Orcamento!$A$7:$A$306,0)),SUMIF($C$7:$C$310,C13,$F$7:$F$310)>INDEX(Orcamento!$S$7:$S$306,MATCH(C13,Orcamento!$A$7:$A$306,0)),SUMIF($C$7:$C$310,C13,$E$7:$E$310)-SUMIF($C$7:$C$310,C13,$F$7:$F$310)>INDEX(Orcamento!$K$7:$K$306,MATCH(C13,Orcamento!$A$7:$A$306,0))-INDEX(Orcamento!$L$7:$L$306,MATCH(C13,Orcamento!$A$7:$A$306,0))-INDEX(Orcamento!$S$7:$S$306,MATCH(C13,Orcamento!$A$7:$A$306,0))),"Rever sobreposição ou limites",IF(H13="","Falta fundamento","OK")))))))
A14: COB-008 | D14: =IF(C14="","",IF(COUNTIF(Orcamento!$A$7:$A$106,C14)<>1,"Rever ID",IF(INDEX(Orcamento!$B$7:$B$106,MATCH(C14,Orcamento!$A$7:$A$106,0))="","Rever artigo sem intervenção",INDEX(Orcamento!$B$7:$B$106,MATCH(C14,Orcamento!$A$7:$A$106,0))))) | I14: =IF(COUNTA(B14:C14,E14:H14)=0,"",IF(OR(COUNTIFS(Fontes!$A$7:$A$106,B14,Fontes!$B$7:$B$106,"<>")<>1,COUNTIFS(Orcamento!$A$7:$A$306,C14,Orcamento!$B$7:$B$306,"<>")<>1),"Rever fonte ou artigo",IF(OR(G14<>"Confirmada",COUNT(E14:F14)<>2),"Cobertura por apurar",IF(COUNTIFS($B$7:$B$310,B14,$C$7:$C$310,C14)>1,"Rever par fonte/artigo duplicado",IF(INDEX(Orcamento!$T$7:$T$306,MATCH(C14,Orcamento!$A$7:$A$306,0))<>"OK","Rever orçamento associado",IF(OR(E14<0,F14<0,F14>E14,SUMIF($C$7:$C$310,C14,$E$7:$E$310)>INDEX(Orcamento!$K$7:$K$306,MATCH(C14,Orcamento!$A$7:$A$306,0))-INDEX(Orcamento!$L$7:$L$306,MATCH(C14,Orcamento!$A$7:$A$306,0)),SUMIF($C$7:$C$310,C14,$F$7:$F$310)>INDEX(Orcamento!$S$7:$S$306,MATCH(C14,Orcamento!$A$7:$A$306,0)),SUMIF($C$7:$C$310,C14,$E$7:$E$310)-SUMIF($C$7:$C$310,C14,$F$7:$F$310)>INDEX(Orcamento!$K$7:$K$306,MATCH(C14,Orcamento!$A$7:$A$306,0))-INDEX(Orcamento!$L$7:$L$306,MATCH(C14,Orcamento!$A$7:$A$306,0))-INDEX(Orcamento!$S$7:$S$306,MATCH(C14,Orcamento!$A$7:$A$306,0))),"Rever sobreposição ou limites",IF(H14="","Falta fundamento","OK")))))))
A15: COB-009 | D15: =IF(C15="","",IF(COUNTIF(Orcamento!$A$7:$A$106,C15)<>1,"Rever ID",IF(INDEX(Orcamento!$B$7:$B$106,MATCH(C15,Orcamento!$A$7:$A$106,0))="","Rever artigo sem intervenção",INDEX(Orcamento!$B$7:$B$106,MATCH(C15,Orcamento!$A$7:$A$106,0))))) | I15: =IF(COUNTA(B15:C15,E15:H15)=0,"",IF(OR(COUNTIFS(Fontes!$A$7:$A$106,B15,Fontes!$B$7:$B$106,"<>")<>1,COUNTIFS(Orcamento!$A$7:$A$306,C15,Orcamento!$B$7:$B$306,"<>")<>1),"Rever fonte ou artigo",IF(OR(G15<>"Confirmada",COUNT(E15:F15)<>2),"Cobertura por apurar",IF(COUNTIFS($B$7:$B$310,B15,$C$7:$C$310,C15)>1,"Rever par fonte/artigo duplicado",IF(INDEX(Orcamento!$T$7:$T$306,MATCH(C15,Orcamento!$A$7:$A$306,0))<>"OK","Rever orçamento associado",IF(OR(E15<0,F15<0,F15>E15,SUMIF($C$7:$C$310,C15,$E$7:$E$310)>INDEX(Orcamento!$K$7:$K$306,MATCH(C15,Orcamento!$A$7:$A$306,0))-INDEX(Orcamento!$L$7:$L$306,MATCH(C15,Orcamento!$A$7:$A$306,0)),SUMIF($C$7:$C$310,C15,$F$7:$F$310)>INDEX(Orcamento!$S$7:$S$306,MATCH(C15,Orcamento!$A$7:$A$306,0)),SUMIF($C$7:$C$310,C15,$E$7:$E$310)-SUMIF($C$7:$C$310,C15,$F$7:$F$310)>INDEX(Orcamento!$K$7:$K$306,MATCH(C15,Orcamento!$A$7:$A$306,0))-INDEX(Orcamento!$L$7:$L$306,MATCH(C15,Orcamento!$A$7:$A$306,0))-INDEX(Orcamento!$S$7:$S$306,MATCH(C15,Orcamento!$A$7:$A$306,0))),"Rever sobreposição ou limites",IF(H15="","Falta fundamento","OK")))))))
A16: COB-010 | D16: =IF(C16="","",IF(COUNTIF(Orcamento!$A$7:$A$106,C16)<>1,"Rever ID",IF(INDEX(Orcamento!$B$7:$B$106,MATCH(C16,Orcamento!$A$7:$A$106,0))="","Rever artigo sem intervenção",INDEX(Orcamento!$B$7:$B$106,MATCH(C16,Orcamento!$A$7:$A$106,0))))) | I16: =IF(COUNTA(B16:C16,E16:H16)=0,"",IF(OR(COUNTIFS(Fontes!$A$7:$A$106,B16,Fontes!$B$7:$B$106,"<>")<>1,COUNTIFS(Orcamento!$A$7:$A$306,C16,Orcamento!$B$7:$B$306,"<>")<>1),"Rever fonte ou artigo",IF(OR(G16<>"Confirmada",COUNT(E16:F16)<>2),"Cobertura por apurar",IF(COUNTIFS($B$7:$B$310,B16,$C$7:$C$310,C16)>1,"Rever par fonte/artigo duplicado",IF(INDEX(Orcamento!$T$7:$T$306,MATCH(C16,Orcamento!$A$7:$A$306,0))<>"OK","Rever orçamento associado",IF(OR(E16<0,F16<0,F16>E16,SUMIF($C$7:$C$310,C16,$E$7:$E$310)>INDEX(Orcamento!$K$7:$K$306,MATCH(C16,Orcamento!$A$7:$A$306,0))-INDEX(Orcamento!$L$7:$L$306,MATCH(C16,Orcamento!$A$7:$A$306,0)),SUMIF($C$7:$C$310,C16,$F$7:$F$310)>INDEX(Orcamento!$S$7:$S$306,MATCH(C16,Orcamento!$A$7:$A$306,0)),SUMIF($C$7:$C$310,C16,$E$7:$E$310)-SUMIF($C$7:$C$310,C16,$F$7:$F$310)>INDEX(Orcamento!$K$7:$K$306,MATCH(C16,Orcamento!$A$7:$A$306,0))-INDEX(Orcamento!$L$7:$L$306,MATCH(C16,Orcamento!$A$7:$A$306,0))-INDEX(Orcamento!$S$7:$S$306,MATCH(C16,Orcamento!$A$7:$A$306,0))),"Rever sobreposição ou limites",IF(H16="","Falta fundamento","OK")))))))
A17: COB-011 | D17: =IF(C17="","",IF(COUNTIF(Orcamento!$A$7:$A$106,C17)<>1,"Rever ID",IF(INDEX(Orcamento!$B$7:$B$106,MATCH(C17,Orcamento!$A$7:$A$106,0))="","Rever artigo sem intervenção",INDEX(Orcamento!$B$7:$B$106,MATCH(C17,Orcamento!$A$7:$A$106,0))))) | I17: =IF(COUNTA(B17:C17,E17:H17)=0,"",IF(OR(COUNTIFS(Fontes!$A$7:$A$106,B17,Fontes!$B$7:$B$106,"<>")<>1,COUNTIFS(Orcamento!$A$7:$A$306,C17,Orcamento!$B$7:$B$306,"<>")<>1),"Rever fonte ou artigo",IF(OR(G17<>"Confirmada",COUNT(E17:F17)<>2),"Cobertura por apurar",IF(COUNTIFS($B$7:$B$310,B17,$C$7:$C$310,C17)>1,"Rever par fonte/artigo duplicado",IF(INDEX(Orcamento!$T$7:$T$306,MATCH(C17,Orcamento!$A$7:$A$306,0))<>"OK","Rever orçamento associado",IF(OR(E17<0,F17<0,F17>E17,SUMIF($C$7:$C$310,C17,$E$7:$E$310)>INDEX(Orcamento!$K$7:$K$306,MATCH(C17,Orcamento!$A$7:$A$306,0))-INDEX(Orcamento!$L$7:$L$306,MATCH(C17,Orcamento!$A$7:$A$306,0)),SUMIF($C$7:$C$310,C17,$F$7:$F$310)>INDEX(Orcamento!$S$7:$S$306,MATCH(C17,Orcamento!$A$7:$A$306,0)),SUMIF($C$7:$C$310,C17,$E$7:$E$310)-SUMIF($C$7:$C$310,C17,$F$7:$F$310)>INDEX(Orcamento!$K$7:$K$306,MATCH(C17,Orcamento!$A$7:$A$306,0))-INDEX(Orcamento!$L$7:$L$306,MATCH(C17,Orcamento!$A$7:$A$306,0))-INDEX(Orcamento!$S$7:$S$306,MATCH(C17,Orcamento!$A$7:$A$306,0))),"Rever sobreposição ou limites",IF(H17="","Falta fundamento","OK")))))))
A18: COB-012 | D18: =IF(C18="","",IF(COUNTIF(Orcamento!$A$7:$A$106,C18)<>1,"Rever ID",IF(INDEX(Orcamento!$B$7:$B$106,MATCH(C18,Orcamento!$A$7:$A$106,0))="","Rever artigo sem intervenção",INDEX(Orcamento!$B$7:$B$106,MATCH(C18,Orcamento!$A$7:$A$106,0))))) | I18: =IF(COUNTA(B18:C18,E18:H18)=0,"",IF(OR(COUNTIFS(Fontes!$A$7:$A$106,B18,Fontes!$B$7:$B$106,"<>")<>1,COUNTIFS(Orcamento!$A$7:$A$306,C18,Orcamento!$B$7:$B$306,"<>")<>1),"Rever fonte ou artigo",IF(OR(G18<>"Confirmada",COUNT(E18:F18)<>2),"Cobertura por apurar",IF(COUNTIFS($B$7:$B$310,B18,$C$7:$C$310,C18)>1,"Rever par fonte/artigo duplicado",IF(INDEX(Orcamento!$T$7:$T$306,MATCH(C18,Orcamento!$A$7:$A$306,0))<>"OK","Rever orçamento associado",IF(OR(E18<0,F18<0,F18>E18,SUMIF($C$7:$C$310,C18,$E$7:$E$310)>INDEX(Orcamento!$K$7:$K$306,MATCH(C18,Orcamento!$A$7:$A$306,0))-INDEX(Orcamento!$L$7:$L$306,MATCH(C18,Orcamento!$A$7:$A$306,0)),SUMIF($C$7:$C$310,C18,$F$7:$F$310)>INDEX(Orcamento!$S$7:$S$306,MATCH(C18,Orcamento!$A$7:$A$306,0)),SUMIF($C$7:$C$310,C18,$E$7:$E$310)-SUMIF($C$7:$C$310,C18,$F$7:$F$310)>INDEX(Orcamento!$K$7:$K$306,MATCH(C18,Orcamento!$A$7:$A$306,0))-INDEX(Orcamento!$L$7:$L$306,MATCH(C18,Orcamento!$A$7:$A$306,0))-INDEX(Orcamento!$S$7:$S$306,MATCH(C18,Orcamento!$A$7:$A$306,0))),"Rever sobreposição ou limites",IF(H18="","Falta fundamento","OK")))))))
... A306: COB-300 | D306: =IF(C306="","",IF(COUNTIF(Orcamento!$A$7:$A$106,C306)<>1,"Rever ID",IF(INDEX(Orcamento!$B$7:$B$106,MATCH(C306,Orcamento!$A$7:$A$106,0))="","Rever artigo sem intervenção",INDEX(Orcamento!$B$7:$B$106,MATCH(C306,Orcamento!$A$7:$A$106,0))))) | I306: =IF(COUNTA(B306:C306,E306:H306)=0,"",IF(OR(COUNTIFS(Fontes!$A$7:$A$106,B306,Fontes!$B$7:$B$106,"<>")<>1,COUNTIFS(Orcamento!$A$7:$A$306,C306,Orcamento!$B$7:$B$306,"<>")<>1),"Rever fonte ou artigo",IF(OR(G306<>"Confirmada",COUNT(E306:F306)<>2),"Cobertura por apurar",IF(COUNTIFS($B$7:$B$310,B306,$C$7:$C$310,C306)>1,"Rever par fonte/artigo duplicado",IF(INDEX(Orcamento!$T$7:$T$306,MATCH(C306,Orcamento!$A$7:$A$306,0))<>"OK","Rever orçamento associado",IF(OR(E306<0,F306<0,F306>E306,SUMIF($C$7:$C$310,C306,$E$7:$E$310)>INDEX(Orcamento!$K$7:$K$306,MATCH(C306,Orcamento!$A$7:$A$306,0))-INDEX(Orcamento!$L$7:$L$306,MATCH(C306,Orcamento!$A$7:$A$306,0)),SUMIF($C$7:$C$310,C306,$F$7:$F$310)>INDEX(Orcamento!$S$7:$S$306,MATCH(C306,Orcamento!$A$7:$A$306,0)),SUMIF($C$7:$C$310,C306,$E$7:$E$310)-SUMIF($C$7:$C$310,C306,$F$7:$F$310)>INDEX(Orcamento!$K$7:$K$306,MATCH(C306,Orcamento!$A$7:$A$306,0))-INDEX(Orcamento!$L$7:$L$306,MATCH(C306,Orcamento!$A$7:$A$306,0))-INDEX(Orcamento!$S$7:$S$306,MATCH(C306,Orcamento!$A$7:$A$306,0))),"Rever sobreposição ou limites",IF(H306="","Falta fundamento","OK")))))))

Sheet Financiamento
A2: Plano de financiamento por intervenção
A3: O teto de 60% é estimado. Seguros pendentes impedem apresentar um apoio definitivo. Adiantamentos não acrescem ao FEM.
A4: Amarelo: requerente. Cinzento: cálculo. Lilás: CCDR. Não alterar os identificadores.
A6: ID intervenção | B6: Existe seguro? | C6: Existem outros apoios? | D6: Fontes completas e sem sobreposição? | E6: Recursos próprios previstos | F6: Financiamento reembolsável | G6: Fundamento / situação dos recursos | H6: Custo bruto | I6: IVA recuperável | J6: Custo proposto para apoio | K6: Coberturas sobre custo bruto | L6: Coberturas sobre custo proposto | M6: Base líquida estimada | N6: FEM máximo estimado | O6: Encargos complementares | P6: Diferença por cobrir | Q6: Situação do cálculo
A7: INT-001 | H7: =IF(NOT(COUNTIFS(Intervencoes!$A$7:$A$26,A7,Intervencoes!$B$7:$B$26,"<>")=1),"",IF(OR(COUNTIF(Orcamento!$B$7:$B$106,A7)=0,COUNTIFS(Orcamento!$B$7:$B$106,A7,Orcamento!$T$7:$T$106,"<>OK")>0),"Por apurar",SUMIF(Orcamento!$B$7:$B$106,A7,Orcamento!$K$7:$K$106))) | I7: =IF(NOT(COUNTIFS(Intervencoes!$A$7:$A$26,A7,Intervencoes!$B$7:$B$26,"<>")=1),"",IF(OR(COUNTIF(Orcamento!$B$7:$B$106,A7)=0,COUNTIFS(Orcamento!$B$7:$B$106,A7,Orcamento!$T$7:$T$106,"<>OK")>0),"Por apurar",SUMIF(Orcamento!$B$7:$B$106,A7,Orcamento!$L$7:$L$106))) | J7: =IF(NOT(COUNTIFS(Intervencoes!$A$7:$A$26,A7,Intervencoes!$B$7:$B$26,"<>")=1),"",IF(OR(COUNTIF(Orcamento!$B$7:$B$106,A7)=0,COUNTIFS(Orcamento!$B$7:$B$106,A7,Orcamento!$T$7:$T$106,"<>OK")>0),"Por apurar",SUMIF(Orcamento!$B$7:$B$106,A7,Orcamento!$S$7:$S$106))) | K7: =IF(NOT(COUNTIFS(Intervencoes!$A$7:$A$106,A7,Intervencoes!$B$7:$B$106,"<>")=1),"",IF(Q7<>"Calculável","Por apurar",SUMIF(Coberturas!$D$7:$D$306,A7,Coberturas!$E$7:$E$306))) | L7: =IF(NOT(COUNTIFS(Intervencoes!$A$7:$A$106,A7,Intervencoes!$B$7:$B$106,"<>")=1),"",IF(Q7<>"Calculável","Por apurar",SUMIF(Coberturas!$D$7:$D$306,A7,Coberturas!$F$7:$F$306))) | M7: =IF(NOT(COUNTIFS(Intervencoes!$A$7:$A$26,A7,Intervencoes!$B$7:$B$26,"<>")=1),"",IF(Q7<>"Calculável","Por apurar",J7-L7)) | N7: =IF(NOT(COUNTIFS(Intervencoes!$A$7:$A$26,A7,Intervencoes!$B$7:$B$26,"<>")=1),"",IF(Q7<>"Calculável","Por apurar",ROUND(M7*Instrucoes!$B$7,2))) | O7: =IF(NOT(COUNTIFS(Intervencoes!$A$7:$A$26,A7,Intervencoes!$B$7:$B$26,"<>")=1),"",IF(Q7<>"Calculável","Por apurar",H7-I7-K7-N7)) | P7: =IF(NOT(COUNTIFS(Intervencoes!$A$7:$A$26,A7,Intervencoes!$B$7:$B$26,"<>")=1),"",IF(Q7<>"Calculável","Por apurar",IF(COUNT(E7:F7)<2,"Por apurar",O7-SUM(E7:F7)))) | Q7: =IF(AND(NOT(COUNTIFS(Intervencoes!$A$7:$A$106,A7,Intervencoes!$B$7:$B$106,"<>")=1),COUNTA(B7:G7)=0),"",IF(NOT(COUNTIFS(Intervencoes!$A$7:$A$106,A7,Intervencoes!$B$7:$B$106,"<>")=1),"Rever intervenção sem designação",IF(NOT(ISNUMBER(J7)),"Falta completar orçamento",IF(OR(B7="",C7="",B7="Por apurar",C7="Por apurar",D7<>"Confirmo"),"Falta confirmar seguros e apoios",IF(OR(COUNTIF(Fontes!$M$7:$M$106,"<>OK")-COUNTBLANK(Fontes!$M$7:$M$106)>0,COUNTIF(Coberturas!$I$7:$I$306,"<>OK")-COUNTBLANK(Coberturas!$I$7:$I$306)>0),"Rever fontes ou coberturas pendentes",IF(AND(OR(B7="Sim",C7="Sim"),COUNTIF(Coberturas!$D$7:$D$306,A7)=0),"Falta associar fonte aos custos",IF(AND(B7="Não",C7="Não",SUMIF(Coberturas!$D$7:$D$306,A7,Coberturas!$E$7:$E$306)>0),"Rever declaração de inexistência","Calculável")))))))
A8: INT-002 | H8: =IF(NOT(COUNTIFS(Intervencoes!$A$7:$A$26,A8,Intervencoes!$B$7:$B$26,"<>")=1),"",IF(OR(COUNTIF(Orcamento!$B$7:$B$106,A8)=0,COUNTIFS(Orcamento!$B$7:$B$106,A8,Orcamento!$T$7:$T$106,"<>OK")>0),"Por apurar",SUMIF(Orcamento!$B$7:$B$106,A8,Orcamento!$K$7:$K$106))) | I8: =IF(NOT(COUNTIFS(Intervencoes!$A$7:$A$26,A8,Intervencoes!$B$7:$B$26,"<>")=1),"",IF(OR(COUNTIF(Orcamento!$B$7:$B$106,A8)=0,COUNTIFS(Orcamento!$B$7:$B$106,A8,Orcamento!$T$7:$T$106,"<>OK")>0),"Por apurar",SUMIF(Orcamento!$B$7:$B$106,A8,Orcamento!$L$7:$L$106))) | J8: =IF(NOT(COUNTIFS(Intervencoes!$A$7:$A$26,A8,Intervencoes!$B$7:$B$26,"<>")=1),"",IF(OR(COUNTIF(Orcamento!$B$7:$B$106,A8)=0,COUNTIFS(Orcamento!$B$7:$B$106,A8,Orcamento!$T$7:$T$106,"<>OK")>0),"Por apurar",SUMIF(Orcamento!$B$7:$B$106,A8,Orcamento!$S$7:$S$106))) | K8: =IF(NOT(COUNTIFS(Intervencoes!$A$7:$A$106,A8,Intervencoes!$B$7:$B$106,"<>")=1),"",IF(Q8<>"Calculável","Por apurar",SUMIF(Coberturas!$D$7:$D$306,A8,Coberturas!$E$7:$E$306))) | L8: =IF(NOT(COUNTIFS(Intervencoes!$A$7:$A$106,A8,Intervencoes!$B$7:$B$106,"<>")=1),"",IF(Q8<>"Calculável","Por apurar",SUMIF(Coberturas!$D$7:$D$306,A8,Coberturas!$F$7:$F$306))) | M8: =IF(NOT(COUNTIFS(Intervencoes!$A$7:$A$26,A8,Intervencoes!$B$7:$B$26,"<>")=1),"",IF(Q8<>"Calculável","Por apurar",J8-L8)) | N8: =IF(NOT(COUNTIFS(Intervencoes!$A$7:$A$26,A8,Intervencoes!$B$7:$B$26,"<>")=1),"",IF(Q8<>"Calculável","Por apurar",ROUND(M8*Instrucoes!$B$7,2))) | O8: =IF(NOT(COUNTIFS(Intervencoes!$A$7:$A$26,A8,Intervencoes!$B$7:$B$26,"<>")=1),"",IF(Q8<>"Calculável","Por apurar",H8-I8-K8-N8)) | P8: =IF(NOT(COUNTIFS(Intervencoes!$A$7:$A$26,A8,Intervencoes!$B$7:$B$26,"<>")=1),"",IF(Q8<>"Calculável","Por apurar",IF(COUNT(E8:F8)<2,"Por apurar",O8-SUM(E8:F8)))) | Q8: =IF(AND(NOT(COUNTIFS(Intervencoes!$A$7:$A$106,A8,Intervencoes!$B$7:$B$106,"<>")=1),COUNTA(B8:G8)=0),"",IF(NOT(COUNTIFS(Intervencoes!$A$7:$A$106,A8,Intervencoes!$B$7:$B$106,"<>")=1),"Rever intervenção sem designação",IF(NOT(ISNUMBER(J8)),"Falta completar orçamento",IF(OR(B8="",C8="",B8="Por apurar",C8="Por apurar",D8<>"Confirmo"),"Falta confirmar seguros e apoios",IF(OR(COUNTIF(Fontes!$M$7:$M$106,"<>OK")-COUNTBLANK(Fontes!$M$7:$M$106)>0,COUNTIF(Coberturas!$I$7:$I$306,"<>OK")-COUNTBLANK(Coberturas!$I$7:$I$306)>0),"Rever fontes ou coberturas pendentes",IF(AND(OR(B8="Sim",C8="Sim"),COUNTIF(Coberturas!$D$7:$D$306,A8)=0),"Falta associar fonte aos custos",IF(AND(B8="Não",C8="Não",SUMIF(Coberturas!$D$7:$D$306,A8,Coberturas!$E$7:$E$306)>0),"Rever declaração de inexistência","Calculável")))))))
A9: INT-003 | H9: =IF(NOT(COUNTIFS(Intervencoes!$A$7:$A$26,A9,Intervencoes!$B$7:$B$26,"<>")=1),"",IF(OR(COUNTIF(Orcamento!$B$7:$B$106,A9)=0,COUNTIFS(Orcamento!$B$7:$B$106,A9,Orcamento!$T$7:$T$106,"<>OK")>0),"Por apurar",SUMIF(Orcamento!$B$7:$B$106,A9,Orcamento!$K$7:$K$106))) | I9: =IF(NOT(COUNTIFS(Intervencoes!$A$7:$A$26,A9,Intervencoes!$B$7:$B$26,"<>")=1),"",IF(OR(COUNTIF(Orcamento!$B$7:$B$106,A9)=0,COUNTIFS(Orcamento!$B$7:$B$106,A9,Orcamento!$T$7:$T$106,"<>OK")>0),"Por apurar",SUMIF(Orcamento!$B$7:$B$106,A9,Orcamento!$L$7:$L$106))) | J9: =IF(NOT(COUNTIFS(Intervencoes!$A$7:$A$26,A9,Intervencoes!$B$7:$B$26,"<>")=1),"",IF(OR(COUNTIF(Orcamento!$B$7:$B$106,A9)=0,COUNTIFS(Orcamento!$B$7:$B$106,A9,Orcamento!$T$7:$T$106,"<>OK")>0),"Por apurar",SUMIF(Orcamento!$B$7:$B$106,A9,Orcamento!$S$7:$S$106))) | K9: =IF(NOT(COUNTIFS(Intervencoes!$A$7:$A$106,A9,Intervencoes!$B$7:$B$106,"<>")=1),"",IF(Q9<>"Calculável","Por apurar",SUMIF(Coberturas!$D$7:$D$306,A9,Coberturas!$E$7:$E$306))) | L9: =IF(NOT(COUNTIFS(Intervencoes!$A$7:$A$106,A9,Intervencoes!$B$7:$B$106,"<>")=1),"",IF(Q9<>"Calculável","Por apurar",SUMIF(Coberturas!$D$7:$D$306,A9,Coberturas!$F$7:$F$306))) | M9: =IF(NOT(COUNTIFS(Intervencoes!$A$7:$A$26,A9,Intervencoes!$B$7:$B$26,"<>")=1),"",IF(Q9<>"Calculável","Por apurar",J9-L9)) | N9: =IF(NOT(COUNTIFS(Intervencoes!$A$7:$A$26,A9,Intervencoes!$B$7:$B$26,"<>")=1),"",IF(Q9<>"Calculável","Por apurar",ROUND(M9*Instrucoes!$B$7,2))) | O9: =IF(NOT(COUNTIFS(Intervencoes!$A$7:$A$26,A9,Intervencoes!$B$7:$B$26,"<>")=1),"",IF(Q9<>"Calculável","Por apurar",H9-I9-K9-N9)) | P9: =IF(NOT(COUNTIFS(Intervencoes!$A$7:$A$26,A9,Intervencoes!$B$7:$B$26,"<>")=1),"",IF(Q9<>"Calculável","Por apurar",IF(COUNT(E9:F9)<2,"Por apurar",O9-SUM(E9:F9)))) | Q9: =IF(AND(NOT(COUNTIFS(Intervencoes!$A$7:$A$106,A9,Intervencoes!$B$7:$B$106,"<>")=1),COUNTA(B9:G9)=0),"",IF(NOT(COUNTIFS(Intervencoes!$A$7:$A$106,A9,Intervencoes!$B$7:$B$106,"<>")=1),"Rever intervenção sem designação",IF(NOT(ISNUMBER(J9)),"Falta completar orçamento",IF(OR(B9="",C9="",B9="Por apurar",C9="Por apurar",D9<>"Confirmo"),"Falta confirmar seguros e apoios",IF(OR(COUNTIF(Fontes!$M$7:$M$106,"<>OK")-COUNTBLANK(Fontes!$M$7:$M$106)>0,COUNTIF(Coberturas!$I$7:$I$306,"<>OK")-COUNTBLANK(Coberturas!$I$7:$I$306)>0),"Rever fontes ou coberturas pendentes",IF(AND(OR(B9="Sim",C9="Sim"),COUNTIF(Coberturas!$D$7:$D$306,A9)=0),"Falta associar fonte aos custos",IF(AND(B9="Não",C9="Não",SUMIF(Coberturas!$D$7:$D$306,A9,Coberturas!$E$7:$E$306)>0),"Rever declaração de inexistência","Calculável")))))))
A10: INT-004 | H10: =IF(NOT(COUNTIFS(Intervencoes!$A$7:$A$26,A10,Intervencoes!$B$7:$B$26,"<>")=1),"",IF(OR(COUNTIF(Orcamento!$B$7:$B$106,A10)=0,COUNTIFS(Orcamento!$B$7:$B$106,A10,Orcamento!$T$7:$T$106,"<>OK")>0),"Por apurar",SUMIF(Orcamento!$B$7:$B$106,A10,Orcamento!$K$7:$K$106))) | I10: =IF(NOT(COUNTIFS(Intervencoes!$A$7:$A$26,A10,Intervencoes!$B$7:$B$26,"<>")=1),"",IF(OR(COUNTIF(Orcamento!$B$7:$B$106,A10)=0,COUNTIFS(Orcamento!$B$7:$B$106,A10,Orcamento!$T$7:$T$106,"<>OK")>0),"Por apurar",SUMIF(Orcamento!$B$7:$B$106,A10,Orcamento!$L$7:$L$106))) | J10: =IF(NOT(COUNTIFS(Intervencoes!$A$7:$A$26,A10,Intervencoes!$B$7:$B$26,"<>")=1),"",IF(OR(COUNTIF(Orcamento!$B$7:$B$106,A10)=0,COUNTIFS(Orcamento!$B$7:$B$106,A10,Orcamento!$T$7:$T$106,"<>OK")>0),"Por apurar",SUMIF(Orcamento!$B$7:$B$106,A10,Orcamento!$S$7:$S$106))) | K10: =IF(NOT(COUNTIFS(Intervencoes!$A$7:$A$106,A10,Intervencoes!$B$7:$B$106,"<>")=1),"",IF(Q10<>"Calculável","Por apurar",SUMIF(Coberturas!$D$7:$D$306,A10,Coberturas!$E$7:$E$306))) | L10: =IF(NOT(COUNTIFS(Intervencoes!$A$7:$A$106,A10,Intervencoes!$B$7:$B$106,"<>")=1),"",IF(Q10<>"Calculável","Por apurar",SUMIF(Coberturas!$D$7:$D$306,A10,Coberturas!$F$7:$F$306))) | M10: =IF(NOT(COUNTIFS(Intervencoes!$A$7:$A$26,A10,Intervencoes!$B$7:$B$26,"<>")=1),"",IF(Q10<>"Calculável","Por apurar",J10-L10)) | N10: =IF(NOT(COUNTIFS(Intervencoes!$A$7:$A$26,A10,Intervencoes!$B$7:$B$26,"<>")=1),"",IF(Q10<>"Calculável","Por apurar",ROUND(M10*Instrucoes!$B$7,2))) | O10: =IF(NOT(COUNTIFS(Intervencoes!$A$7:$A$26,A10,Intervencoes!$B$7:$B$26,"<>")=1),"",IF(Q10<>"Calculável","Por apurar",H10-I10-K10-N10)) | P10: =IF(NOT(COUNTIFS(Intervencoes!$A$7:$A$26,A10,Intervencoes!$B$7:$B$26,"<>")=1),"",IF(Q10<>"Calculável","Por apurar",IF(COUNT(E10:F10)<2,"Por apurar",O10-SUM(E10:F10)))) | Q10: =IF(AND(NOT(COUNTIFS(Intervencoes!$A$7:$A$106,A10,Intervencoes!$B$7:$B$106,"<>")=1),COUNTA(B10:G10)=0),"",IF(NOT(COUNTIFS(Intervencoes!$A$7:$A$106,A10,Intervencoes!$B$7:$B$106,"<>")=1),"Rever intervenção sem designação",IF(NOT(ISNUMBER(J10)),"Falta completar orçamento",IF(OR(B10="",C10="",B10="Por apurar",C10="Por apurar",D10<>"Confirmo"),"Falta confirmar seguros e apoios",IF(OR(COUNTIF(Fontes!$M$7:$M$106,"<>OK")-COUNTBLANK(Fontes!$M$7:$M$106)>0,COUNTIF(Coberturas!$I$7:$I$306,"<>OK")-COUNTBLANK(Coberturas!$I$7:$I$306)>0),"Rever fontes ou coberturas pendentes",IF(AND(OR(B10="Sim",C10="Sim"),COUNTIF(Coberturas!$D$7:$D$306,A10)=0),"Falta associar fonte aos custos",IF(AND(B10="Não",C10="Não",SUMIF(Coberturas!$D$7:$D$306,A10,Coberturas!$E$7:$E$306)>0),"Rever declaração de inexistência","Calculável")))))))
A11: INT-005 | H11: =IF(NOT(COUNTIFS(Intervencoes!$A$7:$A$26,A11,Intervencoes!$B$7:$B$26,"<>")=1),"",IF(OR(COUNTIF(Orcamento!$B$7:$B$106,A11)=0,COUNTIFS(Orcamento!$B$7:$B$106,A11,Orcamento!$T$7:$T$106,"<>OK")>0),"Por apurar",SUMIF(Orcamento!$B$7:$B$106,A11,Orcamento!$K$7:$K$106))) | I11: =IF(NOT(COUNTIFS(Intervencoes!$A$7:$A$26,A11,Intervencoes!$B$7:$B$26,"<>")=1),"",IF(OR(COUNTIF(Orcamento!$B$7:$B$106,A11)=0,COUNTIFS(Orcamento!$B$7:$B$106,A11,Orcamento!$T$7:$T$106,"<>OK")>0),"Por apurar",SUMIF(Orcamento!$B$7:$B$106,A11,Orcamento!$L$7:$L$106))) | J11: =IF(NOT(COUNTIFS(Intervencoes!$A$7:$A$26,A11,Intervencoes!$B$7:$B$26,"<>")=1),"",IF(OR(COUNTIF(Orcamento!$B$7:$B$106,A11)=0,COUNTIFS(Orcamento!$B$7:$B$106,A11,Orcamento!$T$7:$T$106,"<>OK")>0),"Por apurar",SUMIF(Orcamento!$B$7:$B$106,A11,Orcamento!$S$7:$S$106))) | K11: =IF(NOT(COUNTIFS(Intervencoes!$A$7:$A$106,A11,Intervencoes!$B$7:$B$106,"<>")=1),"",IF(Q11<>"Calculável","Por apurar",SUMIF(Coberturas!$D$7:$D$306,A11,Coberturas!$E$7:$E$306))) | L11: =IF(NOT(COUNTIFS(Intervencoes!$A$7:$A$106,A11,Intervencoes!$B$7:$B$106,"<>")=1),"",IF(Q11<>"Calculável","Por apurar",SUMIF(Coberturas!$D$7:$D$306,A11,Coberturas!$F$7:$F$306))) | M11: =IF(NOT(COUNTIFS(Intervencoes!$A$7:$A$26,A11,Intervencoes!$B$7:$B$26,"<>")=1),"",IF(Q11<>"Calculável","Por apurar",J11-L11)) | N11: =IF(NOT(COUNTIFS(Intervencoes!$A$7:$A$26,A11,Intervencoes!$B$7:$B$26,"<>")=1),"",IF(Q11<>"Calculável","Por apurar",ROUND(M11*Instrucoes!$B$7,2))) | O11: =IF(NOT(COUNTIFS(Intervencoes!$A$7:$A$26,A11,Intervencoes!$B$7:$B$26,"<>")=1),"",IF(Q11<>"Calculável","Por apurar",H11-I11-K11-N11)) | P11: =IF(NOT(COUNTIFS(Intervencoes!$A$7:$A$26,A11,Intervencoes!$B$7:$B$26,"<>")=1),"",IF(Q11<>"Calculável","Por apurar",IF(COUNT(E11:F11)<2,"Por apurar",O11-SUM(E11:F11)))) | Q11: =IF(AND(NOT(COUNTIFS(Intervencoes!$A$7:$A$106,A11,Intervencoes!$B$7:$B$106,"<>")=1),COUNTA(B11:G11)=0),"",IF(NOT(COUNTIFS(Intervencoes!$A$7:$A$106,A11,Intervencoes!$B$7:$B$106,"<>")=1),"Rever intervenção sem designação",IF(NOT(ISNUMBER(J11)),"Falta completar orçamento",IF(OR(B11="",C11="",B11="Por apurar",C11="Por apurar",D11<>"Confirmo"),"Falta confirmar seguros e apoios",IF(OR(COUNTIF(Fontes!$M$7:$M$106,"<>OK")-COUNTBLANK(Fontes!$M$7:$M$106)>0,COUNTIF(Coberturas!$I$7:$I$306,"<>OK")-COUNTBLANK(Coberturas!$I$7:$I$306)>0),"Rever fontes ou coberturas pendentes",IF(AND(OR(B11="Sim",C11="Sim"),COUNTIF(Coberturas!$D$7:$D$306,A11)=0),"Falta associar fonte aos custos",IF(AND(B11="Não",C11="Não",SUMIF(Coberturas!$D$7:$D$306,A11,Coberturas!$E$7:$E$306)>0),"Rever declaração de inexistência","Calculável")))))))
A12: INT-006 | H12: =IF(NOT(COUNTIFS(Intervencoes!$A$7:$A$26,A12,Intervencoes!$B$7:$B$26,"<>")=1),"",IF(OR(COUNTIF(Orcamento!$B$7:$B$106,A12)=0,COUNTIFS(Orcamento!$B$7:$B$106,A12,Orcamento!$T$7:$T$106,"<>OK")>0),"Por apurar",SUMIF(Orcamento!$B$7:$B$106,A12,Orcamento!$K$7:$K$106))) | I12: =IF(NOT(COUNTIFS(Intervencoes!$A$7:$A$26,A12,Intervencoes!$B$7:$B$26,"<>")=1),"",IF(OR(COUNTIF(Orcamento!$B$7:$B$106,A12)=0,COUNTIFS(Orcamento!$B$7:$B$106,A12,Orcamento!$T$7:$T$106,"<>OK")>0),"Por apurar",SUMIF(Orcamento!$B$7:$B$106,A12,Orcamento!$L$7:$L$106))) | J12: =IF(NOT(COUNTIFS(Intervencoes!$A$7:$A$26,A12,Intervencoes!$B$7:$B$26,"<>")=1),"",IF(OR(COUNTIF(Orcamento!$B$7:$B$106,A12)=0,COUNTIFS(Orcamento!$B$7:$B$106,A12,Orcamento!$T$7:$T$106,"<>OK")>0),"Por apurar",SUMIF(Orcamento!$B$7:$B$106,A12,Orcamento!$S$7:$S$106))) | K12: =IF(NOT(COUNTIFS(Intervencoes!$A$7:$A$106,A12,Intervencoes!$B$7:$B$106,"<>")=1),"",IF(Q12<>"Calculável","Por apurar",SUMIF(Coberturas!$D$7:$D$306,A12,Coberturas!$E$7:$E$306))) | L12: =IF(NOT(COUNTIFS(Intervencoes!$A$7:$A$106,A12,Intervencoes!$B$7:$B$106,"<>")=1),"",IF(Q12<>"Calculável","Por apurar",SUMIF(Coberturas!$D$7:$D$306,A12,Coberturas!$F$7:$F$306))) | M12: =IF(NOT(COUNTIFS(Intervencoes!$A$7:$A$26,A12,Intervencoes!$B$7:$B$26,"<>")=1),"",IF(Q12<>"Calculável","Por apurar",J12-L12)) | N12: =IF(NOT(COUNTIFS(Intervencoes!$A$7:$A$26,A12,Intervencoes!$B$7:$B$26,"<>")=1),"",IF(Q12<>"Calculável","Por apurar",ROUND(M12*Instrucoes!$B$7,2))) | O12: =IF(NOT(COUNTIFS(Intervencoes!$A$7:$A$26,A12,Intervencoes!$B$7:$B$26,"<>")=1),"",IF(Q12<>"Calculável","Por apurar",H12-I12-K12-N12)) | P12: =IF(NOT(COUNTIFS(Intervencoes!$A$7:$A$26,A12,Intervencoes!$B$7:$B$26,"<>")=1),"",IF(Q12<>"Calculável","Por apurar",IF(COUNT(E12:F12)<2,"Por apurar",O12-SUM(E12:F12)))) | Q12: =IF(AND(NOT(COUNTIFS(Intervencoes!$A$7:$A$106,A12,Intervencoes!$B$7:$B$106,"<>")=1),COUNTA(B12:G12)=0),"",IF(NOT(COUNTIFS(Intervencoes!$A$7:$A$106,A12,Intervencoes!$B$7:$B$106,"<>")=1),"Rever intervenção sem designação",IF(NOT(ISNUMBER(J12)),"Falta completar orçamento",IF(OR(B12="",C12="",B12="Por apurar",C12="Por apurar",D12<>"Confirmo"),"Falta confirmar seguros e apoios",IF(OR(COUNTIF(Fontes!$M$7:$M$106,"<>OK")-COUNTBLANK(Fontes!$M$7:$M$106)>0,COUNTIF(Coberturas!$I$7:$I$306,"<>OK")-COUNTBLANK(Coberturas!$I$7:$I$306)>0),"Rever fontes ou coberturas pendentes",IF(AND(OR(B12="Sim",C12="Sim"),COUNTIF(Coberturas!$D$7:$D$306,A12)=0),"Falta associar fonte aos custos",IF(AND(B12="Não",C12="Não",SUMIF(Coberturas!$D$7:$D$306,A12,Coberturas!$E$7:$E$306)>0),"Rever declaração de inexistência","Calculável")))))))
A13: INT-007 | H13: =IF(NOT(COUNTIFS(Intervencoes!$A$7:$A$26,A13,Intervencoes!$B$7:$B$26,"<>")=1),"",IF(OR(COUNTIF(Orcamento!$B$7:$B$106,A13)=0,COUNTIFS(Orcamento!$B$7:$B$106,A13,Orcamento!$T$7:$T$106,"<>OK")>0),"Por apurar",SUMIF(Orcamento!$B$7:$B$106,A13,Orcamento!$K$7:$K$106))) | I13: =IF(NOT(COUNTIFS(Intervencoes!$A$7:$A$26,A13,Intervencoes!$B$7:$B$26,"<>")=1),"",IF(OR(COUNTIF(Orcamento!$B$7:$B$106,A13)=0,COUNTIFS(Orcamento!$B$7:$B$106,A13,Orcamento!$T$7:$T$106,"<>OK")>0),"Por apurar",SUMIF(Orcamento!$B$7:$B$106,A13,Orcamento!$L$7:$L$106))) | J13: =IF(NOT(COUNTIFS(Intervencoes!$A$7:$A$26,A13,Intervencoes!$B$7:$B$26,"<>")=1),"",IF(OR(COUNTIF(Orcamento!$B$7:$B$106,A13)=0,COUNTIFS(Orcamento!$B$7:$B$106,A13,Orcamento!$T$7:$T$106,"<>OK")>0),"Por apurar",SUMIF(Orcamento!$B$7:$B$106,A13,Orcamento!$S$7:$S$106))) | K13: =IF(NOT(COUNTIFS(Intervencoes!$A$7:$A$106,A13,Intervencoes!$B$7:$B$106,"<>")=1),"",IF(Q13<>"Calculável","Por apurar",SUMIF(Coberturas!$D$7:$D$306,A13,Coberturas!$E$7:$E$306))) | L13: =IF(NOT(COUNTIFS(Intervencoes!$A$7:$A$106,A13,Intervencoes!$B$7:$B$106,"<>")=1),"",IF(Q13<>"Calculável","Por apurar",SUMIF(Coberturas!$D$7:$D$306,A13,Coberturas!$F$7:$F$306))) | M13: =IF(NOT(COUNTIFS(Intervencoes!$A$7:$A$26,A13,Intervencoes!$B$7:$B$26,"<>")=1),"",IF(Q13<>"Calculável","Por apurar",J13-L13)) | N13: =IF(NOT(COUNTIFS(Intervencoes!$A$7:$A$26,A13,Intervencoes!$B$7:$B$26,"<>")=1),"",IF(Q13<>"Calculável","Por apurar",ROUND(M13*Instrucoes!$B$7,2))) | O13: =IF(NOT(COUNTIFS(Intervencoes!$A$7:$A$26,A13,Intervencoes!$B$7:$B$26,"<>")=1),"",IF(Q13<>"Calculável","Por apurar",H13-I13-K13-N13)) | P13: =IF(NOT(COUNTIFS(Intervencoes!$A$7:$A$26,A13,Intervencoes!$B$7:$B$26,"<>")=1),"",IF(Q13<>"Calculável","Por apurar",IF(COUNT(E13:F13)<2,"Por apurar",O13-SUM(E13:F13)))) | Q13: =IF(AND(NOT(COUNTIFS(Intervencoes!$A$7:$A$106,A13,Intervencoes!$B$7:$B$106,"<>")=1),COUNTA(B13:G13)=0),"",IF(NOT(COUNTIFS(Intervencoes!$A$7:$A$106,A13,Intervencoes!$B$7:$B$106,"<>")=1),"Rever intervenção sem designação",IF(NOT(ISNUMBER(J13)),"Falta completar orçamento",IF(OR(B13="",C13="",B13="Por apurar",C13="Por apurar",D13<>"Confirmo"),"Falta confirmar seguros e apoios",IF(OR(COUNTIF(Fontes!$M$7:$M$106,"<>OK")-COUNTBLANK(Fontes!$M$7:$M$106)>0,COUNTIF(Coberturas!$I$7:$I$306,"<>OK")-COUNTBLANK(Coberturas!$I$7:$I$306)>0),"Rever fontes ou coberturas pendentes",IF(AND(OR(B13="Sim",C13="Sim"),COUNTIF(Coberturas!$D$7:$D$306,A13)=0),"Falta associar fonte aos custos",IF(AND(B13="Não",C13="Não",SUMIF(Coberturas!$D$7:$D$306,A13,Coberturas!$E$7:$E$306)>0),"Rever declaração de inexistência","Calculável")))))))
A14: INT-008 | H14: =IF(NOT(COUNTIFS(Intervencoes!$A$7:$A$26,A14,Intervencoes!$B$7:$B$26,"<>")=1),"",IF(OR(COUNTIF(Orcamento!$B$7:$B$106,A14)=0,COUNTIFS(Orcamento!$B$7:$B$106,A14,Orcamento!$T$7:$T$106,"<>OK")>0),"Por apurar",SUMIF(Orcamento!$B$7:$B$106,A14,Orcamento!$K$7:$K$106))) | I14: =IF(NOT(COUNTIFS(Intervencoes!$A$7:$A$26,A14,Intervencoes!$B$7:$B$26,"<>")=1),"",IF(OR(COUNTIF(Orcamento!$B$7:$B$106,A14)=0,COUNTIFS(Orcamento!$B$7:$B$106,A14,Orcamento!$T$7:$T$106,"<>OK")>0),"Por apurar",SUMIF(Orcamento!$B$7:$B$106,A14,Orcamento!$L$7:$L$106))) | J14: =IF(NOT(COUNTIFS(Intervencoes!$A$7:$A$26,A14,Intervencoes!$B$7:$B$26,"<>")=1),"",IF(OR(COUNTIF(Orcamento!$B$7:$B$106,A14)=0,COUNTIFS(Orcamento!$B$7:$B$106,A14,Orcamento!$T$7:$T$106,"<>OK")>0),"Por apurar",SUMIF(Orcamento!$B$7:$B$106,A14,Orcamento!$S$7:$S$106))) | K14: =IF(NOT(COUNTIFS(Intervencoes!$A$7:$A$106,A14,Intervencoes!$B$7:$B$106,"<>")=1),"",IF(Q14<>"Calculável","Por apurar",SUMIF(Coberturas!$D$7:$D$306,A14,Coberturas!$E$7:$E$306))) | L14: =IF(NOT(COUNTIFS(Intervencoes!$A$7:$A$106,A14,Intervencoes!$B$7:$B$106,"<>")=1),"",IF(Q14<>"Calculável","Por apurar",SUMIF(Coberturas!$D$7:$D$306,A14,Coberturas!$F$7:$F$306))) | M14: =IF(NOT(COUNTIFS(Intervencoes!$A$7:$A$26,A14,Intervencoes!$B$7:$B$26,"<>")=1),"",IF(Q14<>"Calculável","Por apurar",J14-L14)) | N14: =IF(NOT(COUNTIFS(Intervencoes!$A$7:$A$26,A14,Intervencoes!$B$7:$B$26,"<>")=1),"",IF(Q14<>"Calculável","Por apurar",ROUND(M14*Instrucoes!$B$7,2))) | O14: =IF(NOT(COUNTIFS(Intervencoes!$A$7:$A$26,A14,Intervencoes!$B$7:$B$26,"<>")=1),"",IF(Q14<>"Calculável","Por apurar",H14-I14-K14-N14)) | P14: =IF(NOT(COUNTIFS(Intervencoes!$A$7:$A$26,A14,Intervencoes!$B$7:$B$26,"<>")=1),"",IF(Q14<>"Calculável","Por apurar",IF(COUNT(E14:F14)<2,"Por apurar",O14-SUM(E14:F14)))) | Q14: =IF(AND(NOT(COUNTIFS(Intervencoes!$A$7:$A$106,A14,Intervencoes!$B$7:$B$106,"<>")=1),COUNTA(B14:G14)=0),"",IF(NOT(COUNTIFS(Intervencoes!$A$7:$A$106,A14,Intervencoes!$B$7:$B$106,"<>")=1),"Rever intervenção sem designação",IF(NOT(ISNUMBER(J14)),"Falta completar orçamento",IF(OR(B14="",C14="",B14="Por apurar",C14="Por apurar",D14<>"Confirmo"),"Falta confirmar seguros e apoios",IF(OR(COUNTIF(Fontes!$M$7:$M$106,"<>OK")-COUNTBLANK(Fontes!$M$7:$M$106)>0,COUNTIF(Coberturas!$I$7:$I$306,"<>OK")-COUNTBLANK(Coberturas!$I$7:$I$306)>0),"Rever fontes ou coberturas pendentes",IF(AND(OR(B14="Sim",C14="Sim"),COUNTIF(Coberturas!$D$7:$D$306,A14)=0),"Falta associar fonte aos custos",IF(AND(B14="Não",C14="Não",SUMIF(Coberturas!$D$7:$D$306,A14,Coberturas!$E$7:$E$306)>0),"Rever declaração de inexistência","Calculável")))))))
A15: INT-009 | H15: =IF(NOT(COUNTIFS(Intervencoes!$A$7:$A$26,A15,Intervencoes!$B$7:$B$26,"<>")=1),"",IF(OR(COUNTIF(Orcamento!$B$7:$B$106,A15)=0,COUNTIFS(Orcamento!$B$7:$B$106,A15,Orcamento!$T$7:$T$106,"<>OK")>0),"Por apurar",SUMIF(Orcamento!$B$7:$B$106,A15,Orcamento!$K$7:$K$106))) | I15: =IF(NOT(COUNTIFS(Intervencoes!$A$7:$A$26,A15,Intervencoes!$B$7:$B$26,"<>")=1),"",IF(OR(COUNTIF(Orcamento!$B$7:$B$106,A15)=0,COUNTIFS(Orcamento!$B$7:$B$106,A15,Orcamento!$T$7:$T$106,"<>OK")>0),"Por apurar",SUMIF(Orcamento!$B$7:$B$106,A15,Orcamento!$L$7:$L$106))) | J15: =IF(NOT(COUNTIFS(Intervencoes!$A$7:$A$26,A15,Intervencoes!$B$7:$B$26,"<>")=1),"",IF(OR(COUNTIF(Orcamento!$B$7:$B$106,A15)=0,COUNTIFS(Orcamento!$B$7:$B$106,A15,Orcamento!$T$7:$T$106,"<>OK")>0),"Por apurar",SUMIF(Orcamento!$B$7:$B$106,A15,Orcamento!$S$7:$S$106))) | K15: =IF(NOT(COUNTIFS(Intervencoes!$A$7:$A$106,A15,Intervencoes!$B$7:$B$106,"<>")=1),"",IF(Q15<>"Calculável","Por apurar",SUMIF(Coberturas!$D$7:$D$306,A15,Coberturas!$E$7:$E$306))) | L15: =IF(NOT(COUNTIFS(Intervencoes!$A$7:$A$106,A15,Intervencoes!$B$7:$B$106,"<>")=1),"",IF(Q15<>"Calculável","Por apurar",SUMIF(Coberturas!$D$7:$D$306,A15,Coberturas!$F$7:$F$306))) | M15: =IF(NOT(COUNTIFS(Intervencoes!$A$7:$A$26,A15,Intervencoes!$B$7:$B$26,"<>")=1),"",IF(Q15<>"Calculável","Por apurar",J15-L15)) | N15: =IF(NOT(COUNTIFS(Intervencoes!$A$7:$A$26,A15,Intervencoes!$B$7:$B$26,"<>")=1),"",IF(Q15<>"Calculável","Por apurar",ROUND(M15*Instrucoes!$B$7,2))) | O15: =IF(NOT(COUNTIFS(Intervencoes!$A$7:$A$26,A15,Intervencoes!$B$7:$B$26,"<>")=1),"",IF(Q15<>"Calculável","Por apurar",H15-I15-K15-N15)) | P15: =IF(NOT(COUNTIFS(Intervencoes!$A$7:$A$26,A15,Intervencoes!$B$7:$B$26,"<>")=1),"",IF(Q15<>"Calculável","Por apurar",IF(COUNT(E15:F15)<2,"Por apurar",O15-SUM(E15:F15)))) | Q15: =IF(AND(NOT(COUNTIFS(Intervencoes!$A$7:$A$106,A15,Intervencoes!$B$7:$B$106,"<>")=1),COUNTA(B15:G15)=0),"",IF(NOT(COUNTIFS(Intervencoes!$A$7:$A$106,A15,Intervencoes!$B$7:$B$106,"<>")=1),"Rever intervenção sem designação",IF(NOT(ISNUMBER(J15)),"Falta completar orçamento",IF(OR(B15="",C15="",B15="Por apurar",C15="Por apurar",D15<>"Confirmo"),"Falta confirmar seguros e apoios",IF(OR(COUNTIF(Fontes!$M$7:$M$106,"<>OK")-COUNTBLANK(Fontes!$M$7:$M$106)>0,COUNTIF(Coberturas!$I$7:$I$306,"<>OK")-COUNTBLANK(Coberturas!$I$7:$I$306)>0),"Rever fontes ou coberturas pendentes",IF(AND(OR(B15="Sim",C15="Sim"),COUNTIF(Coberturas!$D$7:$D$306,A15)=0),"Falta associar fonte aos custos",IF(AND(B15="Não",C15="Não",SUMIF(Coberturas!$D$7:$D$306,A15,Coberturas!$E$7:$E$306)>0),"Rever declaração de inexistência","Calculável")))))))
A16: INT-010 | H16: =IF(NOT(COUNTIFS(Intervencoes!$A$7:$A$26,A16,Intervencoes!$B$7:$B$26,"<>")=1),"",IF(OR(COUNTIF(Orcamento!$B$7:$B$106,A16)=0,COUNTIFS(Orcamento!$B$7:$B$106,A16,Orcamento!$T$7:$T$106,"<>OK")>0),"Por apurar",SUMIF(Orcamento!$B$7:$B$106,A16,Orcamento!$K$7:$K$106))) | I16: =IF(NOT(COUNTIFS(Intervencoes!$A$7:$A$26,A16,Intervencoes!$B$7:$B$26,"<>")=1),"",IF(OR(COUNTIF(Orcamento!$B$7:$B$106,A16)=0,COUNTIFS(Orcamento!$B$7:$B$106,A16,Orcamento!$T$7:$T$106,"<>OK")>0),"Por apurar",SUMIF(Orcamento!$B$7:$B$106,A16,Orcamento!$L$7:$L$106))) | J16: =IF(NOT(COUNTIFS(Intervencoes!$A$7:$A$26,A16,Intervencoes!$B$7:$B$26,"<>")=1),"",IF(OR(COUNTIF(Orcamento!$B$7:$B$106,A16)=0,COUNTIFS(Orcamento!$B$7:$B$106,A16,Orcamento!$T$7:$T$106,"<>OK")>0),"Por apurar",SUMIF(Orcamento!$B$7:$B$106,A16,Orcamento!$S$7:$S$106))) | K16: =IF(NOT(COUNTIFS(Intervencoes!$A$7:$A$106,A16,Intervencoes!$B$7:$B$106,"<>")=1),"",IF(Q16<>"Calculável","Por apurar",SUMIF(Coberturas!$D$7:$D$306,A16,Coberturas!$E$7:$E$306))) | L16: =IF(NOT(COUNTIFS(Intervencoes!$A$7:$A$106,A16,Intervencoes!$B$7:$B$106,"<>")=1),"",IF(Q16<>"Calculável","Por apurar",SUMIF(Coberturas!$D$7:$D$306,A16,Coberturas!$F$7:$F$306))) | M16: =IF(NOT(COUNTIFS(Intervencoes!$A$7:$A$26,A16,Intervencoes!$B$7:$B$26,"<>")=1),"",IF(Q16<>"Calculável","Por apurar",J16-L16)) | N16: =IF(NOT(COUNTIFS(Intervencoes!$A$7:$A$26,A16,Intervencoes!$B$7:$B$26,"<>")=1),"",IF(Q16<>"Calculável","Por apurar",ROUND(M16*Instrucoes!$B$7,2))) | O16: =IF(NOT(COUNTIFS(Intervencoes!$A$7:$A$26,A16,Intervencoes!$B$7:$B$26,"<>")=1),"",IF(Q16<>"Calculável","Por apurar",H16-I16-K16-N16)) | P16: =IF(NOT(COUNTIFS(Intervencoes!$A$7:$A$26,A16,Intervencoes!$B$7:$B$26,"<>")=1),"",IF(Q16<>"Calculável","Por apurar",IF(COUNT(E16:F16)<2,"Por apurar",O16-SUM(E16:F16)))) | Q16: =IF(AND(NOT(COUNTIFS(Intervencoes!$A$7:$A$106,A16,Intervencoes!$B$7:$B$106,"<>")=1),COUNTA(B16:G16)=0),"",IF(NOT(COUNTIFS(Intervencoes!$A$7:$A$106,A16,Intervencoes!$B$7:$B$106,"<>")=1),"Rever intervenção sem designação",IF(NOT(ISNUMBER(J16)),"Falta completar orçamento",IF(OR(B16="",C16="",B16="Por apurar",C16="Por apurar",D16<>"Confirmo"),"Falta confirmar seguros e apoios",IF(OR(COUNTIF(Fontes!$M$7:$M$106,"<>OK")-COUNTBLANK(Fontes!$M$7:$M$106)>0,COUNTIF(Coberturas!$I$7:$I$306,"<>OK")-COUNTBLANK(Coberturas!$I$7:$I$306)>0),"Rever fontes ou coberturas pendentes",IF(AND(OR(B16="Sim",C16="Sim"),COUNTIF(Coberturas!$D$7:$D$306,A16)=0),"Falta associar fonte aos custos",IF(AND(B16="Não",C16="Não",SUMIF(Coberturas!$D$7:$D$306,A16,Coberturas!$E$7:$E$306)>0),"Rever declaração de inexistência","Calculável")))))))
A17: INT-011 | H17: =IF(NOT(COUNTIFS(Intervencoes!$A$7:$A$26,A17,Intervencoes!$B$7:$B$26,"<>")=1),"",IF(OR(COUNTIF(Orcamento!$B$7:$B$106,A17)=0,COUNTIFS(Orcamento!$B$7:$B$106,A17,Orcamento!$T$7:$T$106,"<>OK")>0),"Por apurar",SUMIF(Orcamento!$B$7:$B$106,A17,Orcamento!$K$7:$K$106))) | I17: =IF(NOT(COUNTIFS(Intervencoes!$A$7:$A$26,A17,Intervencoes!$B$7:$B$26,"<>")=1),"",IF(OR(COUNTIF(Orcamento!$B$7:$B$106,A17)=0,COUNTIFS(Orcamento!$B$7:$B$106,A17,Orcamento!$T$7:$T$106,"<>OK")>0),"Por apurar",SUMIF(Orcamento!$B$7:$B$106,A17,Orcamento!$L$7:$L$106))) | J17: =IF(NOT(COUNTIFS(Intervencoes!$A$7:$A$26,A17,Intervencoes!$B$7:$B$26,"<>")=1),"",IF(OR(COUNTIF(Orcamento!$B$7:$B$106,A17)=0,COUNTIFS(Orcamento!$B$7:$B$106,A17,Orcamento!$T$7:$T$106,"<>OK")>0),"Por apurar",SUMIF(Orcamento!$B$7:$B$106,A17,Orcamento!$S$7:$S$106))) | K17: =IF(NOT(COUNTIFS(Intervencoes!$A$7:$A$106,A17,Intervencoes!$B$7:$B$106,"<>")=1),"",IF(Q17<>"Calculável","Por apurar",SUMIF(Coberturas!$D$7:$D$306,A17,Coberturas!$E$7:$E$306))) | L17: =IF(NOT(COUNTIFS(Intervencoes!$A$7:$A$106,A17,Intervencoes!$B$7:$B$106,"<>")=1),"",IF(Q17<>"Calculável","Por apurar",SUMIF(Coberturas!$D$7:$D$306,A17,Coberturas!$F$7:$F$306))) | M17: =IF(NOT(COUNTIFS(Intervencoes!$A$7:$A$26,A17,Intervencoes!$B$7:$B$26,"<>")=1),"",IF(Q17<>"Calculável","Por apurar",J17-L17)) | N17: =IF(NOT(COUNTIFS(Intervencoes!$A$7:$A$26,A17,Intervencoes!$B$7:$B$26,"<>")=1),"",IF(Q17<>"Calculável","Por apurar",ROUND(M17*Instrucoes!$B$7,2))) | O17: =IF(NOT(COUNTIFS(Intervencoes!$A$7:$A$26,A17,Intervencoes!$B$7:$B$26,"<>")=1),"",IF(Q17<>"Calculável","Por apurar",H17-I17-K17-N17)) | P17: =IF(NOT(COUNTIFS(Intervencoes!$A$7:$A$26,A17,Intervencoes!$B$7:$B$26,"<>")=1),"",IF(Q17<>"Calculável","Por apurar",IF(COUNT(E17:F17)<2,"Por apurar",O17-SUM(E17:F17)))) | Q17: =IF(AND(NOT(COUNTIFS(Intervencoes!$A$7:$A$106,A17,Intervencoes!$B$7:$B$106,"<>")=1),COUNTA(B17:G17)=0),"",IF(NOT(COUNTIFS(Intervencoes!$A$7:$A$106,A17,Intervencoes!$B$7:$B$106,"<>")=1),"Rever intervenção sem designação",IF(NOT(ISNUMBER(J17)),"Falta completar orçamento",IF(OR(B17="",C17="",B17="Por apurar",C17="Por apurar",D17<>"Confirmo"),"Falta confirmar seguros e apoios",IF(OR(COUNTIF(Fontes!$M$7:$M$106,"<>OK")-COUNTBLANK(Fontes!$M$7:$M$106)>0,COUNTIF(Coberturas!$I$7:$I$306,"<>OK")-COUNTBLANK(Coberturas!$I$7:$I$306)>0),"Rever fontes ou coberturas pendentes",IF(AND(OR(B17="Sim",C17="Sim"),COUNTIF(Coberturas!$D$7:$D$306,A17)=0),"Falta associar fonte aos custos",IF(AND(B17="Não",C17="Não",SUMIF(Coberturas!$D$7:$D$306,A17,Coberturas!$E$7:$E$306)>0),"Rever declaração de inexistência","Calculável")))))))
A18: INT-012 | H18: =IF(NOT(COUNTIFS(Intervencoes!$A$7:$A$26,A18,Intervencoes!$B$7:$B$26,"<>")=1),"",IF(OR(COUNTIF(Orcamento!$B$7:$B$106,A18)=0,COUNTIFS(Orcamento!$B$7:$B$106,A18,Orcamento!$T$7:$T$106,"<>OK")>0),"Por apurar",SUMIF(Orcamento!$B$7:$B$106,A18,Orcamento!$K$7:$K$106))) | I18: =IF(NOT(COUNTIFS(Intervencoes!$A$7:$A$26,A18,Intervencoes!$B$7:$B$26,"<>")=1),"",IF(OR(COUNTIF(Orcamento!$B$7:$B$106,A18)=0,COUNTIFS(Orcamento!$B$7:$B$106,A18,Orcamento!$T$7:$T$106,"<>OK")>0),"Por apurar",SUMIF(Orcamento!$B$7:$B$106,A18,Orcamento!$L$7:$L$106))) | J18: =IF(NOT(COUNTIFS(Intervencoes!$A$7:$A$26,A18,Intervencoes!$B$7:$B$26,"<>")=1),"",IF(OR(COUNTIF(Orcamento!$B$7:$B$106,A18)=0,COUNTIFS(Orcamento!$B$7:$B$106,A18,Orcamento!$T$7:$T$106,"<>OK")>0),"Por apurar",SUMIF(Orcamento!$B$7:$B$106,A18,Orcamento!$S$7:$S$106))) | K18: =IF(NOT(COUNTIFS(Intervencoes!$A$7:$A$106,A18,Intervencoes!$B$7:$B$106,"<>")=1),"",IF(Q18<>"Calculável","Por apurar",SUMIF(Coberturas!$D$7:$D$306,A18,Coberturas!$E$7:$E$306))) | L18: =IF(NOT(COUNTIFS(Intervencoes!$A$7:$A$106,A18,Intervencoes!$B$7:$B$106,"<>")=1),"",IF(Q18<>"Calculável","Por apurar",SUMIF(Coberturas!$D$7:$D$306,A18,Coberturas!$F$7:$F$306))) | M18: =IF(NOT(COUNTIFS(Intervencoes!$A$7:$A$26,A18,Intervencoes!$B$7:$B$26,"<>")=1),"",IF(Q18<>"Calculável","Por apurar",J18-L18)) | N18: =IF(NOT(COUNTIFS(Intervencoes!$A$7:$A$26,A18,Intervencoes!$B$7:$B$26,"<>")=1),"",IF(Q18<>"Calculável","Por apurar",ROUND(M18*Instrucoes!$B$7,2))) | O18: =IF(NOT(COUNTIFS(Intervencoes!$A$7:$A$26,A18,Intervencoes!$B$7:$B$26,"<>")=1),"",IF(Q18<>"Calculável","Por apurar",H18-I18-K18-N18)) | P18: =IF(NOT(COUNTIFS(Intervencoes!$A$7:$A$26,A18,Intervencoes!$B$7:$B$26,"<>")=1),"",IF(Q18<>"Calculável","Por apurar",IF(COUNT(E18:F18)<2,"Por apurar",O18-SUM(E18:F18)))) | Q18: =IF(AND(NOT(COUNTIFS(Intervencoes!$A$7:$A$106,A18,Intervencoes!$B$7:$B$106,"<>")=1),COUNTA(B18:G18)=0),"",IF(NOT(COUNTIFS(Intervencoes!$A$7:$A$106,A18,Intervencoes!$B$7:$B$106,"<>")=1),"Rever intervenção sem designação",IF(NOT(ISNUMBER(J18)),"Falta completar orçamento",IF(OR(B18="",C18="",B18="Por apurar",C18="Por apurar",D18<>"Confirmo"),"Falta confirmar seguros e apoios",IF(OR(COUNTIF(Fontes!$M$7:$M$106,"<>OK")-COUNTBLANK(Fontes!$M$7:$M$106)>0,COUNTIF(Coberturas!$I$7:$I$306,"<>OK")-COUNTBLANK(Coberturas!$I$7:$I$306)>0),"Rever fontes ou coberturas pendentes",IF(AND(OR(B18="Sim",C18="Sim"),COUNTIF(Coberturas!$D$7:$D$306,A18)=0),"Falta associar fonte aos custos",IF(AND(B18="Não",C18="Não",SUMIF(Coberturas!$D$7:$D$306,A18,Coberturas!$E$7:$E$306)>0),"Rever declaração de inexistência","Calculável")))))))
... A106: INT-100 | H106: =IF(NOT(COUNTIFS(Intervencoes!$A$7:$A$26,A106,Intervencoes!$B$7:$B$26,"<>")=1),"",IF(OR(COUNTIF(Orcamento!$B$7:$B$106,A106)=0,COUNTIFS(Orcamento!$B$7:$B$106,A106,Orcamento!$T$7:$T$106,"<>OK")>0),"Por apurar",SUMIF(Orcamento!$B$7:$B$106,A106,Orcamento!$K$7:$K$106))) | I106: =IF(NOT(COUNTIFS(Intervencoes!$A$7:$A$26,A106,Intervencoes!$B$7:$B$26,"<>")=1),"",IF(OR(COUNTIF(Orcamento!$B$7:$B$106,A106)=0,COUNTIFS(Orcamento!$B$7:$B$106,A106,Orcamento!$T$7:$T$106,"<>OK")>0),"Por apurar",SUMIF(Orcamento!$B$7:$B$106,A106,Orcamento!$L$7:$L$106))) | J106: =IF(NOT(COUNTIFS(Intervencoes!$A$7:$A$26,A106,Intervencoes!$B$7:$B$26,"<>")=1),"",IF(OR(COUNTIF(Orcamento!$B$7:$B$106,A106)=0,COUNTIFS(Orcamento!$B$7:$B$106,A106,Orcamento!$T$7:$T$106,"<>OK")>0),"Por apurar",SUMIF(Orcamento!$B$7:$B$106,A106,Orcamento!$S$7:$S$106))) | K106: =IF(NOT(COUNTIFS(Intervencoes!$A$7:$A$106,A106,Intervencoes!$B$7:$B$106,"<>")=1),"",IF(Q106<>"Calculável","Por apurar",SUMIF(Coberturas!$D$7:$D$306,A106,Coberturas!$E$7:$E$306))) | L106: =IF(NOT(COUNTIFS(Intervencoes!$A$7:$A$106,A106,Intervencoes!$B$7:$B$106,"<>")=1),"",IF(Q106<>"Calculável","Por apurar",SUMIF(Coberturas!$D$7:$D$306,A106,Coberturas!$F$7:$F$306))) | M106: =IF(NOT(COUNTIFS(Intervencoes!$A$7:$A$26,A106,Intervencoes!$B$7:$B$26,"<>")=1),"",IF(Q106<>"Calculável","Por apurar",J106-L106)) | N106: =IF(NOT(COUNTIFS(Intervencoes!$A$7:$A$26,A106,Intervencoes!$B$7:$B$26,"<>")=1),"",IF(Q106<>"Calculável","Por apurar",ROUND(M106*Instrucoes!$B$7,2))) | O106: =IF(NOT(COUNTIFS(Intervencoes!$A$7:$A$26,A106,Intervencoes!$B$7:$B$26,"<>")=1),"",IF(Q106<>"Calculável","Por apurar",H106-I106-K106-N106)) | P106: =IF(NOT(COUNTIFS(Intervencoes!$A$7:$A$26,A106,Intervencoes!$B$7:$B$26,"<>")=1),"",IF(Q106<>"Calculável","Por apurar",IF(COUNT(E106:F106)<2,"Por apurar",O106-SUM(E106:F106)))) | Q106: =IF(AND(NOT(COUNTIFS(Intervencoes!$A$7:$A$106,A106,Intervencoes!$B$7:$B$106,"<>")=1),COUNTA(B106:G106)=0),"",IF(NOT(COUNTIFS(Intervencoes!$A$7:$A$106,A106,Intervencoes!$B$7:$B$106,"<>")=1),"Rever intervenção sem designação",IF(NOT(ISNUMBER(J106)),"Falta completar orçamento",IF(OR(B106="",C106="",B106="Por apurar",C106="Por apurar",D106<>"Confirmo"),"Falta confirmar seguros e apoios",IF(OR(COUNTIF(Fontes!$M$7:$M$106,"<>OK")-COUNTBLANK(Fontes!$M$7:$M$106)>0,COUNTIF(Coberturas!$I$7:$I$306,"<>OK")-COUNTBLANK(Coberturas!$I$7:$I$306)>0),"Rever fontes ou coberturas pendentes",IF(AND(OR(B106="Sim",C106="Sim"),COUNTIF(Coberturas!$D$7:$D$306,A106)=0),"Falta associar fonte aos custos",IF(AND(B106="Não",C106="Não",SUMIF(Coberturas!$D$7:$D$306,A106,Coberturas!$E$7:$E$306)>0),"Rever declaração de inexistência","Calculável")))))))

Sheet Execucao
A2: Contratação e calendário de execução
A3: Indicar datas previstas e efetivas separadamente. Distribuir o custo bruto por ano no mapa a partir da linha 34.
A4: Amarelo: requerente. Cinzento: cálculo. Lilás: CCDR. Não alterar os identificadores.
A6: ID intervenção | B6: Modalidade | C6: Procedimento de contratação | D6: Estado do procedimento | E6: Pareceres / licenças necessários | F6: Estado / DOC dos pareceres | G6: Início previsto | H6: Fim previsto | I6: Início efetivo | J6: Fim efetivo | K6: Valor anual distribuído | L6: Diferença face ao orçamento | M6: Validação
A7: INT-001 | K7: =IF(NOT(COUNTIFS(Intervencoes!$A$7:$A$26,A7,Intervencoes!$B$7:$B$26,"<>")=1),"",IF(COUNTIF($A$115:$A$174,A7)=0,"Por apurar",SUMIF($A$115:$A$174,A7,$C$115:$C$174))) | L7: =IF(NOT(COUNTIFS(Intervencoes!$A$7:$A$106,A7,Intervencoes!$B$7:$B$106,"<>")=1),"",IF(AND(ISNUMBER(K7),ISNUMBER(INDEX(Financiamento!$H$7:$H$106,MATCH(A7,Financiamento!$A$7:$A$106,0)))),INDEX(Financiamento!$H$7:$H$106,MATCH(A7,Financiamento!$A$7:$A$106,0))-K7,"Por apurar")) | M7: =IF(NOT(COUNTIFS(Intervencoes!$A$7:$A$26,A7,Intervencoes!$B$7:$B$26,"<>")=1),"",IF(OR(B7="",C7="",D7="",E7="",COUNT(G7:H7)<>2),"Faltam dados da execução",IF(OR(H7<G7,AND(I7<>"",J7<>"",J7<I7)),"Rever ordem das datas",IF(OR(NOT(ISNUMBER(L7)),L7<>0,COUNTIFS($A$115:$A$174,A7,$D$115:$D$174,"<>OK")>0),"Rever distribuição anual","Preenchido; sujeito a análise"))))
A8: INT-002 | K8: =IF(NOT(COUNTIFS(Intervencoes!$A$7:$A$26,A8,Intervencoes!$B$7:$B$26,"<>")=1),"",IF(COUNTIF($A$115:$A$174,A8)=0,"Por apurar",SUMIF($A$115:$A$174,A8,$C$115:$C$174))) | L8: =IF(NOT(COUNTIFS(Intervencoes!$A$7:$A$106,A8,Intervencoes!$B$7:$B$106,"<>")=1),"",IF(AND(ISNUMBER(K8),ISNUMBER(INDEX(Financiamento!$H$7:$H$106,MATCH(A8,Financiamento!$A$7:$A$106,0)))),INDEX(Financiamento!$H$7:$H$106,MATCH(A8,Financiamento!$A$7:$A$106,0))-K8,"Por apurar")) | M8: =IF(NOT(COUNTIFS(Intervencoes!$A$7:$A$26,A8,Intervencoes!$B$7:$B$26,"<>")=1),"",IF(OR(B8="",C8="",D8="",E8="",COUNT(G8:H8)<>2),"Faltam dados da execução",IF(OR(H8<G8,AND(I8<>"",J8<>"",J8<I8)),"Rever ordem das datas",IF(OR(NOT(ISNUMBER(L8)),L8<>0,COUNTIFS($A$115:$A$174,A8,$D$115:$D$174,"<>OK")>0),"Rever distribuição anual","Preenchido; sujeito a análise"))))
A9: INT-003 | K9: =IF(NOT(COUNTIFS(Intervencoes!$A$7:$A$26,A9,Intervencoes!$B$7:$B$26,"<>")=1),"",IF(COUNTIF($A$115:$A$174,A9)=0,"Por apurar",SUMIF($A$115:$A$174,A9,$C$115:$C$174))) | L9: =IF(NOT(COUNTIFS(Intervencoes!$A$7:$A$106,A9,Intervencoes!$B$7:$B$106,"<>")=1),"",IF(AND(ISNUMBER(K9),ISNUMBER(INDEX(Financiamento!$H$7:$H$106,MATCH(A9,Financiamento!$A$7:$A$106,0)))),INDEX(Financiamento!$H$7:$H$106,MATCH(A9,Financiamento!$A$7:$A$106,0))-K9,"Por apurar")) | M9: =IF(NOT(COUNTIFS(Intervencoes!$A$7:$A$26,A9,Intervencoes!$B$7:$B$26,"<>")=1),"",IF(OR(B9="",C9="",D9="",E9="",COUNT(G9:H9)<>2),"Faltam dados da execução",IF(OR(H9<G9,AND(I9<>"",J9<>"",J9<I9)),"Rever ordem das datas",IF(OR(NOT(ISNUMBER(L9)),L9<>0,COUNTIFS($A$115:$A$174,A9,$D$115:$D$174,"<>OK")>0),"Rever distribuição anual","Preenchido; sujeito a análise"))))
A10: INT-004 | K10: =IF(NOT(COUNTIFS(Intervencoes!$A$7:$A$26,A10,Intervencoes!$B$7:$B$26,"<>")=1),"",IF(COUNTIF($A$115:$A$174,A10)=0,"Por apurar",SUMIF($A$115:$A$174,A10,$C$115:$C$174))) | L10: =IF(NOT(COUNTIFS(Intervencoes!$A$7:$A$106,A10,Intervencoes!$B$7:$B$106,"<>")=1),"",IF(AND(ISNUMBER(K10),ISNUMBER(INDEX(Financiamento!$H$7:$H$106,MATCH(A10,Financiamento!$A$7:$A$106,0)))),INDEX(Financiamento!$H$7:$H$106,MATCH(A10,Financiamento!$A$7:$A$106,0))-K10,"Por apurar")) | M10: =IF(NOT(COUNTIFS(Intervencoes!$A$7:$A$26,A10,Intervencoes!$B$7:$B$26,"<>")=1),"",IF(OR(B10="",C10="",D10="",E10="",COUNT(G10:H10)<>2),"Faltam dados da execução",IF(OR(H10<G10,AND(I10<>"",J10<>"",J10<I10)),"Rever ordem das datas",IF(OR(NOT(ISNUMBER(L10)),L10<>0,COUNTIFS($A$115:$A$174,A10,$D$115:$D$174,"<>OK")>0),"Rever distribuição anual","Preenchido; sujeito a análise"))))
A11: INT-005 | K11: =IF(NOT(COUNTIFS(Intervencoes!$A$7:$A$26,A11,Intervencoes!$B$7:$B$26,"<>")=1),"",IF(COUNTIF($A$115:$A$174,A11)=0,"Por apurar",SUMIF($A$115:$A$174,A11,$C$115:$C$174))) | L11: =IF(NOT(COUNTIFS(Intervencoes!$A$7:$A$106,A11,Intervencoes!$B$7:$B$106,"<>")=1),"",IF(AND(ISNUMBER(K11),ISNUMBER(INDEX(Financiamento!$H$7:$H$106,MATCH(A11,Financiamento!$A$7:$A$106,0)))),INDEX(Financiamento!$H$7:$H$106,MATCH(A11,Financiamento!$A$7:$A$106,0))-K11,"Por apurar")) | M11: =IF(NOT(COUNTIFS(Intervencoes!$A$7:$A$26,A11,Intervencoes!$B$7:$B$26,"<>")=1),"",IF(OR(B11="",C11="",D11="",E11="",COUNT(G11:H11)<>2),"Faltam dados da execução",IF(OR(H11<G11,AND(I11<>"",J11<>"",J11<I11)),"Rever ordem das datas",IF(OR(NOT(ISNUMBER(L11)),L11<>0,COUNTIFS($A$115:$A$174,A11,$D$115:$D$174,"<>OK")>0),"Rever distribuição anual","Preenchido; sujeito a análise"))))
A12: INT-006 | K12: =IF(NOT(COUNTIFS(Intervencoes!$A$7:$A$26,A12,Intervencoes!$B$7:$B$26,"<>")=1),"",IF(COUNTIF($A$115:$A$174,A12)=0,"Por apurar",SUMIF($A$115:$A$174,A12,$C$115:$C$174))) | L12: =IF(NOT(COUNTIFS(Intervencoes!$A$7:$A$106,A12,Intervencoes!$B$7:$B$106,"<>")=1),"",IF(AND(ISNUMBER(K12),ISNUMBER(INDEX(Financiamento!$H$7:$H$106,MATCH(A12,Financiamento!$A$7:$A$106,0)))),INDEX(Financiamento!$H$7:$H$106,MATCH(A12,Financiamento!$A$7:$A$106,0))-K12,"Por apurar")) | M12: =IF(NOT(COUNTIFS(Intervencoes!$A$7:$A$26,A12,Intervencoes!$B$7:$B$26,"<>")=1),"",IF(OR(B12="",C12="",D12="",E12="",COUNT(G12:H12)<>2),"Faltam dados da execução",IF(OR(H12<G12,AND(I12<>"",J12<>"",J12<I12)),"Rever ordem das datas",IF(OR(NOT(ISNUMBER(L12)),L12<>0,COUNTIFS($A$115:$A$174,A12,$D$115:$D$174,"<>OK")>0),"Rever distribuição anual","Preenchido; sujeito a análise"))))
A13: INT-007 | K13: =IF(NOT(COUNTIFS(Intervencoes!$A$7:$A$26,A13,Intervencoes!$B$7:$B$26,"<>")=1),"",IF(COUNTIF($A$115:$A$174,A13)=0,"Por apurar",SUMIF($A$115:$A$174,A13,$C$115:$C$174))) | L13: =IF(NOT(COUNTIFS(Intervencoes!$A$7:$A$106,A13,Intervencoes!$B$7:$B$106,"<>")=1),"",IF(AND(ISNUMBER(K13),ISNUMBER(INDEX(Financiamento!$H$7:$H$106,MATCH(A13,Financiamento!$A$7:$A$106,0)))),INDEX(Financiamento!$H$7:$H$106,MATCH(A13,Financiamento!$A$7:$A$106,0))-K13,"Por apurar")) | M13: =IF(NOT(COUNTIFS(Intervencoes!$A$7:$A$26,A13,Intervencoes!$B$7:$B$26,"<>")=1),"",IF(OR(B13="",C13="",D13="",E13="",COUNT(G13:H13)<>2),"Faltam dados da execução",IF(OR(H13<G13,AND(I13<>"",J13<>"",J13<I13)),"Rever ordem das datas",IF(OR(NOT(ISNUMBER(L13)),L13<>0,COUNTIFS($A$115:$A$174,A13,$D$115:$D$174,"<>OK")>0),"Rever distribuição anual","Preenchido; sujeito a análise"))))
A14: INT-008 | K14: =IF(NOT(COUNTIFS(Intervencoes!$A$7:$A$26,A14,Intervencoes!$B$7:$B$26,"<>")=1),"",IF(COUNTIF($A$115:$A$174,A14)=0,"Por apurar",SUMIF($A$115:$A$174,A14,$C$115:$C$174))) | L14: =IF(NOT(COUNTIFS(Intervencoes!$A$7:$A$106,A14,Intervencoes!$B$7:$B$106,"<>")=1),"",IF(AND(ISNUMBER(K14),ISNUMBER(INDEX(Financiamento!$H$7:$H$106,MATCH(A14,Financiamento!$A$7:$A$106,0)))),INDEX(Financiamento!$H$7:$H$106,MATCH(A14,Financiamento!$A$7:$A$106,0))-K14,"Por apurar")) | M14: =IF(NOT(COUNTIFS(Intervencoes!$A$7:$A$26,A14,Intervencoes!$B$7:$B$26,"<>")=1),"",IF(OR(B14="",C14="",D14="",E14="",COUNT(G14:H14)<>2),"Faltam dados da execução",IF(OR(H14<G14,AND(I14<>"",J14<>"",J14<I14)),"Rever ordem das datas",IF(OR(NOT(ISNUMBER(L14)),L14<>0,COUNTIFS($A$115:$A$174,A14,$D$115:$D$174,"<>OK")>0),"Rever distribuição anual","Preenchido; sujeito a análise"))))
A15: INT-009 | K15: =IF(NOT(COUNTIFS(Intervencoes!$A$7:$A$26,A15,Intervencoes!$B$7:$B$26,"<>")=1),"",IF(COUNTIF($A$115:$A$174,A15)=0,"Por apurar",SUMIF($A$115:$A$174,A15,$C$115:$C$174))) | L15: =IF(NOT(COUNTIFS(Intervencoes!$A$7:$A$106,A15,Intervencoes!$B$7:$B$106,"<>")=1),"",IF(AND(ISNUMBER(K15),ISNUMBER(INDEX(Financiamento!$H$7:$H$106,MATCH(A15,Financiamento!$A$7:$A$106,0)))),INDEX(Financiamento!$H$7:$H$106,MATCH(A15,Financiamento!$A$7:$A$106,0))-K15,"Por apurar")) | M15: =IF(NOT(COUNTIFS(Intervencoes!$A$7:$A$26,A15,Intervencoes!$B$7:$B$26,"<>")=1),"",IF(OR(B15="",C15="",D15="",E15="",COUNT(G15:H15)<>2),"Faltam dados da execução",IF(OR(H15<G15,AND(I15<>"",J15<>"",J15<I15)),"Rever ordem das datas",IF(OR(NOT(ISNUMBER(L15)),L15<>0,COUNTIFS($A$115:$A$174,A15,$D$115:$D$174,"<>OK")>0),"Rever distribuição anual","Preenchido; sujeito a análise"))))
A16: INT-010 | K16: =IF(NOT(COUNTIFS(Intervencoes!$A$7:$A$26,A16,Intervencoes!$B$7:$B$26,"<>")=1),"",IF(COUNTIF($A$115:$A$174,A16)=0,"Por apurar",SUMIF($A$115:$A$174,A16,$C$115:$C$174))) | L16: =IF(NOT(COUNTIFS(Intervencoes!$A$7:$A$106,A16,Intervencoes!$B$7:$B$106,"<>")=1),"",IF(AND(ISNUMBER(K16),ISNUMBER(INDEX(Financiamento!$H$7:$H$106,MATCH(A16,Financiamento!$A$7:$A$106,0)))),INDEX(Financiamento!$H$7:$H$106,MATCH(A16,Financiamento!$A$7:$A$106,0))-K16,"Por apurar")) | M16: =IF(NOT(COUNTIFS(Intervencoes!$A$7:$A$26,A16,Intervencoes!$B$7:$B$26,"<>")=1),"",IF(OR(B16="",C16="",D16="",E16="",COUNT(G16:H16)<>2),"Faltam dados da execução",IF(OR(H16<G16,AND(I16<>"",J16<>"",J16<I16)),"Rever ordem das datas",IF(OR(NOT(ISNUMBER(L16)),L16<>0,COUNTIFS($A$115:$A$174,A16,$D$115:$D$174,"<>OK")>0),"Rever distribuição anual","Preenchido; sujeito a análise"))))
A17: INT-011 | K17: =IF(NOT(COUNTIFS(Intervencoes!$A$7:$A$26,A17,Intervencoes!$B$7:$B$26,"<>")=1),"",IF(COUNTIF($A$115:$A$174,A17)=0,"Por apurar",SUMIF($A$115:$A$174,A17,$C$115:$C$174))) | L17: =IF(NOT(COUNTIFS(Intervencoes!$A$7:$A$106,A17,Intervencoes!$B$7:$B$106,"<>")=1),"",IF(AND(ISNUMBER(K17),ISNUMBER(INDEX(Financiamento!$H$7:$H$106,MATCH(A17,Financiamento!$A$7:$A$106,0)))),INDEX(Financiamento!$H$7:$H$106,MATCH(A17,Financiamento!$A$7:$A$106,0))-K17,"Por apurar")) | M17: =IF(NOT(COUNTIFS(Intervencoes!$A$7:$A$26,A17,Intervencoes!$B$7:$B$26,"<>")=1),"",IF(OR(B17="",C17="",D17="",E17="",COUNT(G17:H17)<>2),"Faltam dados da execução",IF(OR(H17<G17,AND(I17<>"",J17<>"",J17<I17)),"Rever ordem das datas",IF(OR(NOT(ISNUMBER(L17)),L17<>0,COUNTIFS($A$115:$A$174,A17,$D$115:$D$174,"<>OK")>0),"Rever distribuição anual","Preenchido; sujeito a análise"))))
A18: INT-012 | K18: =IF(NOT(COUNTIFS(Intervencoes!$A$7:$A$26,A18,Intervencoes!$B$7:$B$26,"<>")=1),"",IF(COUNTIF($A$115:$A$174,A18)=0,"Por apurar",SUMIF($A$115:$A$174,A18,$C$115:$C$174))) | L18: =IF(NOT(COUNTIFS(Intervencoes!$A$7:$A$106,A18,Intervencoes!$B$7:$B$106,"<>")=1),"",IF(AND(ISNUMBER(K18),ISNUMBER(INDEX(Financiamento!$H$7:$H$106,MATCH(A18,Financiamento!$A$7:$A$106,0)))),INDEX(Financiamento!$H$7:$H$106,MATCH(A18,Financiamento!$A$7:$A$106,0))-K18,"Por apurar")) | M18: =IF(NOT(COUNTIFS(Intervencoes!$A$7:$A$26,A18,Intervencoes!$B$7:$B$26,"<>")=1),"",IF(OR(B18="",C18="",D18="",E18="",COUNT(G18:H18)<>2),"Faltam dados da execução",IF(OR(H18<G18,AND(I18<>"",J18<>"",J18<I18)),"Rever ordem das datas",IF(OR(NOT(ISNUMBER(L18)),L18<>0,COUNTIFS($A$115:$A$174,A18,$D$115:$D$174,"<>OK")>0),"Rever distribuição anual","Preenchido; sujeito a análise"))))
... A106: INT-100 | K106: =IF(NOT(COUNTIFS(Intervencoes!$A$7:$A$26,A106,Intervencoes!$B$7:$B$26,"<>")=1),"",IF(COUNTIF($A$115:$A$174,A106)=0,"Por apurar",SUMIF($A$115:$A$174,A106,$C$115:$C$174))) | L106: =IF(NOT(COUNTIFS(Intervencoes!$A$7:$A$106,A106,Intervencoes!$B$7:$B$106,"<>")=1),"",IF(AND(ISNUMBER(K106),ISNUMBER(INDEX(Financiamento!$H$7:$H$106,MATCH(A106,Financiamento!$A$7:$A$106,0)))),INDEX(Financiamento!$H$7:$H$106,MATCH(A106,Financiamento!$A$7:$A$106,0))-K106,"Por apurar")) | M106: =IF(NOT(COUNTIFS(Intervencoes!$A$7:$A$26,A106,Intervencoes!$B$7:$B$26,"<>")=1),"",IF(OR(B106="",C106="",D106="",E106="",COUNT(G106:H106)<>2),"Faltam dados da execução",IF(OR(H106<G106,AND(I106<>"",J106<>"",J106<I106)),"Rever ordem das datas",IF(OR(NOT(ISNUMBER(L106)),L106<>0,COUNTIFS($A$115:$A$174,A106,$D$115:$D$174,"<>OK")>0),"Rever distribuição anual","Preenchido; sujeito a análise"))))
A111: Distribuição anual do custo bruto
A112: Uma linha por intervenção e ano. Não limitar a programação ao ano de 2028.
A114: ID intervenção | B114: Ano | C114: Valor previsto com IVA | D114: Validação anual
D115: =IF(COUNTA(A115:C115)=0,"",IF(OR(NOT(COUNTIFS(Intervencoes!$A$7:$A$26,A115,Intervencoes!$B$7:$B$26,"<>")=1),COUNT(B115:C115)<>2,C115<0,B115<>INT(B115)),"Rever intervenção, ano ou valor",IF(COUNTIFS($A$115:$A$174,A115,$B$115:$B$174,B115)>1,"Rever ano duplicado","OK")))
D116: =IF(COUNTA(A116:C116)=0,"",IF(OR(NOT(COUNTIFS(Intervencoes!$A$7:$A$26,A116,Intervencoes!$B$7:$B$26,"<>")=1),COUNT(B116:C116)<>2,C116<0,B116<>INT(B116)),"Rever intervenção, ano ou valor",IF(COUNTIFS($A$115:$A$174,A116,$B$115:$B$174,B116)>1,"Rever ano duplicado","OK")))
D117: =IF(COUNTA(A117:C117)=0,"",IF(OR(NOT(COUNTIFS(Intervencoes!$A$7:$A$26,A117,Intervencoes!$B$7:$B$26,"<>")=1),COUNT(B117:C117)<>2,C117<0,B117<>INT(B117)),"Rever intervenção, ano ou valor",IF(COUNTIFS($A$115:$A$174,A117,$B$115:$B$174,B117)>1,"Rever ano duplicado","OK")))
D118: =IF(COUNTA(A118:C118)=0,"",IF(OR(NOT(COUNTIFS(Intervencoes!$A$7:$A$26,A118,Intervencoes!$B$7:$B$26,"<>")=1),COUNT(B118:C118)<>2,C118<0,B118<>INT(B118)),"Rever intervenção, ano ou valor",IF(COUNTIFS($A$115:$A$174,A118,$B$115:$B$174,B118)>1,"Rever ano duplicado","OK")))
D119: =IF(COUNTA(A119:C119)=0,"",IF(OR(NOT(COUNTIFS(Intervencoes!$A$7:$A$26,A119,Intervencoes!$B$7:$B$26,"<>")=1),COUNT(B119:C119)<>2,C119<0,B119<>INT(B119)),"Rever intervenção, ano ou valor",IF(COUNTIFS($A$115:$A$174,A119,$B$115:$B$174,B119)>1,"Rever ano duplicado","OK")))
D120: =IF(COUNTA(A120:C120)=0,"",IF(OR(NOT(COUNTIFS(Intervencoes!$A$7:$A$26,A120,Intervencoes!$B$7:$B$26,"<>")=1),COUNT(B120:C120)<>2,C120<0,B120<>INT(B120)),"Rever intervenção, ano ou valor",IF(COUNTIFS($A$115:$A$174,A120,$B$115:$B$174,B120)>1,"Rever ano duplicado","OK")))
D121: =IF(COUNTA(A121:C121)=0,"",IF(OR(NOT(COUNTIFS(Intervencoes!$A$7:$A$26,A121,Intervencoes!$B$7:$B$26,"<>")=1),COUNT(B121:C121)<>2,C121<0,B121<>INT(B121)),"Rever intervenção, ano ou valor",IF(COUNTIFS($A$115:$A$174,A121,$B$115:$B$174,B121)>1,"Rever ano duplicado","OK")))
D122: =IF(COUNTA(A122:C122)=0,"",IF(OR(NOT(COUNTIFS(Intervencoes!$A$7:$A$26,A122,Intervencoes!$B$7:$B$26,"<>")=1),COUNT(B122:C122)<>2,C122<0,B122<>INT(B122)),"Rever intervenção, ano ou valor",IF(COUNTIFS($A$115:$A$174,A122,$B$115:$B$174,B122)>1,"Rever ano duplicado","OK")))
D123: =IF(COUNTA(A123:C123)=0,"",IF(OR(NOT(COUNTIFS(Intervencoes!$A$7:$A$26,A123,Intervencoes!$B$7:$B$26,"<>")=1),COUNT(B123:C123)<>2,C123<0,B123<>INT(B123)),"Rever intervenção, ano ou valor",IF(COUNTIFS($A$115:$A$174,A123,$B$115:$B$174,B123)>1,"Rever ano duplicado","OK")))
D124: =IF(COUNTA(A124:C124)=0,"",IF(OR(NOT(COUNTIFS(Intervencoes!$A$7:$A$26,A124,Intervencoes!$B$7:$B$26,"<>")=1),COUNT(B124:C124)<>2,C124<0,B124<>INT(B124)),"Rever intervenção, ano ou valor",IF(COUNTIFS($A$115:$A$174,A124,$B$115:$B$174,B124)>1,"Rever ano duplicado","OK")))
D125: =IF(COUNTA(A125:C125)=0,"",IF(OR(NOT(COUNTIFS(Intervencoes!$A$7:$A$26,A125,Intervencoes!$B$7:$B$26,"<>")=1),COUNT(B125:C125)<>2,C125<0,B125<>INT(B125)),"Rever intervenção, ano ou valor",IF(COUNTIFS($A$115:$A$174,A125,$B$115:$B$174,B125)>1,"Rever ano duplicado","OK")))
D126: =IF(COUNTA(A126:C126)=0,"",IF(OR(NOT(COUNTIFS(Intervencoes!$A$7:$A$26,A126,Intervencoes!$B$7:$B$26,"<>")=1),COUNT(B126:C126)<>2,C126<0,B126<>INT(B126)),"Rever intervenção, ano ou valor",IF(COUNTIFS($A$115:$A$174,A126,$B$115:$B$174,B126)>1,"Rever ano duplicado","OK")))
... D214: =IF(COUNTA(A214:C214)=0,"",IF(OR(NOT(COUNTIFS(Intervencoes!$A$7:$A$26,A214,Intervencoes!$B$7:$B$26,"<>")=1),COUNT(B214:C214)<>2,C214<0,B214<>INT(B214)),"Rever intervenção, ano ou valor",IF(COUNTIFS($A$115:$A$174,A214,$B$115:$B$174,B214)>1,"Rever ano duplicado","OK")))

Sheet Adiantamentos
A2: Adiantamentos FEM recebidos
A3: Uma linha por transferência. Não somar estes montantes à comparticipação FEM estimada.
A4: Amarelo: requerente. Cinzento: cálculo. Lilás: CCDR. Não alterar os identificadores.
A6: ID movimento | B6: Despacho / referência | C6: Montante atribuído | D6: Montante recebido | E6: Data de recebimento | F6: DOC comprovativo | G6: Montante aplicado | H6: Saldo não aplicado | I6: Imputação a INT / ART e evidência | J6: Validação
A7: ADI-001 | H7: =IF(B7="","",IF(COUNT(D7,G7)<>2,"Por apurar",D7-G7)) | J7: =IF(COUNTA(B7:G7,I7)=0,"",IF(OR(B7="",COUNT(C7:E7,G7)<>4,F7=""),"Faltam dados do adiantamento",IF(OR(D7>C7,G7>D7,C7<0,D7<0,G7<0),"Rever valores do adiantamento",IF(AND(G7>0,I7=""),"Falta imputação da aplicação","Registado; confirmar reconciliação"))))
A8: ADI-002 | H8: =IF(B8="","",IF(COUNT(D8,G8)<>2,"Por apurar",D8-G8)) | J8: =IF(COUNTA(B8:G8,I8)=0,"",IF(OR(B8="",COUNT(C8:E8,G8)<>4,F8=""),"Faltam dados do adiantamento",IF(OR(D8>C8,G8>D8,C8<0,D8<0,G8<0),"Rever valores do adiantamento",IF(AND(G8>0,I8=""),"Falta imputação da aplicação","Registado; confirmar reconciliação"))))
A9: ADI-003 | H9: =IF(B9="","",IF(COUNT(D9,G9)<>2,"Por apurar",D9-G9)) | J9: =IF(COUNTA(B9:G9,I9)=0,"",IF(OR(B9="",COUNT(C9:E9,G9)<>4,F9=""),"Faltam dados do adiantamento",IF(OR(D9>C9,G9>D9,C9<0,D9<0,G9<0),"Rever valores do adiantamento",IF(AND(G9>0,I9=""),"Falta imputação da aplicação","Registado; confirmar reconciliação"))))
A10: ADI-004 | H10: =IF(B10="","",IF(COUNT(D10,G10)<>2,"Por apurar",D10-G10)) | J10: =IF(COUNTA(B10:G10,I10)=0,"",IF(OR(B10="",COUNT(C10:E10,G10)<>4,F10=""),"Faltam dados do adiantamento",IF(OR(D10>C10,G10>D10,C10<0,D10<0,G10<0),"Rever valores do adiantamento",IF(AND(G10>0,I10=""),"Falta imputação da aplicação","Registado; confirmar reconciliação"))))
A11: ADI-005 | H11: =IF(B11="","",IF(COUNT(D11,G11)<>2,"Por apurar",D11-G11)) | J11: =IF(COUNTA(B11:G11,I11)=0,"",IF(OR(B11="",COUNT(C11:E11,G11)<>4,F11=""),"Faltam dados do adiantamento",IF(OR(D11>C11,G11>D11,C11<0,D11<0,G11<0),"Rever valores do adiantamento",IF(AND(G11>0,I11=""),"Falta imputação da aplicação","Registado; confirmar reconciliação"))))
A12: ADI-006 | H12: =IF(B12="","",IF(COUNT(D12,G12)<>2,"Por apurar",D12-G12)) | J12: =IF(COUNTA(B12:G12,I12)=0,"",IF(OR(B12="",COUNT(C12:E12,G12)<>4,F12=""),"Faltam dados do adiantamento",IF(OR(D12>C12,G12>D12,C12<0,D12<0,G12<0),"Rever valores do adiantamento",IF(AND(G12>0,I12=""),"Falta imputação da aplicação","Registado; confirmar reconciliação"))))
A13: ADI-007 | H13: =IF(B13="","",IF(COUNT(D13,G13)<>2,"Por apurar",D13-G13)) | J13: =IF(COUNTA(B13:G13,I13)=0,"",IF(OR(B13="",COUNT(C13:E13,G13)<>4,F13=""),"Faltam dados do adiantamento",IF(OR(D13>C13,G13>D13,C13<0,D13<0,G13<0),"Rever valores do adiantamento",IF(AND(G13>0,I13=""),"Falta imputação da aplicação","Registado; confirmar reconciliação"))))
A14: ADI-008 | H14: =IF(B14="","",IF(COUNT(D14,G14)<>2,"Por apurar",D14-G14)) | J14: =IF(COUNTA(B14:G14,I14)=0,"",IF(OR(B14="",COUNT(C14:E14,G14)<>4,F14=""),"Faltam dados do adiantamento",IF(OR(D14>C14,G14>D14,C14<0,D14<0,G14<0),"Rever valores do adiantamento",IF(AND(G14>0,I14=""),"Falta imputação da aplicação","Registado; confirmar reconciliação"))))
A15: ADI-009 | H15: =IF(B15="","",IF(COUNT(D15,G15)<>2,"Por apurar",D15-G15)) | J15: =IF(COUNTA(B15:G15,I15)=0,"",IF(OR(B15="",COUNT(C15:E15,G15)<>4,F15=""),"Faltam dados do adiantamento",IF(OR(D15>C15,G15>D15,C15<0,D15<0,G15<0),"Rever valores do adiantamento",IF(AND(G15>0,I15=""),"Falta imputação da aplicação","Registado; confirmar reconciliação"))))
A16: ADI-010 | H16: =IF(B16="","",IF(COUNT(D16,G16)<>2,"Por apurar",D16-G16)) | J16: =IF(COUNTA(B16:G16,I16)=0,"",IF(OR(B16="",COUNT(C16:E16,G16)<>4,F16=""),"Faltam dados do adiantamento",IF(OR(D16>C16,G16>D16,C16<0,D16<0,G16<0),"Rever valores do adiantamento",IF(AND(G16>0,I16=""),"Falta imputação da aplicação","Registado; confirmar reconciliação"))))
A17: ADI-011 | H17: =IF(B17="","",IF(COUNT(D17,G17)<>2,"Por apurar",D17-G17)) | J17: =IF(COUNTA(B17:G17,I17)=0,"",IF(OR(B17="",COUNT(C17:E17,G17)<>4,F17=""),"Faltam dados do adiantamento",IF(OR(D17>C17,G17>D17,C17<0,D17<0,G17<0),"Rever valores do adiantamento",IF(AND(G17>0,I17=""),"Falta imputação da aplicação","Registado; confirmar reconciliação"))))
A18: ADI-012 | H18: =IF(B18="","",IF(COUNT(D18,G18)<>2,"Por apurar",D18-G18)) | J18: =IF(COUNTA(B18:G18,I18)=0,"",IF(OR(B18="",COUNT(C18:E18,G18)<>4,F18=""),"Faltam dados do adiantamento",IF(OR(D18>C18,G18>D18,C18<0,D18<0,G18<0),"Rever valores do adiantamento",IF(AND(G18>0,I18=""),"Falta imputação da aplicação","Registado; confirmar reconciliação"))))
... A106: ADI-100 | H106: =IF(B106="","",IF(COUNT(D106,G106)<>2,"Por apurar",D106-G106)) | J106: =IF(COUNTA(B106:G106,I106)=0,"",IF(OR(B106="",COUNT(C106:E106,G106)<>4,F106=""),"Faltam dados do adiantamento",IF(OR(D106>C106,G106>D106,C106<0,D106<0,G106<0),"Rever valores do adiantamento",IF(AND(G106>0,I106=""),"Falta imputação da aplicação","Registado; confirmar reconciliação"))))

Sheet Analise
A2: Relatório de análise por intervenção
A3: Área da CCDR. O apoio proposto exige verificação técnica e financeira concluída. O parecer não é a decisão de aprovação.
A4: Amarelo: requerente. Cinzento: cálculo. Lilás: CCDR. Não alterar os identificadores.
A6: ID intervenção | B6: Designação | C6: Beneficiário e território | D6: Responsabilidade pelo bem | E6: Tipologia | F6: Nexo causal | G6: Solução e proporcionalidade | H6: Contratação / execução | I6: Prova documental | J6: Coberturas reconciliadas | K6: Conclusão técnica | L6: Fundamentação da conclusão | M6: Técnico responsável | N6: Data da análise | O6: Custo aceite | P6: Coberturas validadas | Q6: Base líquida validada | R6: Taxa proposta | S6: Apoio proposto | T6: Pendências / condições | U6: Documentos e diligências | V6: Situação da análise
A7: INT-001 | B7: =IF(NOT(COUNTIFS(Intervencoes!$A$7:$A$26,A7,Intervencoes!$B$7:$B$26,"<>")=1),"",INDEX(Intervencoes!$B$7:$B$26,MATCH(A7,Intervencoes!$A$7:$A$26,0))) | O7: =IF(B7="","",IF(OR(COUNTIF(Validacao!$B$7:$B$306,A7)=0,COUNTIFS(Validacao!$B$7:$B$306,A7,Validacao!$O$7:$O$306,"<>OK")>0),"Por apurar",SUMIF(Validacao!$B$7:$B$306,A7,Validacao!$J$7:$J$306))) | P7: =IF(B7="","",IF(OR(COUNTIF(Validacao!$B$7:$B$306,A7)=0,COUNTIFS(Validacao!$B$7:$B$306,A7,Validacao!$O$7:$O$306,"<>OK")>0),"Por apurar",SUMIF(Validacao!$B$7:$B$306,A7,Validacao!$K$7:$K$306))) | Q7: =IF(B7="","",IF(OR(COUNTIF(Validacao!$B$7:$B$306,A7)=0,COUNTIFS(Validacao!$B$7:$B$306,A7,Validacao!$O$7:$O$306,"<>OK")>0),"Por apurar",SUMIF(Validacao!$B$7:$B$306,A7,Validacao!$L$7:$L$306))) | S7: =IF(B7="","",IF(V7="Proposta desfavorável fundamentada",0,IF(V7="Proposta técnica concluída",ROUND(Q7*R7,2),"Por apurar"))) | V7: =IF(B7="","",IF(OR(K7="",K7="Por esclarecer",L7="",M7="",N7="",U7=""),"Falta concluir apreciação técnica",IF(K7="Não elegível","Proposta desfavorável fundamentada",IF(OR(COUNTIF(C7:J7,"Cumpre")<>8,NOT(ISNUMBER(Q7)),NOT(ISNUMBER(R7)),INDEX(Financiamento!$Q$7:$Q$106,MATCH(A7,Financiamento!$A$7:$A$106,0))<>"Calculável"),"Por esclarecer ou validar",IF(OR(R7<0,R7>Instrucoes!$B$7),"Rever taxa proposta","Proposta técnica concluída")))))
A8: INT-002 | B8: =IF(NOT(COUNTIFS(Intervencoes!$A$7:$A$26,A8,Intervencoes!$B$7:$B$26,"<>")=1),"",INDEX(Intervencoes!$B$7:$B$26,MATCH(A8,Intervencoes!$A$7:$A$26,0))) | O8: =IF(B8="","",IF(OR(COUNTIF(Validacao!$B$7:$B$306,A8)=0,COUNTIFS(Validacao!$B$7:$B$306,A8,Validacao!$O$7:$O$306,"<>OK")>0),"Por apurar",SUMIF(Validacao!$B$7:$B$306,A8,Validacao!$J$7:$J$306))) | P8: =IF(B8="","",IF(OR(COUNTIF(Validacao!$B$7:$B$306,A8)=0,COUNTIFS(Validacao!$B$7:$B$306,A8,Validacao!$O$7:$O$306,"<>OK")>0),"Por apurar",SUMIF(Validacao!$B$7:$B$306,A8,Validacao!$K$7:$K$306))) | Q8: =IF(B8="","",IF(OR(COUNTIF(Validacao!$B$7:$B$306,A8)=0,COUNTIFS(Validacao!$B$7:$B$306,A8,Validacao!$O$7:$O$306,"<>OK")>0),"Por apurar",SUMIF(Validacao!$B$7:$B$306,A8,Validacao!$L$7:$L$306))) | S8: =IF(B8="","",IF(V8="Proposta desfavorável fundamentada",0,IF(V8="Proposta técnica concluída",ROUND(Q8*R8,2),"Por apurar"))) | V8: =IF(B8="","",IF(OR(K8="",K8="Por esclarecer",L8="",M8="",N8="",U8=""),"Falta concluir apreciação técnica",IF(K8="Não elegível","Proposta desfavorável fundamentada",IF(OR(COUNTIF(C8:J8,"Cumpre")<>8,NOT(ISNUMBER(Q8)),NOT(ISNUMBER(R8)),INDEX(Financiamento!$Q$7:$Q$106,MATCH(A8,Financiamento!$A$7:$A$106,0))<>"Calculável"),"Por esclarecer ou validar",IF(OR(R8<0,R8>Instrucoes!$B$7),"Rever taxa proposta","Proposta técnica concluída")))))
A9: INT-003 | B9: =IF(NOT(COUNTIFS(Intervencoes!$A$7:$A$26,A9,Intervencoes!$B$7:$B$26,"<>")=1),"",INDEX(Intervencoes!$B$7:$B$26,MATCH(A9,Intervencoes!$A$7:$A$26,0))) | O9: =IF(B9="","",IF(OR(COUNTIF(Validacao!$B$7:$B$306,A9)=0,COUNTIFS(Validacao!$B$7:$B$306,A9,Validacao!$O$7:$O$306,"<>OK")>0),"Por apurar",SUMIF(Validacao!$B$7:$B$306,A9,Validacao!$J$7:$J$306))) | P9: =IF(B9="","",IF(OR(COUNTIF(Validacao!$B$7:$B$306,A9)=0,COUNTIFS(Validacao!$B$7:$B$306,A9,Validacao!$O$7:$O$306,"<>OK")>0),"Por apurar",SUMIF(Validacao!$B$7:$B$306,A9,Validacao!$K$7:$K$306))) | Q9: =IF(B9="","",IF(OR(COUNTIF(Validacao!$B$7:$B$306,A9)=0,COUNTIFS(Validacao!$B$7:$B$306,A9,Validacao!$O$7:$O$306,"<>OK")>0),"Por apurar",SUMIF(Validacao!$B$7:$B$306,A9,Validacao!$L$7:$L$306))) | S9: =IF(B9="","",IF(V9="Proposta desfavorável fundamentada",0,IF(V9="Proposta técnica concluída",ROUND(Q9*R9,2),"Por apurar"))) | V9: =IF(B9="","",IF(OR(K9="",K9="Por esclarecer",L9="",M9="",N9="",U9=""),"Falta concluir apreciação técnica",IF(K9="Não elegível","Proposta desfavorável fundamentada",IF(OR(COUNTIF(C9:J9,"Cumpre")<>8,NOT(ISNUMBER(Q9)),NOT(ISNUMBER(R9)),INDEX(Financiamento!$Q$7:$Q$106,MATCH(A9,Financiamento!$A$7:$A$106,0))<>"Calculável"),"Por esclarecer ou validar",IF(OR(R9<0,R9>Instrucoes!$B$7),"Rever taxa proposta","Proposta técnica concluída")))))
A10: INT-004 | B10: =IF(NOT(COUNTIFS(Intervencoes!$A$7:$A$26,A10,Intervencoes!$B$7:$B$26,"<>")=1),"",INDEX(Intervencoes!$B$7:$B$26,MATCH(A10,Intervencoes!$A$7:$A$26,0))) | O10: =IF(B10="","",IF(OR(COUNTIF(Validacao!$B$7:$B$306,A10)=0,COUNTIFS(Validacao!$B$7:$B$306,A10,Validacao!$O$7:$O$306,"<>OK")>0),"Por apurar",SUMIF(Validacao!$B$7:$B$306,A10,Validacao!$J$7:$J$306))) | P10: =IF(B10="","",IF(OR(COUNTIF(Validacao!$B$7:$B$306,A10)=0,COUNTIFS(Validacao!$B$7:$B$306,A10,Validacao!$O$7:$O$306,"<>OK")>0),"Por apurar",SUMIF(Validacao!$B$7:$B$306,A10,Validacao!$K$7:$K$306))) | Q10: =IF(B10="","",IF(OR(COUNTIF(Validacao!$B$7:$B$306,A10)=0,COUNTIFS(Validacao!$B$7:$B$306,A10,Validacao!$O$7:$O$306,"<>OK")>0),"Por apurar",SUMIF(Validacao!$B$7:$B$306,A10,Validacao!$L$7:$L$306))) | S10: =IF(B10="","",IF(V10="Proposta desfavorável fundamentada",0,IF(V10="Proposta técnica concluída",ROUND(Q10*R10,2),"Por apurar"))) | V10: =IF(B10="","",IF(OR(K10="",K10="Por esclarecer",L10="",M10="",N10="",U10=""),"Falta concluir apreciação técnica",IF(K10="Não elegível","Proposta desfavorável fundamentada",IF(OR(COUNTIF(C10:J10,"Cumpre")<>8,NOT(ISNUMBER(Q10)),NOT(ISNUMBER(R10)),INDEX(Financiamento!$Q$7:$Q$106,MATCH(A10,Financiamento!$A$7:$A$106,0))<>"Calculável"),"Por esclarecer ou validar",IF(OR(R10<0,R10>Instrucoes!$B$7),"Rever taxa proposta","Proposta técnica concluída")))))
A11: INT-005 | B11: =IF(NOT(COUNTIFS(Intervencoes!$A$7:$A$26,A11,Intervencoes!$B$7:$B$26,"<>")=1),"",INDEX(Intervencoes!$B$7:$B$26,MATCH(A11,Intervencoes!$A$7:$A$26,0))) | O11: =IF(B11="","",IF(OR(COUNTIF(Validacao!$B$7:$B$306,A11)=0,COUNTIFS(Validacao!$B$7:$B$306,A11,Validacao!$O$7:$O$306,"<>OK")>0),"Por apurar",SUMIF(Validacao!$B$7:$B$306,A11,Validacao!$J$7:$J$306))) | P11: =IF(B11="","",IF(OR(COUNTIF(Validacao!$B$7:$B$306,A11)=0,COUNTIFS(Validacao!$B$7:$B$306,A11,Validacao!$O$7:$O$306,"<>OK")>0),"Por apurar",SUMIF(Validacao!$B$7:$B$306,A11,Validacao!$K$7:$K$306))) | Q11: =IF(B11="","",IF(OR(COUNTIF(Validacao!$B$7:$B$306,A11)=0,COUNTIFS(Validacao!$B$7:$B$306,A11,Validacao!$O$7:$O$306,"<>OK")>0),"Por apurar",SUMIF(Validacao!$B$7:$B$306,A11,Validacao!$L$7:$L$306))) | S11: =IF(B11="","",IF(V11="Proposta desfavorável fundamentada",0,IF(V11="Proposta técnica concluída",ROUND(Q11*R11,2),"Por apurar"))) | V11: =IF(B11="","",IF(OR(K11="",K11="Por esclarecer",L11="",M11="",N11="",U11=""),"Falta concluir apreciação técnica",IF(K11="Não elegível","Proposta desfavorável fundamentada",IF(OR(COUNTIF(C11:J11,"Cumpre")<>8,NOT(ISNUMBER(Q11)),NOT(ISNUMBER(R11)),INDEX(Financiamento!$Q$7:$Q$106,MATCH(A11,Financiamento!$A$7:$A$106,0))<>"Calculável"),"Por esclarecer ou validar",IF(OR(R11<0,R11>Instrucoes!$B$7),"Rever taxa proposta","Proposta técnica concluída")))))
A12: INT-006 | B12: =IF(NOT(COUNTIFS(Intervencoes!$A$7:$A$26,A12,Intervencoes!$B$7:$B$26,"<>")=1),"",INDEX(Intervencoes!$B$7:$B$26,MATCH(A12,Intervencoes!$A$7:$A$26,0))) | O12: =IF(B12="","",IF(OR(COUNTIF(Validacao!$B$7:$B$306,A12)=0,COUNTIFS(Validacao!$B$7:$B$306,A12,Validacao!$O$7:$O$306,"<>OK")>0),"Por apurar",SUMIF(Validacao!$B$7:$B$306,A12,Validacao!$J$7:$J$306))) | P12: =IF(B12="","",IF(OR(COUNTIF(Validacao!$B$7:$B$306,A12)=0,COUNTIFS(Validacao!$B$7:$B$306,A12,Validacao!$O$7:$O$306,"<>OK")>0),"Por apurar",SUMIF(Validacao!$B$7:$B$306,A12,Validacao!$K$7:$K$306))) | Q12: =IF(B12="","",IF(OR(COUNTIF(Validacao!$B$7:$B$306,A12)=0,COUNTIFS(Validacao!$B$7:$B$306,A12,Validacao!$O$7:$O$306,"<>OK")>0),"Por apurar",SUMIF(Validacao!$B$7:$B$306,A12,Validacao!$L$7:$L$306))) | S12: =IF(B12="","",IF(V12="Proposta desfavorável fundamentada",0,IF(V12="Proposta técnica concluída",ROUND(Q12*R12,2),"Por apurar"))) | V12: =IF(B12="","",IF(OR(K12="",K12="Por esclarecer",L12="",M12="",N12="",U12=""),"Falta concluir apreciação técnica",IF(K12="Não elegível","Proposta desfavorável fundamentada",IF(OR(COUNTIF(C12:J12,"Cumpre")<>8,NOT(ISNUMBER(Q12)),NOT(ISNUMBER(R12)),INDEX(Financiamento!$Q$7:$Q$106,MATCH(A12,Financiamento!$A$7:$A$106,0))<>"Calculável"),"Por esclarecer ou validar",IF(OR(R12<0,R12>Instrucoes!$B$7),"Rever taxa proposta","Proposta técnica concluída")))))
A13: INT-007 | B13: =IF(NOT(COUNTIFS(Intervencoes!$A$7:$A$26,A13,Intervencoes!$B$7:$B$26,"<>")=1),"",INDEX(Intervencoes!$B$7:$B$26,MATCH(A13,Intervencoes!$A$7:$A$26,0))) | O13: =IF(B13="","",IF(OR(COUNTIF(Validacao!$B$7:$B$306,A13)=0,COUNTIFS(Validacao!$B$7:$B$306,A13,Validacao!$O$7:$O$306,"<>OK")>0),"Por apurar",SUMIF(Validacao!$B$7:$B$306,A13,Validacao!$J$7:$J$306))) | P13: =IF(B13="","",IF(OR(COUNTIF(Validacao!$B$7:$B$306,A13)=0,COUNTIFS(Validacao!$B$7:$B$306,A13,Validacao!$O$7:$O$306,"<>OK")>0),"Por apurar",SUMIF(Validacao!$B$7:$B$306,A13,Validacao!$K$7:$K$306))) | Q13: =IF(B13="","",IF(OR(COUNTIF(Validacao!$B$7:$B$306,A13)=0,COUNTIFS(Validacao!$B$7:$B$306,A13,Validacao!$O$7:$O$306,"<>OK")>0),"Por apurar",SUMIF(Validacao!$B$7:$B$306,A13,Validacao!$L$7:$L$306))) | S13: =IF(B13="","",IF(V13="Proposta desfavorável fundamentada",0,IF(V13="Proposta técnica concluída",ROUND(Q13*R13,2),"Por apurar"))) | V13: =IF(B13="","",IF(OR(K13="",K13="Por esclarecer",L13="",M13="",N13="",U13=""),"Falta concluir apreciação técnica",IF(K13="Não elegível","Proposta desfavorável fundamentada",IF(OR(COUNTIF(C13:J13,"Cumpre")<>8,NOT(ISNUMBER(Q13)),NOT(ISNUMBER(R13)),INDEX(Financiamento!$Q$7:$Q$106,MATCH(A13,Financiamento!$A$7:$A$106,0))<>"Calculável"),"Por esclarecer ou validar",IF(OR(R13<0,R13>Instrucoes!$B$7),"Rever taxa proposta","Proposta técnica concluída")))))
A14: INT-008 | B14: =IF(NOT(COUNTIFS(Intervencoes!$A$7:$A$26,A14,Intervencoes!$B$7:$B$26,"<>")=1),"",INDEX(Intervencoes!$B$7:$B$26,MATCH(A14,Intervencoes!$A$7:$A$26,0))) | O14: =IF(B14="","",IF(OR(COUNTIF(Validacao!$B$7:$B$306,A14)=0,COUNTIFS(Validacao!$B$7:$B$306,A14,Validacao!$O$7:$O$306,"<>OK")>0),"Por apurar",SUMIF(Validacao!$B$7:$B$306,A14,Validacao!$J$7:$J$306))) | P14: =IF(B14="","",IF(OR(COUNTIF(Validacao!$B$7:$B$306,A14)=0,COUNTIFS(Validacao!$B$7:$B$306,A14,Validacao!$O$7:$O$306,"<>OK")>0),"Por apurar",SUMIF(Validacao!$B$7:$B$306,A14,Validacao!$K$7:$K$306))) | Q14: =IF(B14="","",IF(OR(COUNTIF(Validacao!$B$7:$B$306,A14)=0,COUNTIFS(Validacao!$B$7:$B$306,A14,Validacao!$O$7:$O$306,"<>OK")>0),"Por apurar",SUMIF(Validacao!$B$7:$B$306,A14,Validacao!$L$7:$L$306))) | S14: =IF(B14="","",IF(V14="Proposta desfavorável fundamentada",0,IF(V14="Proposta técnica concluída",ROUND(Q14*R14,2),"Por apurar"))) | V14: =IF(B14="","",IF(OR(K14="",K14="Por esclarecer",L14="",M14="",N14="",U14=""),"Falta concluir apreciação técnica",IF(K14="Não elegível","Proposta desfavorável fundamentada",IF(OR(COUNTIF(C14:J14,"Cumpre")<>8,NOT(ISNUMBER(Q14)),NOT(ISNUMBER(R14)),INDEX(Financiamento!$Q$7:$Q$106,MATCH(A14,Financiamento!$A$7:$A$106,0))<>"Calculável"),"Por esclarecer ou validar",IF(OR(R14<0,R14>Instrucoes!$B$7),"Rever taxa proposta","Proposta técnica concluída")))))
A15: INT-009 | B15: =IF(NOT(COUNTIFS(Intervencoes!$A$7:$A$26,A15,Intervencoes!$B$7:$B$26,"<>")=1),"",INDEX(Intervencoes!$B$7:$B$26,MATCH(A15,Intervencoes!$A$7:$A$26,0))) | O15: =IF(B15="","",IF(OR(COUNTIF(Validacao!$B$7:$B$306,A15)=0,COUNTIFS(Validacao!$B$7:$B$306,A15,Validacao!$O$7:$O$306,"<>OK")>0),"Por apurar",SUMIF(Validacao!$B$7:$B$306,A15,Validacao!$J$7:$J$306))) | P15: =IF(B15="","",IF(OR(COUNTIF(Validacao!$B$7:$B$306,A15)=0,COUNTIFS(Validacao!$B$7:$B$306,A15,Validacao!$O$7:$O$306,"<>OK")>0),"Por apurar",SUMIF(Validacao!$B$7:$B$306,A15,Validacao!$K$7:$K$306))) | Q15: =IF(B15="","",IF(OR(COUNTIF(Validacao!$B$7:$B$306,A15)=0,COUNTIFS(Validacao!$B$7:$B$306,A15,Validacao!$O$7:$O$306,"<>OK")>0),"Por apurar",SUMIF(Validacao!$B$7:$B$306,A15,Validacao!$L$7:$L$306))) | S15: =IF(B15="","",IF(V15="Proposta desfavorável fundamentada",0,IF(V15="Proposta técnica concluída",ROUND(Q15*R15,2),"Por apurar"))) | V15: =IF(B15="","",IF(OR(K15="",K15="Por esclarecer",L15="",M15="",N15="",U15=""),"Falta concluir apreciação técnica",IF(K15="Não elegível","Proposta desfavorável fundamentada",IF(OR(COUNTIF(C15:J15,"Cumpre")<>8,NOT(ISNUMBER(Q15)),NOT(ISNUMBER(R15)),INDEX(Financiamento!$Q$7:$Q$106,MATCH(A15,Financiamento!$A$7:$A$106,0))<>"Calculável"),"Por esclarecer ou validar",IF(OR(R15<0,R15>Instrucoes!$B$7),"Rever taxa proposta","Proposta técnica concluída")))))
A16: INT-010 | B16: =IF(NOT(COUNTIFS(Intervencoes!$A$7:$A$26,A16,Intervencoes!$B$7:$B$26,"<>")=1),"",INDEX(Intervencoes!$B$7:$B$26,MATCH(A16,Intervencoes!$A$7:$A$26,0))) | O16: =IF(B16="","",IF(OR(COUNTIF(Validacao!$B$7:$B$306,A16)=0,COUNTIFS(Validacao!$B$7:$B$306,A16,Validacao!$O$7:$O$306,"<>OK")>0),"Por apurar",SUMIF(Validacao!$B$7:$B$306,A16,Validacao!$J$7:$J$306))) | P16: =IF(B16="","",IF(OR(COUNTIF(Validacao!$B$7:$B$306,A16)=0,COUNTIFS(Validacao!$B$7:$B$306,A16,Validacao!$O$7:$O$306,"<>OK")>0),"Por apurar",SUMIF(Validacao!$B$7:$B$306,A16,Validacao!$K$7:$K$306))) | Q16: =IF(B16="","",IF(OR(COUNTIF(Validacao!$B$7:$B$306,A16)=0,COUNTIFS(Validacao!$B$7:$B$306,A16,Validacao!$O$7:$O$306,"<>OK")>0),"Por apurar",SUMIF(Validacao!$B$7:$B$306,A16,Validacao!$L$7:$L$306))) | S16: =IF(B16="","",IF(V16="Proposta desfavorável fundamentada",0,IF(V16="Proposta técnica concluída",ROUND(Q16*R16,2),"Por apurar"))) | V16: =IF(B16="","",IF(OR(K16="",K16="Por esclarecer",L16="",M16="",N16="",U16=""),"Falta concluir apreciação técnica",IF(K16="Não elegível","Proposta desfavorável fundamentada",IF(OR(COUNTIF(C16:J16,"Cumpre")<>8,NOT(ISNUMBER(Q16)),NOT(ISNUMBER(R16)),INDEX(Financiamento!$Q$7:$Q$106,MATCH(A16,Financiamento!$A$7:$A$106,0))<>"Calculável"),"Por esclarecer ou validar",IF(OR(R16<0,R16>Instrucoes!$B$7),"Rever taxa proposta","Proposta técnica concluída")))))
A17: INT-011 | B17: =IF(NOT(COUNTIFS(Intervencoes!$A$7:$A$26,A17,Intervencoes!$B$7:$B$26,"<>")=1),"",INDEX(Intervencoes!$B$7:$B$26,MATCH(A17,Intervencoes!$A$7:$A$26,0))) | O17: =IF(B17="","",IF(OR(COUNTIF(Validacao!$B$7:$B$306,A17)=0,COUNTIFS(Validacao!$B$7:$B$306,A17,Validacao!$O$7:$O$306,"<>OK")>0),"Por apurar",SUMIF(Validacao!$B$7:$B$306,A17,Validacao!$J$7:$J$306))) | P17: =IF(B17="","",IF(OR(COUNTIF(Validacao!$B$7:$B$306,A17)=0,COUNTIFS(Validacao!$B$7:$B$306,A17,Validacao!$O$7:$O$306,"<>OK")>0),"Por apurar",SUMIF(Validacao!$B$7:$B$306,A17,Validacao!$K$7:$K$306))) | Q17: =IF(B17="","",IF(OR(COUNTIF(Validacao!$B$7:$B$306,A17)=0,COUNTIFS(Validacao!$B$7:$B$306,A17,Validacao!$O$7:$O$306,"<>OK")>0),"Por apurar",SUMIF(Validacao!$B$7:$B$306,A17,Validacao!$L$7:$L$306))) | S17: =IF(B17="","",IF(V17="Proposta desfavorável fundamentada",0,IF(V17="Proposta técnica concluída",ROUND(Q17*R17,2),"Por apurar"))) | V17: =IF(B17="","",IF(OR(K17="",K17="Por esclarecer",L17="",M17="",N17="",U17=""),"Falta concluir apreciação técnica",IF(K17="Não elegível","Proposta desfavorável fundamentada",IF(OR(COUNTIF(C17:J17,"Cumpre")<>8,NOT(ISNUMBER(Q17)),NOT(ISNUMBER(R17)),INDEX(Financiamento!$Q$7:$Q$106,MATCH(A17,Financiamento!$A$7:$A$106,0))<>"Calculável"),"Por esclarecer ou validar",IF(OR(R17<0,R17>Instrucoes!$B$7),"Rever taxa proposta","Proposta técnica concluída")))))
A18: INT-012 | B18: =IF(NOT(COUNTIFS(Intervencoes!$A$7:$A$26,A18,Intervencoes!$B$7:$B$26,"<>")=1),"",INDEX(Intervencoes!$B$7:$B$26,MATCH(A18,Intervencoes!$A$7:$A$26,0))) | O18: =IF(B18="","",IF(OR(COUNTIF(Validacao!$B$7:$B$306,A18)=0,COUNTIFS(Validacao!$B$7:$B$306,A18,Validacao!$O$7:$O$306,"<>OK")>0),"Por apurar",SUMIF(Validacao!$B$7:$B$306,A18,Validacao!$J$7:$J$306))) | P18: =IF(B18="","",IF(OR(COUNTIF(Validacao!$B$7:$B$306,A18)=0,COUNTIFS(Validacao!$B$7:$B$306,A18,Validacao!$O$7:$O$306,"<>OK")>0),"Por apurar",SUMIF(Validacao!$B$7:$B$306,A18,Validacao!$K$7:$K$306))) | Q18: =IF(B18="","",IF(OR(COUNTIF(Validacao!$B$7:$B$306,A18)=0,COUNTIFS(Validacao!$B$7:$B$306,A18,Validacao!$O$7:$O$306,"<>OK")>0),"Por apurar",SUMIF(Validacao!$B$7:$B$306,A18,Validacao!$L$7:$L$306))) | S18: =IF(B18="","",IF(V18="Proposta desfavorável fundamentada",0,IF(V18="Proposta técnica concluída",ROUND(Q18*R18,2),"Por apurar"))) | V18: =IF(B18="","",IF(OR(K18="",K18="Por esclarecer",L18="",M18="",N18="",U18=""),"Falta concluir apreciação técnica",IF(K18="Não elegível","Proposta desfavorável fundamentada",IF(OR(COUNTIF(C18:J18,"Cumpre")<>8,NOT(ISNUMBER(Q18)),NOT(ISNUMBER(R18)),INDEX(Financiamento!$Q$7:$Q$106,MATCH(A18,Financiamento!$A$7:$A$106,0))<>"Calculável"),"Por esclarecer ou validar",IF(OR(R18<0,R18>Instrucoes!$B$7),"Rever taxa proposta","Proposta técnica concluída")))))
... A25: INT-019 | B25: =IF(NOT(COUNTIFS(Intervencoes!$A$7:$A$26,A25,Intervencoes!$B$7:$B$26,"<>")=1),"",INDEX(Intervencoes!$B$7:$B$26,MATCH(A25,Intervencoes!$A$7:$A$26,0))) | O25: =IF(B25="","",IF(OR(COUNTIF(Validacao!$B$7:$B$306,A25)=0,COUNTIFS(Validacao!$B$7:$B$306,A25,Validacao!$O$7:$O$306,"<>OK")>0),"Por apurar",SUMIF(Validacao!$B$7:$B$306,A25,Validacao!$J$7:$J$306))) | P25: =IF(B25="","",IF(OR(COUNTIF(Validacao!$B$7:$B$306,A25)=0,COUNTIFS(Validacao!$B$7:$B$306,A25,Validacao!$O$7:$O$306,"<>OK")>0),"Por apurar",SUMIF(Validacao!$B$7:$B$306,A25,Validacao!$K$7:$K$306))) | Q25: =IF(B25="","",IF(OR(COUNTIF(Validacao!$B$7:$B$306,A25)=0,COUNTIFS(Validacao!$B$7:$B$306,A25,Validacao!$O$7:$O$306,"<>OK")>0),"Por apurar",SUMIF(Validacao!$B$7:$B$306,A25,Validacao!$L$7:$L$306))) | S25: =IF(B25="","",IF(V25="Proposta desfavorável fundamentada",0,IF(V25="Proposta técnica concluída",ROUND(Q25*R25,2),"Por apurar"))) | V25: =IF(B25="","",IF(OR(K25="",K25="Por esclarecer",L25="",M25="",N25="",U25=""),"Falta concluir apreciação técnica",IF(K25="Não elegível","Proposta desfavorável fundamentada",IF(OR(COUNTIF(C25:J25,"Cumpre")<>8,NOT(ISNUMBER(Q25)),NOT(ISNUMBER(R25)),INDEX(Financiamento!$Q$7:$Q$106,MATCH(A25,Financiamento!$A$7:$A$106,0))<>"Calculável"),"Por esclarecer ou validar",IF(OR(R25<0,R25>Instrucoes!$B$7),"Rever taxa proposta","Proposta técnica concluída")))))
A26: INT-020 | B26: =IF(NOT(COUNTIFS(Intervencoes!$A$7:$A$106,A26,Intervencoes!$B$7:$B$106,"<>")=1),"",INDEX(Intervencoes!$B$7:$B$106,MATCH(A26,Intervencoes!$A$7:$A$106,0))) | O26: =IF(B26="","",IF(OR(COUNTIF(Validacao!$B$7:$B$306,A26)=0,COUNTIFS(Validacao!$B$7:$B$306,A26,Validacao!$O$7:$O$306,"<>OK")>0),"Por apurar",SUMIF(Validacao!$B$7:$B$306,A26,Validacao!$J$7:$J$306))) | P26: =IF(B26="","",IF(OR(COUNTIF(Validacao!$B$7:$B$306,A26)=0,COUNTIFS(Validacao!$B$7:$B$306,A26,Validacao!$O$7:$O$306,"<>OK")>0),"Por apurar",SUMIF(Validacao!$B$7:$B$306,A26,Validacao!$K$7:$K$306))) | Q26: =IF(B26="","",IF(OR(COUNTIF(Validacao!$B$7:$B$306,A26)=0,COUNTIFS(Validacao!$B$7:$B$306,A26,Validacao!$O$7:$O$306,"<>OK")>0),"Por apurar",SUMIF(Validacao!$B$7:$B$306,A26,Validacao!$L$7:$L$306))) | S26: =IF(B26="","",IF(V26="Proposta desfavorável fundamentada",0,IF(V26="Proposta técnica concluída",ROUND(Q26*R26,2),"Por apurar"))) | V26: =IF(B26="","",IF(OR(K26="",K26="Por esclarecer",L26="",M26="",N26="",U26=""),"Falta concluir apreciação técnica",IF(K26="Não elegível","Proposta desfavorável fundamentada",IF(OR(COUNTIF(C26:J26,"Cumpre")<>8,NOT(ISNUMBER(Q26)),NOT(ISNUMBER(R26)),INDEX(Financiamento!$Q$7:$Q$106,MATCH(A26,Financiamento!$A$7:$A$106,0))<>"Calculável"),"Por esclarecer ou validar",IF(OR(R26<0,R26>Instrucoes!$B$7),"Rever taxa proposta","Proposta técnica concluída")))))
A27: INT-021 | B27: =IF(NOT(COUNTIFS(Intervencoes!$A$7:$A$106,A27,Intervencoes!$B$7:$B$106,"<>")=1),"",INDEX(Intervencoes!$B$7:$B$106,MATCH(A27,Intervencoes!$A$7:$A$106,0))) | O27: =IF(B27="","",IF(OR(COUNTIF(Validacao!$B$7:$B$306,A27)=0,COUNTIFS(Validacao!$B$7:$B$306,A27,Validacao!$O$7:$O$306,"<>OK")>0),"Por apurar",SUMIF(Validacao!$B$7:$B$306,A27,Validacao!$J$7:$J$306))) | P27: =IF(B27="","",IF(OR(COUNTIF(Validacao!$B$7:$B$306,A27)=0,COUNTIFS(Validacao!$B$7:$B$306,A27,Validacao!$O$7:$O$306,"<>OK")>0),"Por apurar",SUMIF(Validacao!$B$7:$B$306,A27,Validacao!$K$7:$K$306))) | Q27: =IF(B27="","",IF(OR(COUNTIF(Validacao!$B$7:$B$306,A27)=0,COUNTIFS(Validacao!$B$7:$B$306,A27,Validacao!$O$7:$O$306,"<>OK")>0),"Por apurar",SUMIF(Validacao!$B$7:$B$306,A27,Validacao!$L$7:$L$306))) | S27: =IF(B27="","",IF(V27="Proposta desfavorável fundamentada",0,IF(V27="Proposta técnica concluída",ROUND(Q27*R27,2),"Por apurar"))) | V27: =IF(B27="","",IF(OR(K27="",K27="Por esclarecer",L27="",M27="",N27="",U27=""),"Falta concluir apreciação técnica",IF(K27="Não elegível","Proposta desfavorável fundamentada",IF(OR(COUNTIF(C27:J27,"Cumpre")<>8,NOT(ISNUMBER(Q27)),NOT(ISNUMBER(R27)),INDEX(Financiamento!$Q$7:$Q$106,MATCH(A27,Financiamento!$A$7:$A$106,0))<>"Calculável"),"Por esclarecer ou validar",IF(OR(R27<0,R27>Instrucoes!$B$7),"Rever taxa proposta","Proposta técnica concluída")))))
A28: INT-022 | B28: =IF(NOT(COUNTIFS(Intervencoes!$A$7:$A$106,A28,Intervencoes!$B$7:$B$106,"<>")=1),"",INDEX(Intervencoes!$B$7:$B$106,MATCH(A28,Intervencoes!$A$7:$A$106,0))) | O28: =IF(B28="","",IF(OR(COUNTIF(Validacao!$B$7:$B$306,A28)=0,COUNTIFS(Validacao!$B$7:$B$306,A28,Validacao!$O$7:$O$306,"<>OK")>0),"Por apurar",SUMIF(Validacao!$B$7:$B$306,A28,Validacao!$J$7:$J$306))) | P28: =IF(B28="","",IF(OR(COUNTIF(Validacao!$B$7:$B$306,A28)=0,COUNTIFS(Validacao!$B$7:$B$306,A28,Validacao!$O$7:$O$306,"<>OK")>0),"Por apurar",SUMIF(Validacao!$B$7:$B$306,A28,Validacao!$K$7:$K$306))) | Q28: =IF(B28="","",IF(OR(COUNTIF(Validacao!$B$7:$B$306,A28)=0,COUNTIFS(Validacao!$B$7:$B$306,A28,Validacao!$O$7:$O$306,"<>OK")>0),"Por apurar",SUMIF(Validacao!$B$7:$B$306,A28,Validacao!$L$7:$L$306))) | S28: =IF(B28="","",IF(V28="Proposta desfavorável fundamentada",0,IF(V28="Proposta técnica concluída",ROUND(Q28*R28,2),"Por apurar"))) | V28: =IF(B28="","",IF(OR(K28="",K28="Por esclarecer",L28="",M28="",N28="",U28=""),"Falta concluir apreciação técnica",IF(K28="Não elegível","Proposta desfavorável fundamentada",IF(OR(COUNTIF(C28:J28,"Cumpre")<>8,NOT(ISNUMBER(Q28)),NOT(ISNUMBER(R28)),INDEX(Financiamento!$Q$7:$Q$106,MATCH(A28,Financiamento!$A$7:$A$106,0))<>"Calculável"),"Por esclarecer ou validar",IF(OR(R28<0,R28>Instrucoes!$B$7),"Rever taxa proposta","Proposta técnica concluída")))))
A29: INT-023 | B29: =IF(NOT(COUNTIFS(Intervencoes!$A$7:$A$106,A29,Intervencoes!$B$7:$B$106,"<>")=1),"",INDEX(Intervencoes!$B$7:$B$106,MATCH(A29,Intervencoes!$A$7:$A$106,0))) | O29: =IF(B29="","",IF(OR(COUNTIF(Validacao!$B$7:$B$306,A29)=0,COUNTIFS(Validacao!$B$7:$B$306,A29,Validacao!$O$7:$O$306,"<>OK")>0),"Por apurar",SUMIF(Validacao!$B$7:$B$306,A29,Validacao!$J$7:$J$306))) | P29: =IF(B29="","",IF(OR(COUNTIF(Validacao!$B$7:$B$306,A29)=0,COUNTIFS(Validacao!$B$7:$B$306,A29,Validacao!$O$7:$O$306,"<>OK")>0),"Por apurar",SUMIF(Validacao!$B$7:$B$306,A29,Validacao!$K$7:$K$306))) | Q29: =IF(B29="","",IF(OR(COUNTIF(Validacao!$B$7:$B$306,A29)=0,COUNTIFS(Validacao!$B$7:$B$306,A29,Validacao!$O$7:$O$306,"<>OK")>0),"Por apurar",SUMIF(Validacao!$B$7:$B$306,A29,Validacao!$L$7:$L$306))) | S29: =IF(B29="","",IF(V29="Proposta desfavorável fundamentada",0,IF(V29="Proposta técnica concluída",ROUND(Q29*R29,2),"Por apurar"))) | V29: =IF(B29="","",IF(OR(K29="",K29="Por esclarecer",L29="",M29="",N29="",U29=""),"Falta concluir apreciação técnica",IF(K29="Não elegível","Proposta desfavorável fundamentada",IF(OR(COUNTIF(C29:J29,"Cumpre")<>8,NOT(ISNUMBER(Q29)),NOT(ISNUMBER(R29)),INDEX(Financiamento!$Q$7:$Q$106,MATCH(A29,Financiamento!$A$7:$A$106,0))<>"Calculável"),"Por esclarecer ou validar",IF(OR(R29<0,R29>Instrucoes!$B$7),"Rever taxa proposta","Proposta técnica concluída")))))
A30: INT-024 | B30: =IF(NOT(COUNTIFS(Intervencoes!$A$7:$A$106,A30,Intervencoes!$B$7:$B$106,"<>")=1),"",INDEX(Intervencoes!$B$7:$B$106,MATCH(A30,Intervencoes!$A$7:$A$106,0))) | O30: =IF(B30="","",IF(OR(COUNTIF(Validacao!$B$7:$B$306,A30)=0,COUNTIFS(Validacao!$B$7:$B$306,A30,Validacao!$O$7:$O$306,"<>OK")>0),"Por apurar",SUMIF(Validacao!$B$7:$B$306,A30,Validacao!$J$7:$J$306))) | P30: =IF(B30="","",IF(OR(COUNTIF(Validacao!$B$7:$B$306,A30)=0,COUNTIFS(Validacao!$B$7:$B$306,A30,Validacao!$O$7:$O$306,"<>OK")>0),"Por apurar",SUMIF(Validacao!$B$7:$B$306,A30,Validacao!$K$7:$K$306))) | Q30: =IF(B30="","",IF(OR(COUNTIF(Validacao!$B$7:$B$306,A30)=0,COUNTIFS(Validacao!$B$7:$B$306,A30,Validacao!$O$7:$O$306,"<>OK")>0),"Por apurar",SUMIF(Validacao!$B$7:$B$306,A30,Validacao!$L$7:$L$306))) | S30: =IF(B30="","",IF(V30="Proposta desfavorável fundamentada",0,IF(V30="Proposta técnica concluída",ROUND(Q30*R30,2),"Por apurar"))) | V30: =IF(B30="","",IF(OR(K30="",K30="Por esclarecer",L30="",M30="",N30="",U30=""),"Falta concluir apreciação técnica",IF(K30="Não elegível","Proposta desfavorável fundamentada",IF(OR(COUNTIF(C30:J30,"Cumpre")<>8,NOT(ISNUMBER(Q30)),NOT(ISNUMBER(R30)),INDEX(Financiamento!$Q$7:$Q$106,MATCH(A30,Financiamento!$A$7:$A$106,0))<>"Calculável"),"Por esclarecer ou validar",IF(OR(R30<0,R30>Instrucoes!$B$7),"Rever taxa proposta","Proposta técnica concluída")))))
A31: INT-025 | B31: =IF(NOT(COUNTIFS(Intervencoes!$A$7:$A$106,A31,Intervencoes!$B$7:$B$106,"<>")=1),"",INDEX(Intervencoes!$B$7:$B$106,MATCH(A31,Intervencoes!$A$7:$A$106,0))) | O31: =IF(B31="","",IF(OR(COUNTIF(Validacao!$B$7:$B$306,A31)=0,COUNTIFS(Validacao!$B$7:$B$306,A31,Validacao!$O$7:$O$306,"<>OK")>0),"Por apurar",SUMIF(Validacao!$B$7:$B$306,A31,Validacao!$J$7:$J$306))) | P31: =IF(B31="","",IF(OR(COUNTIF(Validacao!$B$7:$B$306,A31)=0,COUNTIFS(Validacao!$B$7:$B$306,A31,Validacao!$O$7:$O$306,"<>OK")>0),"Por apurar",SUMIF(Validacao!$B$7:$B$306,A31,Validacao!$K$7:$K$306))) | Q31: =IF(B31="","",IF(OR(COUNTIF(Validacao!$B$7:$B$306,A31)=0,COUNTIFS(Validacao!$B$7:$B$306,A31,Validacao!$O$7:$O$306,"<>OK")>0),"Por apurar",SUMIF(Validacao!$B$7:$B$306,A31,Validacao!$L$7:$L$306))) | S31: =IF(B31="","",IF(V31="Proposta desfavorável fundamentada",0,IF(V31="Proposta técnica concluída",ROUND(Q31*R31,2),"Por apurar"))) | V31: =IF(B31="","",IF(OR(K31="",K31="Por esclarecer",L31="",M31="",N31="",U31=""),"Falta concluir apreciação técnica",IF(K31="Não elegível","Proposta desfavorável fundamentada",IF(OR(COUNTIF(C31:J31,"Cumpre")<>8,NOT(ISNUMBER(Q31)),NOT(ISNUMBER(R31)),INDEX(Financiamento!$Q$7:$Q$106,MATCH(A31,Financiamento!$A$7:$A$106,0))<>"Calculável"),"Por esclarecer ou validar",IF(OR(R31<0,R31>Instrucoes!$B$7),"Rever taxa proposta","Proposta técnica concluída")))))
A32: INT-026 | B32: =IF(NOT(COUNTIFS(Intervencoes!$A$7:$A$106,A32,Intervencoes!$B$7:$B$106,"<>")=1),"",INDEX(Intervencoes!$B$7:$B$106,MATCH(A32,Intervencoes!$A$7:$A$106,0))) | O32: =IF(B32="","",IF(OR(COUNTIF(Validacao!$B$7:$B$306,A32)=0,COUNTIFS(Validacao!$B$7:$B$306,A32,Validacao!$O$7:$O$306,"<>OK")>0),"Por apurar",SUMIF(Validacao!$B$7:$B$306,A32,Validacao!$J$7:$J$306))) | P32: =IF(B32="","",IF(OR(COUNTIF(Validacao!$B$7:$B$306,A32)=0,COUNTIFS(Validacao!$B$7:$B$306,A32,Validacao!$O$7:$O$306,"<>OK")>0),"Por apurar",SUMIF(Validacao!$B$7:$B$306,A32,Validacao!$K$7:$K$306))) | Q32: =IF(B32="","",IF(OR(COUNTIF(Validacao!$B$7:$B$306,A32)=0,COUNTIFS(Validacao!$B$7:$B$306,A32,Validacao!$O$7:$O$306,"<>OK")>0),"Por apurar",SUMIF(Validacao!$B$7:$B$306,A32,Validacao!$L$7:$L$306))) | S32: =IF(B32="","",IF(V32="Proposta desfavorável fundamentada",0,IF(V32="Proposta técnica concluída",ROUND(Q32*R32,2),"Por apurar"))) | V32: =IF(B32="","",IF(OR(K32="",K32="Por esclarecer",L32="",M32="",N32="",U32=""),"Falta concluir apreciação técnica",IF(K32="Não elegível","Proposta desfavorável fundamentada",IF(OR(COUNTIF(C32:J32,"Cumpre")<>8,NOT(ISNUMBER(Q32)),NOT(ISNUMBER(R32)),INDEX(Financiamento!$Q$7:$Q$106,MATCH(A32,Financiamento!$A$7:$A$106,0))<>"Calculável"),"Por esclarecer ou validar",IF(OR(R32<0,R32>Instrucoes!$B$7),"Rever taxa proposta","Proposta técnica concluída")))))
A33: INT-027 | B33: =IF(NOT(COUNTIFS(Intervencoes!$A$7:$A$106,A33,Intervencoes!$B$7:$B$106,"<>")=1),"",INDEX(Intervencoes!$B$7:$B$106,MATCH(A33,Intervencoes!$A$7:$A$106,0))) | O33: =IF(B33="","",IF(OR(COUNTIF(Validacao!$B$7:$B$306,A33)=0,COUNTIFS(Validacao!$B$7:$B$306,A33,Validacao!$O$7:$O$306,"<>OK")>0),"Por apurar",SUMIF(Validacao!$B$7:$B$306,A33,Validacao!$J$7:$J$306))) | P33: =IF(B33="","",IF(OR(COUNTIF(Validacao!$B$7:$B$306,A33)=0,COUNTIFS(Validacao!$B$7:$B$306,A33,Validacao!$O$7:$O$306,"<>OK")>0),"Por apurar",SUMIF(Validacao!$B$7:$B$306,A33,Validacao!$K$7:$K$306))) | Q33: =IF(B33="","",IF(OR(COUNTIF(Validacao!$B$7:$B$306,A33)=0,COUNTIFS(Validacao!$B$7:$B$306,A33,Validacao!$O$7:$O$306,"<>OK")>0),"Por apurar",SUMIF(Validacao!$B$7:$B$306,A33,Validacao!$L$7:$L$306))) | S33: =IF(B33="","",IF(V33="Proposta desfavorável fundamentada",0,IF(V33="Proposta técnica concluída",ROUND(Q33*R33,2),"Por apurar"))) | V33: =IF(B33="","",IF(OR(K33="",K33="Por esclarecer",L33="",M33="",N33="",U33=""),"Falta concluir apreciação técnica",IF(K33="Não elegível","Proposta desfavorável fundamentada",IF(OR(COUNTIF(C33:J33,"Cumpre")<>8,NOT(ISNUMBER(Q33)),NOT(ISNUMBER(R33)),INDEX(Financiamento!$Q$7:$Q$106,MATCH(A33,Financiamento!$A$7:$A$106,0))<>"Calculável"),"Por esclarecer ou validar",IF(OR(R33<0,R33>Instrucoes!$B$7),"Rever taxa proposta","Proposta técnica concluída")))))
A34: INT-028 | B34: =IF(NOT(COUNTIFS(Intervencoes!$A$7:$A$106,A34,Intervencoes!$B$7:$B$106,"<>")=1),"",INDEX(Intervencoes!$B$7:$B$106,MATCH(A34,Intervencoes!$A$7:$A$106,0))) | O34: =IF(B34="","",IF(OR(COUNTIF(Validacao!$B$7:$B$306,A34)=0,COUNTIFS(Validacao!$B$7:$B$306,A34,Validacao!$O$7:$O$306,"<>OK")>0),"Por apurar",SUMIF(Validacao!$B$7:$B$306,A34,Validacao!$J$7:$J$306))) | P34: =IF(B34="","",IF(OR(COUNTIF(Validacao!$B$7:$B$306,A34)=0,COUNTIFS(Validacao!$B$7:$B$306,A34,Validacao!$O$7:$O$306,"<>OK")>0),"Por apurar",SUMIF(Validacao!$B$7:$B$306,A34,Validacao!$K$7:$K$306))) | Q34: =IF(B34="","",IF(OR(COUNTIF(Validacao!$B$7:$B$306,A34)=0,COUNTIFS(Validacao!$B$7:$B$306,A34,Validacao!$O$7:$O$306,"<>OK")>0),"Por apurar",SUMIF(Validacao!$B$7:$B$306,A34,Validacao!$L$7:$L$306))) | S34: =IF(B34="","",IF(V34="Proposta desfavorável fundamentada",0,IF(V34="Proposta técnica concluída",ROUND(Q34*R34,2),"Por apurar"))) | V34: =IF(B34="","",IF(OR(K34="",K34="Por esclarecer",L34="",M34="",N34="",U34=""),"Falta concluir apreciação técnica",IF(K34="Não elegível","Proposta desfavorável fundamentada",IF(OR(COUNTIF(C34:J34,"Cumpre")<>8,NOT(ISNUMBER(Q34)),NOT(ISNUMBER(R34)),INDEX(Financiamento!$Q$7:$Q$106,MATCH(A34,Financiamento!$A$7:$A$106,0))<>"Calculável"),"Por esclarecer ou validar",IF(OR(R34<0,R34>Instrucoes!$B$7),"Rever taxa proposta","Proposta técnica concluída")))))
A35: INT-029 | B35: =IF(NOT(COUNTIFS(Intervencoes!$A$7:$A$106,A35,Intervencoes!$B$7:$B$106,"<>")=1),"",INDEX(Intervencoes!$B$7:$B$106,MATCH(A35,Intervencoes!$A$7:$A$106,0))) | O35: =IF(B35="","",IF(OR(COUNTIF(Validacao!$B$7:$B$306,A35)=0,COUNTIFS(Validacao!$B$7:$B$306,A35,Validacao!$O$7:$O$306,"<>OK")>0),"Por apurar",SUMIF(Validacao!$B$7:$B$306,A35,Validacao!$J$7:$J$306))) | P35: =IF(B35="","",IF(OR(COUNTIF(Validacao!$B$7:$B$306,A35)=0,COUNTIFS(Validacao!$B$7:$B$306,A35,Validacao!$O$7:$O$306,"<>OK")>0),"Por apurar",SUMIF(Validacao!$B$7:$B$306,A35,Validacao!$K$7:$K$306))) | Q35: =IF(B35="","",IF(OR(COUNTIF(Validacao!$B$7:$B$306,A35)=0,COUNTIFS(Validacao!$B$7:$B$306,A35,Validacao!$O$7:$O$306,"<>OK")>0),"Por apurar",SUMIF(Validacao!$B$7:$B$306,A35,Validacao!$L$7:$L$306))) | S35: =IF(B35="","",IF(V35="Proposta desfavorável fundamentada",0,IF(V35="Proposta técnica concluída",ROUND(Q35*R35,2),"Por apurar"))) | V35: =IF(B35="","",IF(OR(K35="",K35="Por esclarecer",L35="",M35="",N35="",U35=""),"Falta concluir apreciação técnica",IF(K35="Não elegível","Proposta desfavorável fundamentada",IF(OR(COUNTIF(C35:J35,"Cumpre")<>8,NOT(ISNUMBER(Q35)),NOT(ISNUMBER(R35)),INDEX(Financiamento!$Q$7:$Q$106,MATCH(A35,Financiamento!$A$7:$A$106,0))<>"Calculável"),"Por esclarecer ou validar",IF(OR(R35<0,R35>Instrucoes!$B$7),"Rever taxa proposta","Proposta técnica concluída")))))
A36: INT-030 | B36: =IF(NOT(COUNTIFS(Intervencoes!$A$7:$A$106,A36,Intervencoes!$B$7:$B$106,"<>")=1),"",INDEX(Intervencoes!$B$7:$B$106,MATCH(A36,Intervencoes!$A$7:$A$106,0))) | O36: =IF(B36="","",IF(OR(COUNTIF(Validacao!$B$7:$B$306,A36)=0,COUNTIFS(Validacao!$B$7:$B$306,A36,Validacao!$O$7:$O$306,"<>OK")>0),"Por apurar",SUMIF(Validacao!$B$7:$B$306,A36,Validacao!$J$7:$J$306))) | P36: =IF(B36="","",IF(OR(COUNTIF(Validacao!$B$7:$B$306,A36)=0,COUNTIFS(Validacao!$B$7:$B$306,A36,Validacao!$O$7:$O$306,"<>OK")>0),"Por apurar",SUMIF(Validacao!$B$7:$B$306,A36,Validacao!$K$7:$K$306))) | Q36: =IF(B36="","",IF(OR(COUNTIF(Validacao!$B$7:$B$306,A36)=0,COUNTIFS(Validacao!$B$7:$B$306,A36,Validacao!$O$7:$O$306,"<>OK")>0),"Por apurar",SUMIF(Validacao!$B$7:$B$306,A36,Validacao!$L$7:$L$306))) | S36: =IF(B36="","",IF(V36="Proposta desfavorável fundamentada",0,IF(V36="Proposta técnica concluída",ROUND(Q36*R36,2),"Por apurar"))) | V36: =IF(B36="","",IF(OR(K36="",K36="Por esclarecer",L36="",M36="",N36="",U36=""),"Falta concluir apreciação técnica",IF(K36="Não elegível","Proposta desfavorável fundamentada",IF(OR(COUNTIF(C36:J36,"Cumpre")<>8,NOT(ISNUMBER(Q36)),NOT(ISNUMBER(R36)),INDEX(Financiamento!$Q$7:$Q$106,MATCH(A36,Financiamento!$A$7:$A$106,0))<>"Calculável"),"Por esclarecer ou validar",IF(OR(R36<0,R36>Instrucoes!$B$7),"Rever taxa proposta","Proposta técnica concluída")))))
A37: INT-031 | B37: =IF(NOT(COUNTIFS(Intervencoes!$A$7:$A$106,A37,Intervencoes!$B$7:$B$106,"<>")=1),"",INDEX(Intervencoes!$B$7:$B$106,MATCH(A37,Intervencoes!$A$7:$A$106,0))) | O37: =IF(B37="","",IF(OR(COUNTIF(Validacao!$B$7:$B$306,A37)=0,COUNTIFS(Validacao!$B$7:$B$306,A37,Validacao!$O$7:$O$306,"<>OK")>0),"Por apurar",SUMIF(Validacao!$B$7:$B$306,A37,Validacao!$J$7:$J$306))) | P37: =IF(B37="","",IF(OR(COUNTIF(Validacao!$B$7:$B$306,A37)=0,COUNTIFS(Validacao!$B$7:$B$306,A37,Validacao!$O$7:$O$306,"<>OK")>0),"Por apurar",SUMIF(Validacao!$B$7:$B$306,A37,Validacao!$K$7:$K$306))) | Q37: =IF(B37="","",IF(OR(COUNTIF(Validacao!$B$7:$B$306,A37)=0,COUNTIFS(Validacao!$B$7:$B$306,A37,Validacao!$O$7:$O$306,"<>OK")>0),"Por apurar",SUMIF(Validacao!$B$7:$B$306,A37,Validacao!$L$7:$L$306))) | S37: =IF(B37="","",IF(V37="Proposta desfavorável fundamentada",0,IF(V37="Proposta técnica concluída",ROUND(Q37*R37,2),"Por apurar"))) | V37: =IF(B37="","",IF(OR(K37="",K37="Por esclarecer",L37="",M37="",N37="",U37=""),"Falta concluir apreciação técnica",IF(K37="Não elegível","Proposta desfavorável fundamentada",IF(OR(COUNTIF(C37:J37,"Cumpre")<>8,NOT(ISNUMBER(Q37)),NOT(ISNUMBER(R37)),INDEX(Financiamento!$Q$7:$Q$106,MATCH(A37,Financiamento!$A$7:$A$106,0))<>"Calculável"),"Por esclarecer ou validar",IF(OR(R37<0,R37>Instrucoes!$B$7),"Rever taxa proposta","Proposta técnica concluída")))))
... A106: INT-100 | B106: =IF(NOT(COUNTIFS(Intervencoes!$A$7:$A$106,A106,Intervencoes!$B$7:$B$106,"<>")=1),"",INDEX(Intervencoes!$B$7:$B$106,MATCH(A106,Intervencoes!$A$7:$A$106,0))) | O106: =IF(B106="","",IF(OR(COUNTIF(Validacao!$B$7:$B$306,A106)=0,COUNTIFS(Validacao!$B$7:$B$306,A106,Validacao!$O$7:$O$306,"<>OK")>0),"Por apurar",SUMIF(Validacao!$B$7:$B$306,A106,Validacao!$J$7:$J$306))) | P106: =IF(B106="","",IF(OR(COUNTIF(Validacao!$B$7:$B$306,A106)=0,COUNTIFS(Validacao!$B$7:$B$306,A106,Validacao!$O$7:$O$306,"<>OK")>0),"Por apurar",SUMIF(Validacao!$B$7:$B$306,A106,Validacao!$K$7:$K$306))) | Q106: =IF(B106="","",IF(OR(COUNTIF(Validacao!$B$7:$B$306,A106)=0,COUNTIFS(Validacao!$B$7:$B$306,A106,Validacao!$O$7:$O$306,"<>OK")>0),"Por apurar",SUMIF(Validacao!$B$7:$B$306,A106,Validacao!$L$7:$L$306))) | S106: =IF(B106="","",IF(V106="Proposta desfavorável fundamentada",0,IF(V106="Proposta técnica concluída",ROUND(Q106*R106,2),"Por apurar"))) | V106: =IF(B106="","",IF(OR(K106="",K106="Por esclarecer",L106="",M106="",N106="",U106=""),"Falta concluir apreciação técnica",IF(K106="Não elegível","Proposta desfavorável fundamentada",IF(OR(COUNTIF(C106:J106,"Cumpre")<>8,NOT(ISNUMBER(Q106)),NOT(ISNUMBER(R106)),INDEX(Financiamento!$Q$7:$Q$106,MATCH(A106,Financiamento!$A$7:$A$106,0))<>"Calculável"),"Por esclarecer ou validar",IF(OR(R106<0,R106>Instrucoes!$B$7),"Rever taxa proposta","Proposta técnica concluída")))))
A110: Parecer global e fecho do relatório
A112: Resultado global
A113: Fundamentação global / proposta de decisão
A114: Responsável pela validação hierárquica
A115: Data da validação
A116: Referência do parecer assinado
A117: Data de remessa à DGAL
A118: Referência da remessa
A119: Versão analisada da candidatura

Sheet Validacao
A2: Validação financeira dos artigos pela CCDR
A3: Preencher todas as exclusões, incluindo zero. As quatro parcelas de exclusão não podem sobrepor-se.
A4: Amarelo: requerente. Cinzento: cálculo. Lilás: CCDR. Não alterar os identificadores.
A6: ID artigo | B6: ID intervenção | C6: Descrição apresentada | D6: Custo bruto apresentado | E6: Custo proposto pelo requerente | F6: IVA recuperável excluído | G6: Custo não imputável excluído | H6: Recursos próprios excluídos | I6: Outros custos excluídos | J6: Custo aceite antes de coberturas | K6: Cobertura sobre custo aceite | L6: Base líquida validada | M6: Fundamentação das exclusões / aceitação | N6: DOC e evidência da análise | O6: Validação financeira
A7: ART-001 | B7: =IF(INDEX(Orcamento!$B$7:$B$106,MATCH(A7,Orcamento!$A$7:$A$106,0))="","",INDEX(Orcamento!$B$7:$B$106,MATCH(A7,Orcamento!$A$7:$A$106,0))) | C7: =IF(INDEX(Orcamento!$B$7:$B$106,MATCH(A7,Orcamento!$A$7:$A$106,0))="","",INDEX(Orcamento!$C$7:$C$106,MATCH(A7,Orcamento!$A$7:$A$106,0))) | D7: =IF(INDEX(Orcamento!$B$7:$B$106,MATCH(A7,Orcamento!$A$7:$A$106,0))="","",INDEX(Orcamento!$K$7:$K$106,MATCH(A7,Orcamento!$A$7:$A$106,0))) | E7: =IF(INDEX(Orcamento!$B$7:$B$106,MATCH(A7,Orcamento!$A$7:$A$106,0))="","",INDEX(Orcamento!$S$7:$S$106,MATCH(A7,Orcamento!$A$7:$A$106,0))) | J7: =IF(B7="","",IF(OR(NOT(ISNUMBER(D7)),COUNT(F7:I7)<>4),"Por apurar",D7-SUM(F7:I7))) | L7: =IF(B7="","",IF(O7<>"OK","Por apurar",J7-K7)) | O7: =IF(B7="","",IF(INDEX(Orcamento!$T$7:$T$106,MATCH(A7,Orcamento!$A$7:$A$106,0))<>"OK","Rever orçamento de origem",IF(OR(COUNT(F7:I7,K7)<>5,M7="",N7=""),"Falta concluir análise do artigo",IF(OR(MIN(F7:I7,K7)<0,F7>INDEX(Orcamento!$J$7:$J$106,MATCH(A7,Orcamento!$A$7:$A$106,0)),J7<0,K7>J7),"Rever exclusões ou coberturas",IF(AND(OR(INDEX(Orcamento!$D$7:$D$106,MATCH(A7,Orcamento!$A$7:$A$106,0))="Pessoal próprio",INDEX(Orcamento!$D$7:$D$106,MATCH(A7,Orcamento!$A$7:$A$106,0))="Maquinaria própria"),J7<>0),"Rever exclusão de recursos próprios","OK")))))
A8: ART-002 | B8: =IF(INDEX(Orcamento!$B$7:$B$106,MATCH(A8,Orcamento!$A$7:$A$106,0))="","",INDEX(Orcamento!$B$7:$B$106,MATCH(A8,Orcamento!$A$7:$A$106,0))) | C8: =IF(INDEX(Orcamento!$B$7:$B$106,MATCH(A8,Orcamento!$A$7:$A$106,0))="","",INDEX(Orcamento!$C$7:$C$106,MATCH(A8,Orcamento!$A$7:$A$106,0))) | D8: =IF(INDEX(Orcamento!$B$7:$B$106,MATCH(A8,Orcamento!$A$7:$A$106,0))="","",INDEX(Orcamento!$K$7:$K$106,MATCH(A8,Orcamento!$A$7:$A$106,0))) | E8: =IF(INDEX(Orcamento!$B$7:$B$106,MATCH(A8,Orcamento!$A$7:$A$106,0))="","",INDEX(Orcamento!$S$7:$S$106,MATCH(A8,Orcamento!$A$7:$A$106,0))) | J8: =IF(B8="","",IF(OR(NOT(ISNUMBER(D8)),COUNT(F8:I8)<>4),"Por apurar",D8-SUM(F8:I8))) | L8: =IF(B8="","",IF(O8<>"OK","Por apurar",J8-K8)) | O8: =IF(B8="","",IF(INDEX(Orcamento!$T$7:$T$106,MATCH(A8,Orcamento!$A$7:$A$106,0))<>"OK","Rever orçamento de origem",IF(OR(COUNT(F8:I8,K8)<>5,M8="",N8=""),"Falta concluir análise do artigo",IF(OR(MIN(F8:I8,K8)<0,F8>INDEX(Orcamento!$J$7:$J$106,MATCH(A8,Orcamento!$A$7:$A$106,0)),J8<0,K8>J8),"Rever exclusões ou coberturas",IF(AND(OR(INDEX(Orcamento!$D$7:$D$106,MATCH(A8,Orcamento!$A$7:$A$106,0))="Pessoal próprio",INDEX(Orcamento!$D$7:$D$106,MATCH(A8,Orcamento!$A$7:$A$106,0))="Maquinaria própria"),J8<>0),"Rever exclusão de recursos próprios","OK")))))
A9: ART-003 | B9: =IF(INDEX(Orcamento!$B$7:$B$106,MATCH(A9,Orcamento!$A$7:$A$106,0))="","",INDEX(Orcamento!$B$7:$B$106,MATCH(A9,Orcamento!$A$7:$A$106,0))) | C9: =IF(INDEX(Orcamento!$B$7:$B$106,MATCH(A9,Orcamento!$A$7:$A$106,0))="","",INDEX(Orcamento!$C$7:$C$106,MATCH(A9,Orcamento!$A$7:$A$106,0))) | D9: =IF(INDEX(Orcamento!$B$7:$B$106,MATCH(A9,Orcamento!$A$7:$A$106,0))="","",INDEX(Orcamento!$K$7:$K$106,MATCH(A9,Orcamento!$A$7:$A$106,0))) | E9: =IF(INDEX(Orcamento!$B$7:$B$106,MATCH(A9,Orcamento!$A$7:$A$106,0))="","",INDEX(Orcamento!$S$7:$S$106,MATCH(A9,Orcamento!$A$7:$A$106,0))) | J9: =IF(B9="","",IF(OR(NOT(ISNUMBER(D9)),COUNT(F9:I9)<>4),"Por apurar",D9-SUM(F9:I9))) | L9: =IF(B9="","",IF(O9<>"OK","Por apurar",J9-K9)) | O9: =IF(B9="","",IF(INDEX(Orcamento!$T$7:$T$106,MATCH(A9,Orcamento!$A$7:$A$106,0))<>"OK","Rever orçamento de origem",IF(OR(COUNT(F9:I9,K9)<>5,M9="",N9=""),"Falta concluir análise do artigo",IF(OR(MIN(F9:I9,K9)<0,F9>INDEX(Orcamento!$J$7:$J$106,MATCH(A9,Orcamento!$A$7:$A$106,0)),J9<0,K9>J9),"Rever exclusões ou coberturas",IF(AND(OR(INDEX(Orcamento!$D$7:$D$106,MATCH(A9,Orcamento!$A$7:$A$106,0))="Pessoal próprio",INDEX(Orcamento!$D$7:$D$106,MATCH(A9,Orcamento!$A$7:$A$106,0))="Maquinaria própria"),J9<>0),"Rever exclusão de recursos próprios","OK")))))
A10: ART-004 | B10: =IF(INDEX(Orcamento!$B$7:$B$106,MATCH(A10,Orcamento!$A$7:$A$106,0))="","",INDEX(Orcamento!$B$7:$B$106,MATCH(A10,Orcamento!$A$7:$A$106,0))) | C10: =IF(INDEX(Orcamento!$B$7:$B$106,MATCH(A10,Orcamento!$A$7:$A$106,0))="","",INDEX(Orcamento!$C$7:$C$106,MATCH(A10,Orcamento!$A$7:$A$106,0))) | D10: =IF(INDEX(Orcamento!$B$7:$B$106,MATCH(A10,Orcamento!$A$7:$A$106,0))="","",INDEX(Orcamento!$K$7:$K$106,MATCH(A10,Orcamento!$A$7:$A$106,0))) | E10: =IF(INDEX(Orcamento!$B$7:$B$106,MATCH(A10,Orcamento!$A$7:$A$106,0))="","",INDEX(Orcamento!$S$7:$S$106,MATCH(A10,Orcamento!$A$7:$A$106,0))) | J10: =IF(B10="","",IF(OR(NOT(ISNUMBER(D10)),COUNT(F10:I10)<>4),"Por apurar",D10-SUM(F10:I10))) | L10: =IF(B10="","",IF(O10<>"OK","Por apurar",J10-K10)) | O10: =IF(B10="","",IF(INDEX(Orcamento!$T$7:$T$106,MATCH(A10,Orcamento!$A$7:$A$106,0))<>"OK","Rever orçamento de origem",IF(OR(COUNT(F10:I10,K10)<>5,M10="",N10=""),"Falta concluir análise do artigo",IF(OR(MIN(F10:I10,K10)<0,F10>INDEX(Orcamento!$J$7:$J$106,MATCH(A10,Orcamento!$A$7:$A$106,0)),J10<0,K10>J10),"Rever exclusões ou coberturas",IF(AND(OR(INDEX(Orcamento!$D$7:$D$106,MATCH(A10,Orcamento!$A$7:$A$106,0))="Pessoal próprio",INDEX(Orcamento!$D$7:$D$106,MATCH(A10,Orcamento!$A$7:$A$106,0))="Maquinaria própria"),J10<>0),"Rever exclusão de recursos próprios","OK")))))
A11: ART-005 | B11: =IF(INDEX(Orcamento!$B$7:$B$106,MATCH(A11,Orcamento!$A$7:$A$106,0))="","",INDEX(Orcamento!$B$7:$B$106,MATCH(A11,Orcamento!$A$7:$A$106,0))) | C11: =IF(INDEX(Orcamento!$B$7:$B$106,MATCH(A11,Orcamento!$A$7:$A$106,0))="","",INDEX(Orcamento!$C$7:$C$106,MATCH(A11,Orcamento!$A$7:$A$106,0))) | D11: =IF(INDEX(Orcamento!$B$7:$B$106,MATCH(A11,Orcamento!$A$7:$A$106,0))="","",INDEX(Orcamento!$K$7:$K$106,MATCH(A11,Orcamento!$A$7:$A$106,0))) | E11: =IF(INDEX(Orcamento!$B$7:$B$106,MATCH(A11,Orcamento!$A$7:$A$106,0))="","",INDEX(Orcamento!$S$7:$S$106,MATCH(A11,Orcamento!$A$7:$A$106,0))) | J11: =IF(B11="","",IF(OR(NOT(ISNUMBER(D11)),COUNT(F11:I11)<>4),"Por apurar",D11-SUM(F11:I11))) | L11: =IF(B11="","",IF(O11<>"OK","Por apurar",J11-K11)) | O11: =IF(B11="","",IF(INDEX(Orcamento!$T$7:$T$106,MATCH(A11,Orcamento!$A$7:$A$106,0))<>"OK","Rever orçamento de origem",IF(OR(COUNT(F11:I11,K11)<>5,M11="",N11=""),"Falta concluir análise do artigo",IF(OR(MIN(F11:I11,K11)<0,F11>INDEX(Orcamento!$J$7:$J$106,MATCH(A11,Orcamento!$A$7:$A$106,0)),J11<0,K11>J11),"Rever exclusões ou coberturas",IF(AND(OR(INDEX(Orcamento!$D$7:$D$106,MATCH(A11,Orcamento!$A$7:$A$106,0))="Pessoal próprio",INDEX(Orcamento!$D$7:$D$106,MATCH(A11,Orcamento!$A$7:$A$106,0))="Maquinaria própria"),J11<>0),"Rever exclusão de recursos próprios","OK")))))
A12: ART-006 | B12: =IF(INDEX(Orcamento!$B$7:$B$106,MATCH(A12,Orcamento!$A$7:$A$106,0))="","",INDEX(Orcamento!$B$7:$B$106,MATCH(A12,Orcamento!$A$7:$A$106,0))) | C12: =IF(INDEX(Orcamento!$B$7:$B$106,MATCH(A12,Orcamento!$A$7:$A$106,0))="","",INDEX(Orcamento!$C$7:$C$106,MATCH(A12,Orcamento!$A$7:$A$106,0))) | D12: =IF(INDEX(Orcamento!$B$7:$B$106,MATCH(A12,Orcamento!$A$7:$A$106,0))="","",INDEX(Orcamento!$K$7:$K$106,MATCH(A12,Orcamento!$A$7:$A$106,0))) | E12: =IF(INDEX(Orcamento!$B$7:$B$106,MATCH(A12,Orcamento!$A$7:$A$106,0))="","",INDEX(Orcamento!$S$7:$S$106,MATCH(A12,Orcamento!$A$7:$A$106,0))) | J12: =IF(B12="","",IF(OR(NOT(ISNUMBER(D12)),COUNT(F12:I12)<>4),"Por apurar",D12-SUM(F12:I12))) | L12: =IF(B12="","",IF(O12<>"OK","Por apurar",J12-K12)) | O12: =IF(B12="","",IF(INDEX(Orcamento!$T$7:$T$106,MATCH(A12,Orcamento!$A$7:$A$106,0))<>"OK","Rever orçamento de origem",IF(OR(COUNT(F12:I12,K12)<>5,M12="",N12=""),"Falta concluir análise do artigo",IF(OR(MIN(F12:I12,K12)<0,F12>INDEX(Orcamento!$J$7:$J$106,MATCH(A12,Orcamento!$A$7:$A$106,0)),J12<0,K12>J12),"Rever exclusões ou coberturas",IF(AND(OR(INDEX(Orcamento!$D$7:$D$106,MATCH(A12,Orcamento!$A$7:$A$106,0))="Pessoal próprio",INDEX(Orcamento!$D$7:$D$106,MATCH(A12,Orcamento!$A$7:$A$106,0))="Maquinaria própria"),J12<>0),"Rever exclusão de recursos próprios","OK")))))
A13: ART-007 | B13: =IF(INDEX(Orcamento!$B$7:$B$106,MATCH(A13,Orcamento!$A$7:$A$106,0))="","",INDEX(Orcamento!$B$7:$B$106,MATCH(A13,Orcamento!$A$7:$A$106,0))) | C13: =IF(INDEX(Orcamento!$B$7:$B$106,MATCH(A13,Orcamento!$A$7:$A$106,0))="","",INDEX(Orcamento!$C$7:$C$106,MATCH(A13,Orcamento!$A$7:$A$106,0))) | D13: =IF(INDEX(Orcamento!$B$7:$B$106,MATCH(A13,Orcamento!$A$7:$A$106,0))="","",INDEX(Orcamento!$K$7:$K$106,MATCH(A13,Orcamento!$A$7:$A$106,0))) | E13: =IF(INDEX(Orcamento!$B$7:$B$106,MATCH(A13,Orcamento!$A$7:$A$106,0))="","",INDEX(Orcamento!$S$7:$S$106,MATCH(A13,Orcamento!$A$7:$A$106,0))) | J13: =IF(B13="","",IF(OR(NOT(ISNUMBER(D13)),COUNT(F13:I13)<>4),"Por apurar",D13-SUM(F13:I13))) | L13: =IF(B13="","",IF(O13<>"OK","Por apurar",J13-K13)) | O13: =IF(B13="","",IF(INDEX(Orcamento!$T$7:$T$106,MATCH(A13,Orcamento!$A$7:$A$106,0))<>"OK","Rever orçamento de origem",IF(OR(COUNT(F13:I13,K13)<>5,M13="",N13=""),"Falta concluir análise do artigo",IF(OR(MIN(F13:I13,K13)<0,F13>INDEX(Orcamento!$J$7:$J$106,MATCH(A13,Orcamento!$A$7:$A$106,0)),J13<0,K13>J13),"Rever exclusões ou coberturas",IF(AND(OR(INDEX(Orcamento!$D$7:$D$106,MATCH(A13,Orcamento!$A$7:$A$106,0))="Pessoal próprio",INDEX(Orcamento!$D$7:$D$106,MATCH(A13,Orcamento!$A$7:$A$106,0))="Maquinaria própria"),J13<>0),"Rever exclusão de recursos próprios","OK")))))
A14: ART-008 | B14: =IF(INDEX(Orcamento!$B$7:$B$106,MATCH(A14,Orcamento!$A$7:$A$106,0))="","",INDEX(Orcamento!$B$7:$B$106,MATCH(A14,Orcamento!$A$7:$A$106,0))) | C14: =IF(INDEX(Orcamento!$B$7:$B$106,MATCH(A14,Orcamento!$A$7:$A$106,0))="","",INDEX(Orcamento!$C$7:$C$106,MATCH(A14,Orcamento!$A$7:$A$106,0))) | D14: =IF(INDEX(Orcamento!$B$7:$B$106,MATCH(A14,Orcamento!$A$7:$A$106,0))="","",INDEX(Orcamento!$K$7:$K$106,MATCH(A14,Orcamento!$A$7:$A$106,0))) | E14: =IF(INDEX(Orcamento!$B$7:$B$106,MATCH(A14,Orcamento!$A$7:$A$106,0))="","",INDEX(Orcamento!$S$7:$S$106,MATCH(A14,Orcamento!$A$7:$A$106,0))) | J14: =IF(B14="","",IF(OR(NOT(ISNUMBER(D14)),COUNT(F14:I14)<>4),"Por apurar",D14-SUM(F14:I14))) | L14: =IF(B14="","",IF(O14<>"OK","Por apurar",J14-K14)) | O14: =IF(B14="","",IF(INDEX(Orcamento!$T$7:$T$106,MATCH(A14,Orcamento!$A$7:$A$106,0))<>"OK","Rever orçamento de origem",IF(OR(COUNT(F14:I14,K14)<>5,M14="",N14=""),"Falta concluir análise do artigo",IF(OR(MIN(F14:I14,K14)<0,F14>INDEX(Orcamento!$J$7:$J$106,MATCH(A14,Orcamento!$A$7:$A$106,0)),J14<0,K14>J14),"Rever exclusões ou coberturas",IF(AND(OR(INDEX(Orcamento!$D$7:$D$106,MATCH(A14,Orcamento!$A$7:$A$106,0))="Pessoal próprio",INDEX(Orcamento!$D$7:$D$106,MATCH(A14,Orcamento!$A$7:$A$106,0))="Maquinaria própria"),J14<>0),"Rever exclusão de recursos próprios","OK")))))
A15: ART-009 | B15: =IF(INDEX(Orcamento!$B$7:$B$106,MATCH(A15,Orcamento!$A$7:$A$106,0))="","",INDEX(Orcamento!$B$7:$B$106,MATCH(A15,Orcamento!$A$7:$A$106,0))) | C15: =IF(INDEX(Orcamento!$B$7:$B$106,MATCH(A15,Orcamento!$A$7:$A$106,0))="","",INDEX(Orcamento!$C$7:$C$106,MATCH(A15,Orcamento!$A$7:$A$106,0))) | D15: =IF(INDEX(Orcamento!$B$7:$B$106,MATCH(A15,Orcamento!$A$7:$A$106,0))="","",INDEX(Orcamento!$K$7:$K$106,MATCH(A15,Orcamento!$A$7:$A$106,0))) | E15: =IF(INDEX(Orcamento!$B$7:$B$106,MATCH(A15,Orcamento!$A$7:$A$106,0))="","",INDEX(Orcamento!$S$7:$S$106,MATCH(A15,Orcamento!$A$7:$A$106,0))) | J15: =IF(B15="","",IF(OR(NOT(ISNUMBER(D15)),COUNT(F15:I15)<>4),"Por apurar",D15-SUM(F15:I15))) | L15: =IF(B15="","",IF(O15<>"OK","Por apurar",J15-K15)) | O15: =IF(B15="","",IF(INDEX(Orcamento!$T$7:$T$106,MATCH(A15,Orcamento!$A$7:$A$106,0))<>"OK","Rever orçamento de origem",IF(OR(COUNT(F15:I15,K15)<>5,M15="",N15=""),"Falta concluir análise do artigo",IF(OR(MIN(F15:I15,K15)<0,F15>INDEX(Orcamento!$J$7:$J$106,MATCH(A15,Orcamento!$A$7:$A$106,0)),J15<0,K15>J15),"Rever exclusões ou coberturas",IF(AND(OR(INDEX(Orcamento!$D$7:$D$106,MATCH(A15,Orcamento!$A$7:$A$106,0))="Pessoal próprio",INDEX(Orcamento!$D$7:$D$106,MATCH(A15,Orcamento!$A$7:$A$106,0))="Maquinaria própria"),J15<>0),"Rever exclusão de recursos próprios","OK")))))
